Workbook

Sheet Report 1a
A1: 2025 Annual Statistical Information Survey
A3: Financial Summary
A4: Please do not leave any cell blank. If cells are blank the State Board will need to reach out to obtain an answer.
A5: Key
A6: Value is zero | B6: 0
A7: Does not apply | B7: N/A
A8: Does not track | B8: DNT
B10: *NYS BOE will enter this data | C10: Question #1 | D10: Question #2 | E10: Question #3 | F10: Question #4 | G10: Question #5 | H10: Question #6 | I10: Question #7
A11: County | B11: Number of Registered Voters | C11: Budget | E11: Budget Review
C12: Total Budget for 2025 | D12: Amount Increase or Decrease from 2024 | E12: BOE Staff Salaries (2025) | F12: Cust & Tech Salaries (full-time 2025) | G12: Printing Costs (don't include printing ballots) (2025) | H12: Supplies (2025) | I12: Training (2025)
A14: ALBANY | C14: 5016721 | D14: Increase | E14: 1446272 | F14: 0 | G14: 217000 | H14: 67000 | I14: 33400
A15: ALLEGANY | C15: 495536 | D15: Increase | E15: 372091 | F15: 0 | G15: 24103 | H15: 7890 | I15: 10621.76
A16: BROOME | C16: 2210284 | D16: Increase | E16: 809495 | F16: 0 | G16: 28269.35 | H16: 3259.01 | I16: 14315
A17: CATTARAUGUS | C17: 1044450 | D17: Increase | E17: 397457 | F17: n/a | G17: 10511 | H17: 3503 | I17: 4775
A18: CAYUGA | C18: 617262 | D18: Decrease | E18: 241500 | F18: 0 | G18: 4240 | H18: 1144 | I18: 6090
A19: CHAUTAUQUA | C19: 1221485 | D19: Decrease | E19: 473917.6 | F19: 0 | G19: 14224.09 | H19: 18914.05 | I19: 12565
A20: CHEMUNG | C20: 905738 | D20: Decrease | E20: 350485 | F20: N/A- We have part-time technicians, and the county custodians (from Capablilities, an agency) clean our office once a week | G20: 20767.14 | H20: 15000 | I20: 16640
A21: CHENANGO | C21: 600875 | D21: Decrease | E21: 283836 | F21: 0 | G21: 6287.6 | H21: 3280 | I21: 5312
A22: CLINTON | C22: 851958 | D22: Decrease | E22: 406000 | F22: 13000 | G22: 50000 | H22: 20000 | I22: 17500
A23: COLUMBIA | C23: 957156.06 | D23: Decrease | E23: 759144 | F23: NA | G23: 7407.36 | H23: 44026.41 | I23: 23742
A24: CORTLAND | C24: 665824 | D24: Increase | E24: 229129 | F24: n/a | G24: 5535 | H24: 1069 | I24: 7883
A25: DELAWARE | C25: 687699 | D25: Decrease | E25: 319606 | G25: 5042 | H25: 13535 | I25: 13100
A26: DUTCHESS | C26: 5123280 | D26: Decrease | E26: 1624816 | F26: 0 | G26: 28834 | H26: 111725 | I26: 29435
A27: ERIE | C27: 14857145 | D27: Increase | E27: 8873658 | F27: na | G27: na | H27: na | I27: na
A28: ESSEX | C28: 855062 | D28: Decrease | E28: 189572 | F28: 104208 | G28: 8100 | H28: 30000 | I28: 12358
A29: FRANKLIN | C29: 841961 | D29: Increase | E29: 344968 | F29: N/A | G29: 6702 | H29: 2921 | I29: 2350
A30: FULTON | C30: 629670 | D30: Increase | E30: 252056 | F30: 0 | G30: 1500 | H30: 8000 | I30: 4000
A31: GENESEE | C31: 681697 | D31: Increase | E31: 319342 | F31: N/A | G31: 1510 | H31: 6400 | I31: 9575
A32: GREENE | C32: 883561 | D32: increase | E32: 244445 | F32: N/A | G32: 6264 | H32: 1430 | I32: 6560
A33: HAMILTON | C33: 543225.78 | D33: Increase | E33: 120875.63 | F33: N/A | G33: 1457 | H33: 8478 | I33: 5171.8
A34: HERKIMER | C34: 309000 | D34: Decrease | E34: 194602 | F34: 0 | G34: 500 | H34: 38000 | I34: 6840
A35: JEFFERSON | C35: 1846202 | D35: Increase | E35: 370256 | F35: 34525 | G35: 33409 | H35: 10285 | I35: 590
A36: LEWIS | C36: 398924.55 | D36: Decrease | E36: 203260 | F36: N/A | G36: 6237.6 | H36: 6044.8 | I36: 5000
A37: LIVINGSTON | C37: 1057920.3 | D37: Increase | E37: 333597 | F37: 0 | G37: 19100 | H37: 6486 | I37: 12173
A38: MADISON | C38: 1013367 | D38: Decrease | E38: 407410 | F38: N/A | G38: 94.33 | H38: 4182.28 | I38: 10305
A39: MONROE | C39: 14945628 | D39: Increase | E39: 4084705 | F39: N/A | G39: 268000 | H39: 668357 | I39: 67775
A40: MONTGOMERY | C40: 576507 | D40: Decrease | E40: 322437 | F40: N/A | G40: 40000 | H40: 1800 | I40: 4845
A41: NASSAU | C41: 28807425 | D41: Decrease | E41: 17598612 | F41: 1059045 | G41: 192430 | H41: 220500 | I41: 416000
A42: NIAGARA | C42: 4066437.5 | D42: Increase | E42: 770977 | F42: 112160 | G42: 15592.75 | H42: 11302.48 | I42: 34075
A43: ONEIDA | C43: 4073499 | D43: Decrease | E43: 1126454 | F43: 221764 | G43: 11804.26 | H43: 18928 | I43: 33200
A44: ONONDAGA | C44: 4284273 | D44: Decrease | E44: 1162940 | F44: 0 | G44: 69643.67 | H44: 125305.29 | I44: 99830.38
A45: ONTARIO | C45: 1020127 | D45: Decrease | E45: 344070 | F45: 74646 | G45: 26016 | H45: 32894 | I45: 21650
A46: ORANGE | C46: 5002465.3 | D46: Decrease | E46: 1318605.9 | F46: 90000 | G46: 58309.84 | H46: 35000 | I46: 25075
A47: ORLEANS | C47: 406374 | D47: Decrease | E47: 306280 | F47: N/A | G47: 4412.63 | H47: 3095 | I47: 5330
A48: OSWEGO | C48: 1372006 | D48: Decrease | E48: 547882 | F48: N/A | G48: 13173.42 | H48: 9203.92 | I48: 22050
A49: OTSEGO | C49: 484572 | D49: Increase | E49: 239850 | F49: 89156 | G49: 11910.25 | H49: 2628.14 | I49: 0
A50: PUTNAM | C50: 2358986 | D50: Decrease | E50: 883154 | F50: N/A | G50: 19347 | H50: 13287 | I50: 8800
A51: RENSSELAER | C51: 2880038 | D51: Increase | E51: 1334960 | F51: N/A | G51: 22973 | H51: 11738.9 | I51: 37658
A52: ROCKLAND | C52: 5572944 | D52: Decrease | E52: 1837341 | F52: 142577 | G52: 12813.56 | H52: 7802.43 | I52: 36625
A53: SARATOGA | C53: 2405829 | D53: Increase | E53: 618206 | F53: 110335 | G53: 50581.75 | H53: 44491.42 | I53: 25435
A54: SCHENECTADY | C54: 1908255 | D54: Decrease | E54: 1261121 | F54: N/A | G54: 36611 | H54: 100300 | I54: 24440
A55: SCHOHARIE | C55: 566399 | D55: Increase | E55: 358902.72 | F55: 0 | G55: 6839.25 | H55: 1792.47 | I55: 6100
A56: SCHUYLER | C56: 339312 | D56: Increase | E56: 153739 | F56: 0 | G56: 3573 | H56: 7889.54 | I56: 6222.75
A57: SENECA | C57: 634089 | D57: Decrease | E57: 278609 | F57: 0 | G57: 0 | H57: 19223.88 | I57: 7323
A58: ST. LAWRENCE | C58: 1616797 | D58: Decrease | E58: 595179 | F58: 175125 | G58: 17990 | H58: 52686 | I58: 18172
A59: STEUBEN | C59: 1050393 | D59: Decrease | E59: 446548 | G59: 7332 | H59: 8874.12 | I59: 6351.6
A60: SUFFOLK | C60: 22788190 | D60: Increase | E60: 9558909 | F60: Inc in salaries | G60: Inc in Supplies | H60: 3685093 | I60: 157590
A61: SULLIVAN | C61: 1540400 | D61: Increase | E61: 519068 | F61: 0 | G61: 61971.11 | H61: 143422.26 | I61: 7240
A62: TIOGA | C62: 848935 | D62: Increase | E62: 216018 | F62: N/A | G62: 2252.41 | H62: 4158 | I62: 20203.09
A63: TOMPKINS | C63: 1307674 | D63: Decrease | E63: 470877 | F63: 175905 | G63: 1073 | H63: 35449 | I63: DNT
A64: ULSTER | C64: 2565208 | D64: Decrease | E64: 949948 | F64: 113184 | G64: 40230.25 | H64: 36559.43 | I64: 39217.33
A65: WARREN | C65: 859628 | D65: Decrease | E65: 438364 | F65: 26844 | G65: 16565.26 | H65: 5945 | I65: 7200
A66: WASHINGTON | C66: 570614 | D66: Increase | E66: 373411 | F66: 0 | G66: 9751.14 | H66: 8500 | I66: 8500
A67: WAYNE | C67: 1217322 | D67: Increase | E67: 640982 | F67: 19289 | G67: 7435 | H67: 4648.75 | I67: 7850
A68: WESTCHESTER | C68: 29303673 | D68: Increase | E68: 11070054 | F68: N/A | G68: 85356 | H68: 76085 | I68: 220800
A69: WYOMING | C69: 334060 | D69: Decrease | E69: 183046 | F69: 0 | G69: DNT | H69: DNT | I69: 5506.5
A70: YATES | C70: 538352 | D70: Decrease | E70: 270978 | F70: 0 | G70: 3200 | H70: 52979 | I70: 9202
A71: TOTALS | B71: =SUM(B14:B70) -> 0 | C71: =SUM(C14:C70) -> 1.9056242e+08 | D71: =SUM(D14:D70) -> 0 | E71: =SUM(E14:E70) -> 79850018 | F71: =SUM(F14:F70) -> 2561763 | G71: =SUM(G14:G70) -> 1624282 | H71: =SUM(H14:H70) -> 5882511.6 | I71: =SUM(I14:I70) -> 1660568.2
A72: BRONX
A73: KINGS
A74: NEW YORK
A75: QUEENS
A76: RICHMOND
A77: NYC TOTAL | B77: =SUM(B72:B76) -> 0 | C77: 285539426 | D77: 12645840 | E77: 125739204 | F77: N/A | G77: 9384421 | H77: 5319509
A78: GRAND TOTAL | B78: =SUM(B71+B77) -> 0 | C78: =SUM(C71+C77) -> 4.7610184e+08 | D78: =SUM(D71+D77) -> 12645840 | E78: =SUM(E71+E77) -> 2.0558922e+08 | F78: =SUM(F71+F77) -> #VALUE! | G78: =SUM(G71+G77) -> 11008703 | H78: =SUM(H71+H77) -> 11202021 | I78: =SUM(I71+I77) -> 1660568.2
A80: * CITYWIDE - The New York City Board of Elections does not have a separate budget for each County.

Sheet Report 1b
A1: 2025 Annual Statistical Information Survey
A3: Financial Summary (continued)
A4: Please do not leave any cell blank. If cells are blank the State Board will need to reach out to obtain an answer.
A5: Key
A6: Value is zero | B6: 0
A7: Does not apply | B7: N/A
A8: Does not track | B8: DNT
B10: June Primary Election-Specific Costs | J10: General Election-Specific Costs
A11: County | B11: Question #8 | C11: Question #9 | D11: Question #10 | E11: Question #11 | F11: Question #12 | G11: Question #13 | H11: Question #14 | I11: Question #15 | J11: Question #16 | K11: Question #17 | L11: Question #18 | M11: Question #19 | N11: Question #20 | O11: Question #21 | P11: Question #22 | Q11: Question #23
B12: Party Rep Salaries | C12: Poll-site Rentals | D12: Moving Costs for Machines and/or BMD's | E12: Absentee Ballot Costs | F12: Election Day Ballot Costs | G12: Election Inspector Costs | H12: Tech. Costs (p/t or contract staff) | I12: Cost of legal ads | J12: Party Rep Salaries | K12: Poll-site Rentals | L12: Moving Costs for Machines and/or BMD's | M12: Absentee Ballot Costs | N12: Election Day Ballot Costs | O12: Election Inspector Costs | P12: Tech. Costs (p/t or contract staff) | Q12: Cost of legal ads
A13: ALBANY | B13: 700 | C13: 600 | D13: 6201 | E13: 10099 | F13: 4678 | G13: 3600 | H13: 0 | I13: 2193 | J13: 2550 | K13: 33347 | L13: 18604 | M13: 15057 | N13: 18532 | O13: 199200 | P13: n/a | Q13: 3939
A14: ALLEGANY | B14: 0 | C14: 50 | D14: 194.33 | E14: 189 | F14: 500 | G14: 27389.15 | H14: 4048.45 | I14: 0 | J14: 0 | K14: 50 | L14: 341 | M14: 1428 | N14: 1500 | O14: 36837.59 | P14: 4633.75 | Q14: 0
A15: BROOME | B15: 0 | C15: 1150 | D15: 9779.25 | E15: 5296.05 | F15: 7043.88 | G15: 60150 | H15: 28518.75 | I15: 1423 | J15: 0 | K15: 4950 | L15: 15580.5 | M15: 10616.81 | N15: 17862 | O15: 101658 | P15: 49606.25 | Q15: 1872.51
A16: CATTARAUGUS | B16: n/a | C16: n/a | D16: 5136 | E16: 500 | F16: 1424 | G16: 16448 | H16: 7130 | I16: n/a | J16: 0 | K16: 0 | L16: 6562 | M16: 4042 | N16: 19126 | O16: 60943 | P16: 9731 | Q16: n/a
A17: CAYUGA | B17: n/a | C17: N/A | D17: 1528.57 | E17: 795 | F17: 0 | G17: 5225 | H17: 685.76 | I17: 0 | J17: n/a | K17: n/a | L17: 3150 | M17: 1391 | N17: 1200 | O17: 54457 | P17: 3679 | Q17: 675
A18: CHAUTAUQUA | B18: 0 | C18: 900 | D18: 0 | E18: 12 | F18: 97.5 | G18: 4079.51 | H18: 0 | I18: 88.57 | J18: 0 | K18: 6150 | L18: 2808.19 | M18: 311 | N18: 4393 | O18: 88816.69 | P18: 0 | Q18: 1049.97
A19: CHEMUNG | B19: 0 | C19: 0 | D19: 3453.25 | E19: 1328 | F19: 3439.2 | G19: 37439.06 | H19: 2861.25 | I19: 74.16 | J19: 0 | K19: 400 | L19: 4805.25 | M19: 1779 | N19: 16272 | O19: 67299 | P19: 10032.5 | Q19: 293.87
A20: CHENANGO | B20: 15.00/hr | C20: 0 | D20: 497.8 | E20: 142.56 | F20: 679.92 | G20: 4646.2 | H20: 0 | I20: 135 | J20: 15.00/hr | K20: 0 | L20: 1206 | M20: 1180 | N20: 12386 | O20: 22834 | P20: 0 | Q20: 1795
A21: CLINTON | B21: N/A | C21: 200 | D21: 0 | E21: 100 | F21: 250 | G21: 0 | H21: 0 | I21: 126 | J21: N/A | K21: 400 | L21: 7500 | M21: 10000 | N21: 15000 | O21: 45000 | P21: N/A | Q21: 966
A22: COLUMBIA | B22: NA | C22: 300 | D22: 0 | E22: 159.1 | F22: 197.82 | G22: 14433.22 | H22: NA | I22: 1904 | J22: NA | K22: 1550 | L22: 1200.59 | M22: 4193 | N22: 4588.04 | O22: 75655.92 | P22: NA | Q22: 5010
A23: CORTLAND | B23: n/a | C23: n/a | D23: n/a | E23: n/a | F23: n/a | G23: n/a | H23: n/a | I23: n/a | J23: n/a | K23: n/a | L23: 1278 | M23: 2015 | N23: 6749 | O23: 23068 | P23: 3662 | Q23: 997
A24: DELAWARE | B24: N/A | C24: 875 | D24: 1600 | E24: 891 | F24: 3834 | G24: 49175 | H24: N/A | I24: 81 | J24: N/A | K24: 875 | L24: 1600 | M24: 6327 | N24: 8949 | O24: 51000 | P24: N/A | Q24: 955
A25: DUTCHESS | B25: 0 | C25: 0 | D25: 8976 | E25: 672 | F25: 458 | G25: 48835 | H25: 292.33 | I25: 421 | J25: 0 | K25: 0 | L25: 30679 | M25: 9500 | N25: 19882 | O25: 273135 | P25: 10798 | Q25: 3450
A26: ERIE | B26: n/a | C26: 91975 | D26: 0 | E26: 2100 | F26: 8868 | G26: 440726 | H26: 2500 | I26: 4172 | J26: na | K26: 67500 | L26: 0 | M26: 15000 | N26: 26620 | O26: 958707 | P26: 2500 | Q26: 5324
A27: ESSEX | B27: N/A | C27: 550 | D27: 632.82 | E27: 516 | F27: 1570 | G27: 12855 | H27: 1648 | I27: 139 | J27: N/A | K27: 2200 | L27: 0 | M27: 2350 | N27: 16279 | O27: 46316 | P27: 6248 | Q27: 206.79
A28: FRANKLIN | B28: N/A | C28: N/A | D28: N/A | E28: N/A | F28: N/A | G28: N/A | H28: N/A | I28: N/A | J28: N/A | K28: 375 | L28: 794 | M28: 1068 | N28: 7243 | O28: 26189 | P28: 5306 | Q28: 400
A29: FULTON | B29: 1050 | C29: 0 | D29: 1110 | E29: 827 | F29: 2230 | G29: 18122 | H29: 1000 | I29: 77.21 | J29: 1990 | K29: N/A | L29: 1830 | M29: 1416 | N29: 5977 | O29: 18927 | P29: 785 | Q29: 1982
A30: GENESEE | B30: N/A | C30: 2200 | D30: 950 | E30: 341 | F30: 888 | G30: 19634 | H30: 4808 | I30: 50 | J30: N/A | K30: 2750 | L30: 4370 | M30: 1463 | N30: 7656 | O30: 55970 | P30: 19506 | Q30: 292
A31: GREENE | B31: n/a | C31: n/a | D31: n/a | E31: n/a | F31: n/a | G31: n/a | H31: n/a | I31: n/a | J31: n/a | K31: 3600 | L31: 1940 | M31: 2342 | N31: 9779 | O31: 50087 | P31: 620 | Q31: 33
A32: HAMILTON | B32: N/A | C32: N/A | D32: 500 | E32: 45 | F32: 324 | G32: 9026.75 | H32: 5502 | I32: 415.8 | J32: N/A | K32: N/A | L32: 2350 | M32: 148.5 | N32: 1035 | O32: 22117.75 | P32: 5502 | Q32: 594
A33: HERKIMER | B33: N/A | C33: 700 | D33: 3023 | E33: 200 | F33: 1421 | G33: 4086 | H33: 1500 | I33: 108 | J33: N/A | K33: 3950 | L33: 8287 | M33: 3204 | N33: 10208 | O33: 46291 | P33: 2000 | Q33: 278
A34: JEFFERSON | B34: 0 | C34: 0 | D34: 1262 | E34: 399 | F34: 8171 | G34: 34157 | H34: 0 | I34: 509 | J34: 0 | K34: 0 | L34: 1757 | M34: 4531 | N34: 39083 | O34: 62786 | P34: 0 | Q34: 746
A35: LEWIS | B35: DNT | C35: DNT | D35: 0 | E35: 3.12 | F35: 22 | G35: 2850 | H35: 4000 | I35: 102.79 | J35: DNT | K35: DNT | L35: 608.85 | M35: 369.72 | N35: 977.2 | O35: 31590 | P35: 16000 | Q35: 219.42
A36: LIVINGSTON | B36: 0 | C36: 0 | D36: 598 | E36: 50 | F36: 136 | G36: 4992 | H36: 1800 | I36: 329 | J36: 0 | K36: 0 | L36: 2455 | M36: 1416 | N36: 2064 | O36: 6400 | P36: 4200 | Q36: 5595
A37: MADISON | B37: 0 | C37: 300 | D37: 1835.72 | E37: 792 | F37: 1872 | G37: 20700 | H37: 4494 | I37: 137.51 | J37: 0 | K37: 750 | L37: 7632.71 | M37: 4230.88 | N37: 9819.5 | O37: 50130.5 | P37: 6940.5 | Q37: 960.26
A38: MONROE | B38: N/A | C38: N/A | D38: 22190.5 | E38: 3761 | F38: 11400 | G38: 180115 | H38: 4141.4 | I38: 2548.66 | J38: N/A | K38: 30915 | L38: 98432 | M38: 18875.55 | N38: 81009.54 | O38: 535857 | P38: 11662.1 | Q38: 13957.18
A39: MONTGOMERY | B39: 0 | C39: 750.02 | D39: 2280 | E39: 37 | F39: 1319 | G39: 20568.75 | H39: N/A | I39: 69.42 | J39: 0 | K39: 1750 | L39: 4080 | M39: 1042.52 | N39: 15387 | O39: 54603.48 | P39: N/A | Q39: 3408.6
A40: NASSAU | B40: N/A | C40: N/A | D40: N/A | E40: N/A | F40: N/A | G40: N/A | H40: N/A | I40: N/A | J40: 0 | K40: 70630 | L40: 320614 | M40: 57770 | N40: 411654 | O40: 1173242 | P40: 0 | Q40: 15000
A41: NIAGARA | B41: N/A | C41: 9907.17 | D41: 12484.62 | E41: 2434.72 | F41: 7284 | G41: 71232 | H41: Contract | I41: 817.6 | J41: N/A | K41: 10749.67 | L41: 27635.41 | M41: 9008.4 | N41: 42480 | O41: 203693 | P41: Contract | Q41: 4202.4
A42: ONEIDA | B42: N/A | C42: 4125 | D42: 4904 | E42: 1210 | F42: 3762 | G42: 72048.83 | H42: N/A | I42: 292 | J42: N/A | K42: 5425 | L42: 5605 | M42: 8114 | N42: 30422 | O42: 217600 | P42: N/A | Q42: 991
A43: ONONDAGA | B43: 0 | C43: 0 | D43: 27821 | E43: 4344.22 | F43: 3773.16 | G43: 129190.39 | H43: 18284.61 | I43: 206 | J43: 0 | K43: 0 | L43: 41142 | M43: 26650.83 | N43: 20098.08 | O43: 331973.51 | P43: 45664.62 | Q43: 742.72
A44: ONTARIO | B44: 0 | C44: 0 | D44: 2303 | E44: 817 | F44: 8015 | G44: 76976 | H44: 2161 | I44: 154 | J44: 0 | K44: 0 | L44: 2269 | M44: 567 | N44: 16438 | O44: 101335 | P44: 2161 | Q44: 1600
A45: ORANGE | B45: 0 | C45: 1200 | D45: 14100 | E45: 894 | F45: 4435.65 | G45: 148125.24 | H45: 4569 | I45: 425 | J45: 0 | K45: 7000 | L45: 24000 | M45: 10495 | N45: 48795.76 | O45: 448798.64 | P45: 55362 | Q45: 4397.21
A46: ORLEANS | B46: NA | C46: 0 | D46: 451.33 | E46: 109.87 | F46: 422.06 | G46: 6638 | H46: 3118 | I46: 86.91 | J46: NA | K46: 0 | L46: 1590.18 | M46: 867 | N46: 1914 | O46: 24810 | P46: 5744.92 | Q46: 498
A47: OSWEGO | B47: N/A | C47: 750 | D47: 2961.14 | E47: 1049 | F47: 3387 | G47: 13880 | H47: 8895 | I47: 1680 | J47: N/A | K47: 2250 | L47: 6767 | M47: 7083 | N47: 28530 | O47: 104610 | P47: 19752.5 | Q47: 4500
A48: OTSEGO | B48: 0 | C48: 0 | D48: 0 | E48: 0 | F48: 0 | G48: 0 | H48: 0 | I48: 0 | J48: 0 | K48: 0 | L48: 2823.1 | M48: 350 | N48: 1660.85 | O48: 53368.25 | P48: 0 | Q48: 1160.1
A49: PUTNAM | B49: N/A | C49: 1050 | D49: 4620 | E49: 1026 | F49: 6314 | G49: 46779 | H49: N/A | I49: 147 | J49: N/A | K49: 3345 | L49: 7860 | M49: 3829 | N49: 21749 | O49: 120078 | P49: N/A | Q49: 739
A50: RENSSELAER | B50: N/A | C50: 3930.5 | D50: 0 | E50: 0 | F50: 0 | G50: 10720 | H50: 0 | I50: 101.69 | J50: N/A | K50: 5700 | L50: 0 | M50: 4891 | N50: 28014 | O50: 131530 | P50: N/A | Q50: 396.65
A51: ROCKLAND | B51: N/A | C51: 14420 | D51: 2765 | E51: 2067.94 | F51: 3776.22 | G51: 96900 | H51: 5559.57 | I51: 3333.84 | J51: N/A | K51: 16220 | L51: 15365 | M51: 12535.07 | N51: 38878.98 | O51: 282425 | P51: 4963 | Q51: 3620.44
A52: SARATOGA | B52: 400 | C52: 0 | D52: 1561.56 | E52: 2204 | F52: 2203 | G52: 36530 | H52: 0 | I52: 3571.85 | J52: 1680 | K52: 0 | L52: 10658 | M52: 10495.5 | N52: 102818.85 | O52: 208767.63 | P52: 960 | Q52: 4001
A53: SCHENECTADY | B53: N/A | C53: 375 | D53: 1401 | E53: N/A | F53: N/A | G53: 28414 | H53: 4294 | I53: 2581 | J53: N/A | K53: 700 | L53: 1798 | M53: N/A | N53: N/A | O53: 156264 | P53: 20052 | Q53: 3903
A54: SCHOHARIE | B54: N/A | C54: N/A | D54: N/A | E54: N/A | F54: N/A | G54: N/A | H54: N/A | I54: N/A | J54: 0 | K54: 0 | L54: 142.09 | M54: 716.5 | N54: 6502.5 | O54: 44987.9 | P54: 8800 | Q54: 1814.92
A55: SCHUYLER | B55: 0 | C55: 0 | D55: 753.36 | E55: 448.2 | F55: 874.5 | G55: 11819.75 | H55: 6800.01 | I55: 1140.25 | J55: 0 | K55: 0 | L55: 1612.43 | M55: 972 | N55: 3618 | O55: 26036.75 | P55: 4671.26 | Q55: 1717.83
A56: SENECA | B56: 0 | C56: 0 | D56: 0 | E56: 192 | F56: 893.12 | G56: 12233.8 | H56: 2987.5 | I56: 152.89 | J56: 0 | K56: 0 | L56: 0 | M56: 1034 | N56: 6020 | O56: 33858 | P56: 2313 | Q56: 1321
A57: ST. LAWRENCE | B57: 0 | C57: 0 | D57: 1376 | E57: 160 | F57: 456 | G57: 10168 | H57: 888 | I57: 408 | J57: 0 | K57: 0 | L57: 4262 | M57: 2793 | N57: 22277 | O57: 79116 | P57: 5675 | Q57: 2826
A58: STEUBEN | B58: N/A | C58: N/A | D58: 2069.5 | E58: 741 | F58: 4432.89 | G58: 28372.9 | H58: N/A | I58: 847.49 | J58: N/A | K58: N/A | L58: 4187.66 | M58: 1054.5 | N58: 14793.21 | O58: 67979.79 | P58: 3176.2 | Q58: 9048.6
A59: SUFFOLK | B59: 0 | C59: 55147 | D59: 111335 | E59: 8908 | F59: 104311 | G59: 708655 | H59: 0 | I59: 891 | J59: 0 | K59: 131139 | L59: 200426 | M59: 61278 | N59: 595051 | O59: 1995310 | P59: 0 | Q59: 4384
A60: SULLIVAN | B60: 0 | C60: 0 | D60: 0 | E60: 5152.8 | F60: 7969.6 | G60: 44490.33 | H60: 0 | I60: 788.8 | J60: 0 | K60: 0 | L60: 0 | M60: 9122.4 | N60: 7462 | O60: 50473.34 | P60: 0 | Q60: 1115.28
A61: TIOGA | B61: N/A | C61: 1000 | D61: 31.31 | E61: 526.8 | F61: 1991.94 | G61: 23343.75 | H61: 17901.03 | I61: 1629.02 | J61: N/A | K61: 1500 | L61: 76.8 | M61: 1969.76 | N61: 5847 | O61: 44917.75 | P61: 17859.67 | Q61: 1481.85
A62: TOMPKINS | B62: 0 | C62: 0 | D62: 3315 | E62: 40 | F62: 632.39 | G62: 7026.62 | H62: DNT | I62: 0 | J62: 0 | K62: 0 | L62: 9180 | M62: 2136.22 | N62: 5852.04 | O62: 94799 | P62: DNT | Q62: 182.84
A63: ULSTER | B63: 0 | C63: 2850 | D63: 12390 | E63: 787.5 | F63: 8348.92 | G63: 98083.23 | H63: 0 | I63: 939.14 | J63: 0 | K63: 7150 | L63: 25370 | M63: 3721.5 | N63: 88952.5 | O63: 322105.77 | P63: 0 | Q63: 1950.47
A64: WARREN | B64: N/A | C64: 1000 | D64: 1998 | E64: 484.53 | F64: 3751 | G64: 20067 | H64: 6763 | I64: 725 | J64: N/A | K64: 1000 | L64: 2101 | M64: 4813 | N64: 3510 | O64: 25127.5 | P64: 12522.49 | Q64: 1528.76
A65: WASHINGTON | B65: 0 | C65: 0 | D65: 855 | E65: 25 | F65: 13 | G65: 8626 | H65: 918 | I65: 399 | J65: 0 | K65: 0 | L65: 2194 | M65: 1566 | N65: 818 | O65: 31590 | P65: 1360 | Q65: 796
A66: WAYNE | B66: N/A | C66: 500 | D66: 1499 | E66: 483.95 | F66: 377 | G66: 9920 | H66: $9644.50/PT | I66: 978 | J66: N/A | K66: 1250 | L66: 7320 | M66: 2609.55 | N66: 5610 | O66: 78750 | P66: $9644.5/PT | Q66: 3779.65
A67: WESTCHESTER | B67: 1400 | C67: 73819 | D67: 107802 | E67: 59010 | F67: 96419 | G67: 711175 | H67: N/A | I67: 5801 | J67: 1680 | K67: 239880 | L67: 211734 | M67: 43035 | N67: 283086 | O67: 1783975 | P67: N/A | Q67: 11123
A68: WYOMING | B68: 0 | C68: 0 | D68: DNT | E68: DNT | F68: DNT | G68: 14965.75 | H68: 0 | I68: 279.31 | J68: 0 | K68: 0 | L68: DNT | M68: DNT | N68: DNT | O68: 18127 | P68: 0 | Q68: 574.7
A69: YATES | B69: 0 | C69: 0 | D69: 0 | E69: 0 | F69: 0 | G69: 0 | H69: 0 | I69: 0 | J69: 0 | K69: 0 | L69: 276.52 | M69: 411 | N69: 3565 | O69: 33676 | P69: 13737 | Q69: 1151.75
A70: TOTALS | B70: =SUM(B13:B69) -> 3550 | C70: =SUM(C13:C69) -> 270623.69 | D70: =SUM(D13:D69) -> 390545.06 | E70: =SUM(E13:E69) -> 122371.36 | F70: =SUM(F13:F69) -> 334665.77 | G70: =SUM(G13:G69) -> 3485633.2 | H70: =SUM(H13:H69) -> 158068.66 | I70: =SUM(I13:I69) -> 43479.91 | ... Q70: =SUM(Q13:Q69) -> 145547.77
A71: BRONX | B71: $250/Per Day | J71: $250/Per Day
A72: KINGS | B72: $250/Per Day | J72: $250/Per Day
A73: NEW YORK | B73: $250/Per Day | J73: $250/Per Day
A74: QUEENS | B74: $250/Per Day | J74: $250/Per Day
A75: RICHMOND | B75: $250/Per Day | J75: $250/Per Day
A76: NYC TOTAL | B76: 250 | C76: 2283207 | D76: 4027000 | E76: 200000 | F76: 1883111 | G76: 17311587 | H76: 2300882 | I76: 1185072 | J76: 250 | K76: 3769652 | L76: 4100000 | M76: 225000 | N76: 4224497 | O76: 21899425 | P76: 2858000 | Q76: 407734
A77: GRAND TOTAL | B77: =SUM(B70+B76) -> 3800 | C77: =SUM(C70+C76) -> 2553830.7 | D77: =SUM(D70+D76) -> 4417545.1 | E77: =SUM(E70+E76) -> 322371.36 | F77: =SUM(F70+F76) -> 2217776.8 | G77: =SUM(G70+G76) -> 20797220 | H77: =SUM(H70+H76) -> 2458950.7 | I77: =SUM(I70+I76) -> 1228551.9 | ... Q77: =SUM(Q70+Q76) -> 553281.77

Sheet Report 1c
A1: 2025 Annual Statistical Information Survey
A3: Financial Summary (continued)
A4: Please do not leave any cell blank. If cells are blank the State Board will need to reach out to obtain an answer.
A5: Key
A6: Value is zero | B6: 0
A7: Does not apply | B7: N/A
A8: Does not track | B8: DNT
B10: Question #24 | C10: Question #25 | D10: Question #26 | E10: Question #27 | F10: Question #28 | G10: Question #29 | H10: Question #30 | I10: Question #31 | J10: Question #32 | K10: Question #33
A11: County | B11: COMMISSIONERS | F11: DEPUTY COMMISSIONERS | I11: OTHER EMPLOYEES (excluding Poll Workers on Early Voting and Election Day)
B13: Democratic | C13: Republican | D13: 2 or 4 Year Term | E13: FT/PT | F13: Democratic | G13: Republican | H13: FT/PT | I13: Number of | J13: Number of | K13: Temporary/
B14: Commissioner | C14: Commissioner | F14: Deputy | G14: Deputy | I14: Full-Time | J14: Part-Time | K14: Seasonal
B15: Salary | C15: Salary | F15: Salary | G15: Salary | I15: Employees | J15: Employees | K15: Employees
A16: ALBANY | B16: 115501 | C16: 115501 | D16: 2 | E16: Full-time | F16: 83775 | G16: 83775 | H16: Full-time | I16: 22 | J16: 2 | K16: 0
A17: ALLEGANY | B17: 22279 | C17: 22279 | D17: 4 | E17: Part-time | F17: 50922 | G17: 50922 | H17: Full-time | I17: 2 | J17: 2 | K17: 0
A18: BROOME | B18: 20000 | C18: 20000 | D18: 4 | E18: Part-time | F18: 103191.54 | G18: 103191.54 | H18: Full-time | I18: 12 | J18: 2 | K18: 20
A19: CATTARAUGUS | B19: 85280 | C19: 84130 | D19: 4 | E19: Full-time | F19: 56895 | G19: 56587 | H19: Full-time | I19: 2 | J19: 0 | K19: n/a
A20: CAYUGA | B20: 35000 | C20: 35000 | D20: 4 | E20: Part-time | F20: 62900 | G20: 64400 | H20: Full-time | I20: 0 | J20: 2 | K20: 2
A21: CHAUTAUQUA | B21: 78802.88 | C21: 78802.88 | D21: 4 | E21: Full-time | F21: 58129.5 | G21: 50895 | H21: Full-time | I21: 4 | J21: 0 | K21: 23
A22: CHEMUNG | B22: 27397.55 | C22: 27397.55 | D22: 2 | E22: Part-time | F22: 63036 | G22: 63036 | H22: Full-time | I22: 4 | J22: 0 | K22: 7
A23: CHENANGO | B23: 64119 | C23: 64119 | D23: 2 | E23: Full-time | F23: 38220 | G23: 43726 | H23: Full-time | I23: 2 | J23: 0 | K23: 3
A24: CLINTON | B24: 62779 | C24: 62779 | D24: 4 | E24: Full-time | F24: 59834 | G24: 57192 | H24: Full-time | I24: 2 | J24: 0 | K24: 0
A25: COLUMBIA | B25: 85344.5 | C25: 85344.5 | D25: 4 | E25: Full-time | F25: 70500 | G25: 70500 | H25: Full-time | I25: 8 | J25: 0 | K25: 0
A26: CORTLAND | B26: 59026 | C26: 59026 | D26: 4 | E26: Full-time | F26: 56402 | G26: 56402 | H26: Full-time | I26: 4 | J26: 0 | K26: 2
A27: DELAWARE | B27: 62550 | C27: 62550 | D27: 2 | E27: Full-time | F27: 54900 | G27: 54900 | H27: Full-time | I27: 2 | J27: 0 | K27: 0
A28: DUTCHESS | B28: 128882 | C28: 128882 | D28: 2 | E28: Full-time | F28: 115518 | G28: 115518 | H28: Full-time | I28: 16 | J28: 2 | K28: 4
A29: ERIE | B29: 155082 | C29: 155082 | D29: 4 | E29: Full-time | F29: 115865 | G29: 119634 | H29: Full-time | I29: 36 | J29: 28 | K29: 5
A30: ESSEX | B30: 32308 | C30: 32308 | D30: 4 | E30: Part-time | F30: 62478 | G30: 62478 | H30: Full-time | I30: 2 | J30: 0 | K30: 6
A31: FRANKLIN | B31: 73588 | C31: 73588 | D31: 4 | E31: Full-time | F31: 53892 | G31: 53892 | H31: Full-time | I31: 2 | J31: 0 | K31: 1
... A33: GENESEE | B33: 62817 | C33: 62817 | D33: 4 | E33: Part-time | F33: 66657 | G33: 65857 | H33: Full-time | I33: 0 | J33: 5 | K33: 0
A34: GREENE | B34: 22705 | C34: 22705 | D34: 4 | E34: Part-time | F34: 56000 | G34: 56000 | H34: Full-time | I34: 2 | J34: 0 | K34: Yes
A35: HAMILTON | B35: 58926 | C35: 58926 | D35: 2 | E35: Full-time | F35: 19.79 | G35: 19.79 | H35: Part-time | I35: 0 | J35: 0 | K35: 0
A36: HERKIMER | B36: 53516 | C36: 53516 | D36: 2 | E36: Part-time | F36: 43785 | G36: 43785 | H36: Full-time | I36: 0 | J36: 0 | K36: 3
A37: JEFFERSON | B37: 66616 | C37: 66616 | D37: 2 | E37: Full-time | F37: 51800 | G37: 51800 | H37: Full-time | I37: 8 | J37: 0 | K37: 0
A38: LEWIS | B38: 62733 | C38: 62733 | D38: 2 | E38: Full-time | F38: 42120 | G38: 43805 | H38: Full-time | I38: 0 | J38: 0 | K38: 0
A39: LIVINGSTON | B39: 76250 | C39: 76250 | D39: 4 | E39: Full-time | F39: 68500 | G39: 68500 | H39: Full-time | I39: n/a | J39: 2 | K39: n/a
A40: MADISON | B40: 90296 | C40: 90296 | D40: 4 | E40: Full-time | F40: $58, 895.00 | G40: 58895 | H40: Full-time | I40: 6 | J40: 4 | K40: 1
A41: MONROE | B41: 168178 | C41: 168178 | D41: 4 | E41: Full-time | F41: 152178 | G41: 152178 | H41: Full-time | I41: 50 | J41: 8 | K41: 13
A42: MONTGOMERY | B42: 65875 | C42: 63779.53 | D42: 4 | E42: Full-time | F42: 55132 | G42: 57632 | H42: Full-time | I42: 6 | J42: 0 | K42: 0
A43: NASSAU | B43: 210000 | C43: 210000 | D43: 2 | E43: Full-time | F43: 160000 | G43: 160000 | H43: Full-time | I43: 180 | J43: 50 | K43: 75
A44: NIAGARA | B44: 108150 | C44: 108150 | D44: 4 | E44: Full-time | F44: 75546 | G44: 77739 | H44: Full-time | I44: 10 | J44: 0 | K44: 0
A45: ONEIDA | B45: 117508 | C45: 117508 | D45: 4 | E45: Full-time | F45: 72000 | G45: 86533 | H45: Full-time | I45: 18 | J45: 10 | K45: 8
A46: ONONDAGA | B46: 99973 | C46: 99973 | D46: 2 | E46: Full-time | F46: 76252 | G46: 76252 | H46: Full-time | I46: 20 | J46: 0 | K46: 0
A47: ONTARIO | B47: 94734 | C47: 94734 | D47: 4 | E47: Full-time | F47: 77301 | G47: 77301 | H47: Full-time | I47: 2 | J47: 4 | K47: 0
A48: ORANGE | B48: 101713.04 | C48: 101713.04 | D48: 4 | E48: Full-time | F48: 86320 | G48: 87691 | H48: Full-time | I48: 18 | J48: 2 | K48: DNT
A49: ORLEANS | B49: 22539 | C49: 22539 | D49: 2 | E49: Part-time | F49: 59502 | G49: 59502 | H49: Full-time | I49: 0 | J49: 8 | K49: 0
A50: OSWEGO | B50: 73549 | C50: 73549 | D50: 4 | E50: Full-time | F50: 61230 | G50: 64983 | H50: Full-time | I50: 6 | J50: 2 | K50: 16
A51: OTSEGO | B51: 69307 | C51: 69307 | D51: 2 | E51: Full-time | F51: 47954 | G51: 53282 | H51: Full-time | I51: 2 | J51: 2 | K51: 4
A52: PUTNAM | B52: 107343 | C52: 107343 | D52: 4 | E52: Full-time | F52: 96976 | G52: 96976 | H52: Full-time | I52: 6 | J52: 4 | K52: 4
A53: RENSSELAER | B53: 110000 | C53: 110111 | D53: 4 | E53: Full-time | F53: 69325 | G53: 69325 | H53: Full-time | I53: 10 | J53: 4 | K53: 0
A54: ROCKLAND | B54: 140381 | C54: 140381 | D54: 4 | E54: Full-time | F54: 111004 | G54: 111004 | H54: Full-time | I54: 24 | J54: 0 | K54: 7
A55: SARATOGA | B55: 98626.16 | C55: 98626.16 | D55: 4 | E55: Full-time | F55: 72345.55 | G55: 72345.55 | H55: Full-time | I55: 12 | J55: 0 | K55: 4
A56: SCHENECTADY | B56: 107103 | C56: 107103 | D56: 4 | E56: Full-time | F56: 80179 | G56: 80179 | H56: Full-time | I56: 12 | J56: 0 | K56: 0
A57: SCHOHARIE | B57: 26122 | C57: 26122 | D57: 4 | E57: Part-time | F57: 70731 | G57: 73631 | H57: Full-time | I57: 2 | J57: 0 | K57: 9
A58: SCHUYLER | B58: 24775 | C58: 24775 | D58: 2 | E58: Part-time | F58: 50911 | G58: 53278 | H58: Full-time | I58: 2 | J58: 2 | K58: 0
A59: SENECA | B59: 79328 | C59: 79328 | D59: 4 | E59: Full-time | F59: 59976 | G59: 59976 | H59: Full-time | I59: 0 | J59: 0 | K59: 6
A60: ST. LAWRENCE | B60: 88122 | C60: 88122 | D60: 2 | E60: Full-time | F60: 58992 | G60: 58992 | H60: Full-time | I60: 4 | J60: 0 | K60: 8
A61: STEUBEN | B61: 76367 | C61: 76367 | D61: 2 | E61: Full-time | F61: N/A | G61: N/A | H61: Full-time | I61: 4 | J61: 0 | K61: 2
A62: SUFFOLK | B62: 180795 | C62: 180795 | D62: 4 | E62: Full-time | F62: 160959 | G62: 160959 | H62: Full-time | I62: 133 | J62: 0 | K62: 92
A63: SULLIVAN | B63: 89651 | C63: 89651 | D63: 4 | E63: Full-time | F63: 72990 | G63: 72990 | H63: Full-time | I63: 4 | J63: 0 | K63: 0
A64: TIOGA | B64: 61403 | C64: 61403 | D64: 2 | E64: Full-time | F64: 46606 | G64: 46606 | H64: Full-time | I64: 0 | J64: 4 | K64: 4
A65: TOMPKINS | B65: 100568 | C65: 100568 | D65: 2 | E65: Full-time | F65: 70241 | G65: 70241 | H65: Full-time | I65: 8 | J65: 2 | K65: 2
A66: ULSTER | B66: 99723 | C66: 99723 | D66: 4 | E66: Full-time | F66: 79489 | G66: 79489 | H66: Full-time | I66: 10 | J66: 0 | K66: 1
A67: WARREN | B67: 88836 | C67: 88836 | D67: 4 | E67: Full-time | F67: 67902 | G67: 61008 | H67: Full-time | I67: 0 | J67: 0 | K67: 10
A68: WASHINGTON | B68: 61954 | C68: 61954 | D68: 4 | E68: Full-time | F68: 54350.64 | G68: 49652.64 | H68: Full-time | I68: 0 | J68: 0 | K68: 6
A69: WAYNE | B69: 66185 | C69: 66185 | D69: 2 | E69: Full-time | F69: 54387 | G69: 54387 | H69: Full-time | I69: 6 | J69: 4 | K69: 328
A70: WESTCHESTER | B70: 213150 | C70: 213150 | D70: 4 | E70: Full-time | F70: 197780 | G70: 197780 | H70: Full-time | I70: 102 | J70: 20 | K70: N/A
A71: WYOMING | B71: 17847.44 | C71: 17847.44 | D71: 2 | E71: Part-time | F71: 45886.68 | G71: 45886.68 | H71: Full-time | I71: 0 | J71: 0 | K71: 0
A72: YATES | B72: 61617 | C72: 61617 | D72: 2 | E72: Full-time | F72: 54177 | G72: 54177 | H72: Full-time | I72: 0 | J72: 6 | K72: 0
A73: TOTALS | B73: =SUM(B16:B72) -> 4652394.6 | C73: =SUM(C16:C72) -> 4649260.1 | F73: =SUM(F16:F72) -> 3980406.7 | G73: =SUM(G16:G72) -> 4064925.2 | I73: =SUM(I16:I72) -> 789 | J73: =SUM(J16:J72) -> 183 | K73: =SUM(K16:K72) -> 678
A74: BRONX | B74: $300/Per Day | C74: $300/Per Day | D74: 4 | E74: Part-time | F74: N/A | G74: N/A | I74: N/A | J74: N/A | K74: N/A
A75: KINGS | B75: $300/Per Day | C75: $300/Per Day | D75: 4 | E75: Part-time | F75: N/A | G75: N/A | I75: N/A | J75: N/A | K75: N/A
A76: NEW YORK | B76: $300/Per Day | C76: $300/Per Day | D76: 4 | E76: Part-time | F76: N/A | G76: N/A | I76: N/A | J76: N/A | K76: N/A
A77: QUEENS | B77: $300/Per Day | C77: $300/Per Day | D77: 4 | E77: Part-time | F77: N/A | G77: N/A | I77: N/A | J77: N/A | K77: N/A
A78: RICHMOND | B78: $300/Per Day | C78: $300/Per Day | D78: 4 | E78: Part-time | F78: N/A | G78: N/A | I78: N/A | J78: N/A | K78: N/A
A79: NYC TOTAL | B79: =SUM(B74:B78) -> 0 | C79: =SUM(C74:C78) -> 0 | F79: =SUM(F74:F78) -> 0 | G79: =SUM(G74:G78) -> 0 | I79: =SUM(I74:I78) -> 0 | J79: =SUM(J74:J78) -> 0 | K79: =SUM(K74:K78) -> 0
A80: GRAND TOTAL | B80: =SUM(B73+B79) -> 4652394.6 | C80: =SUM(C73+C79) -> 4649260.1 | F80: =SUM(F73+F79) -> 3980406.7 | G80: =SUM(G73+G79) -> 4064925.2 | I80: =SUM(I73+I79) -> 789 | J80: =SUM(J73+J79) -> 183 | K80: =SUM(K73+K79) -> 678

Sheet Report 1d
A1: 2025 Annual Statistical Information Survey
A3: Inspector Information Summary
A4: Please do not leave any cell blank. If cells are blank the State Board will need to reach out to obtain an answer.
A5: Key
A6: Value is zero | B6: 0
A7: Does not apply | B7: N/A
A8: Does not track | B8: DNT
B10: Question #34 | C10: Question #35 | D10: Question #36 | E10: Question #37 | F10: Question #38 | G10: Question #39 | H10: Question #40 | I10: Question #41 | J10: Question #42 | K10: Question #43 | L10: Question #44 | M10: Question #45 | N10: Question #46 | O10: Question #47 | P10: Question #48 | Q10: Question #48a | R10: Question #49 | S10: Question #50 | T10: Question #51 | Z10: Question #51a
A11: County | B11: Number of Inspectors Appointed | C11: Number Inspectors Attending Class & Passed | D11: Number Who Failed Exam | E11: Number Of Alternate Inspectors Appointed | F11: Number of Classes Held | G11: Class Size | H11: Average Class Length | I11: Month Training is Held | J11: Countywide Insepctor Salary Rate | K11: Rate of Pay For Training | L11: Stipend Paid to Inspector Chairs | M11: Number asked to be Added as Inspector | N11: Number of Inspectors who worked on General Election Day | O11: Do any Inspectors work split shifts on Elect Day? | P11: Did you use Inspector Coordinators? | Q11: If yes to Inspector Coordinators, how much are they paid? | R11: How easy or difficult to obtain Poll Workers for the General Election | S11: Do you survey Inspectors for ideas on how to improve Election Day experience? | T11: Please identify the number of Poll Workers by Age Groups (Enter ONE numerical value) Assigned to Work Early Voting and Election Day | Z11: Please identify the number of poll workers that served for the first time in the General Election (Count only once no matter how many shifts worked)
T12: Under 18 | U12: 18 to 25 | V12: 26 to 40 | W12: 41 to 60 | X12: 61 to 70 | Y12: 71 and older
A13: ALBANY | B13: 668 | C13: 668 | D13: 0 | E13: 0 | F13: 84 | G13: 8 | H13: 2.5 hours | I13: may,october | J13: 300 | K13: 50 | L13: 25 | M13: 0 | N13: 668 | O13: No | P13: Yes | Q13: 25 | R13: Neither Difficult nor Easy | S13: No | T13: 0 | U13: 18 | V13: 58 | W13: 180 | X13: 242 | Y13: 170
A14: ALLEGANY | B14: 137 | C14: 137 | D14: 0 | E14: 0 | F14: 2 | G14: 75 | H14: 7 hours | I14: May & September | J14: $15.50 per hour | K14: $15.50 per hour | L14: 0 | M14: 35 | N14: 125 | O14: Yes | P14: Yes | Q14: $18.50 per hour | R14: Somewhat Difficult | S14: No | T14: 0 | U14: 0 | V14: 7 | W14: 16 | X14: 46 | Y14: 59 | Z14: 8
A15: BROOME | B15: 634 | C15: 637 | D15: 4 | E15: N/A | F15: 53 | G15: 16 | H15: 3.5 hr | I15: July - October | J15: $15.50/hr | K15: $15.50/hr | L15: $1/hr | M15: 189 | N15: 298 | O15: Yes | P15: Yes | Q15: $19/hr | R15: Very Difficult | S15: No | T15: 6 | U15: 17 | V15: 17 | W15: 52 | X15: 105 | Y15: 101 | Z15: 65
A16: CATTARAUGUS | B16: 188 | C16: 188 | D16: 0 | E16: 0 | F16: 9 | G16: 13-35 | H16: 3 hours | I16: August/September | J16: EV - $142/day; ED $241.40/day | K16: $25/day | L16: $10/day | M16: 27 | N16: 199 | O16: No | P16: No | Q16: n/a | R16: Somewhat Difficult | S16: Yes | T16: 0 | U16: 2 | V16: 4 | W16: 38 | X16: 76 | Y16: 76 | Z16: 22
A17: CAYUGA | B17: 157 | C17: 163 | D17: 0 | E17: 8 | F17: 11 | G17: 15-18 | H17: 1.5-2 hours | I17: October | J17: $135/EV $255/Election Day $127.50/ED Half Day | K17: $35/class | L17: Poll Managers $185/EV $330/Election Day | M17: 22 | N17: 141 | O17: Yes | P17: No | Q17: N/A | R17: Somewhat Difficult | S17: Yes | T17: 2 | U17: 3 | V17: 3 | W17: 35 | X17: 54 | Y17: 60 | Z17: 21
A18: CHAUTAUQUA | B18: 359 | C18: 359 | D18: 0 | E18: 0 | F18: 19 | G18: 25 | H18: 2 Hours | I18: July/August | J18: $15.50/Hour | K18: 35 | L18: $3.00/Hour | M18: 21 | N18: 349 | O18: Yes | P18: Yes | Q18: $18.50/Hour | R18: Neither Difficult nor Easy | S18: Yes | T18: 14 | U18: 5 | V18: 11 | W18: 39 | X18: 112 | Y18: 168 | Z18: 28
A19: CHEMUNG | B19: 363 | C19: 363 | D19: 0 | E19: 0 | F19: 38 | G19: 11 | H19: 3 1/2 hrs | I19: March, April, August, September, October | J19: 225 | K19: 40 | L19: $50 (Site Managers) | M19: 8 | N19: 298 | O19: Yes | P19: Yes | Q19: 275 | R19: Somewhat Difficult | S19: Yes | T19: 0 | U19: 3 | V19: 10 | W19: 53 | X19: 105 | Y19: 127 | Z19: 32
A20: CHENANGO | B20: 126 | C20: 126 | D20: 1 | E20: 0 | F20: 16 | G20: 25-30 | H20: 3.5 hrs | I20: May | J20: 15.50/ hr | K20: 35 | L20: 25 | M20: 7 | N20: 93 | O20: Yes | P20: No | Q20: N/A | R20: Somewhat Difficult | S20: Yes | T20: 0 | U20: 0 | V20: 3 | W20: 28 | X20: 39 | Y20: 55 | Z20: 2
A21: CLINTON | B21: 170 | C21: 170 | D21: 0 | E21: N/A | F21: 15 | G21: 15 | H21: 3 Hours | I21: September | J21: 275 | K21: 50 | L21: 50 | M21: 200 | N21: 150 | O21: Yes | P21: Yes | Q21: 325 | R21: Somewhat Difficult | S21: Yes | T21: 1 | U21: 2 | V21: 5 | W21: 20 | X21: 72 | Y21: 50 | Z21: 20
A22: COLUMBIA | B22: 252 | C22: 252 | D22: 0 | E22: 0 | F22: 14 | G22: 20-25 | H22: 4HRS | I22: June-Oct | J22: 18.5 | K22: 65 | L22: 0 | M22: 9 | N22: 252 | O22: Yes | P22: No | Q22: NA | R22: Very Difficult | S22: Yes | T22: 0 | U22: 9 | V22: 4 | W22: 37 | X22: 92 | Y22: 110 | Z22: 8
A23: CORTLAND | B23: 92 | C23: 90 | D23: 2 | E23: 0 | F23: 12 | G23: 8 | H23: 4 hours | I23: August | J23: $16.00/hour | K23: $16.00/hour | L23: 25 | M23: 97 | N23: 84 | O23: No | P23: No | Q23: n/a | R23: Somewhat Difficult | S23: Yes | T23: n/a | U23: n/a | V23: n/a | W23: 17 | X23: 77 | Y23: 7 | Z23: 7
A24: DELAWARE | B24: 433 | C24: 336 | D24: 0 | F24: 25 | G24: 30 | H24: 2 - 3 HOURS | I24: APRIL | J24: $250.00 PER ELECTION | K24: 50 | L24: N/A | M24: 25 | N24: 217 | O24: Yes | P24: No | Q24: N/A | R24: Neither Difficult nor Easy | S24: Yes | T24: 0 | U24: 4 | V24: 29 | W24: 86 | X24: 142 | Y24: 172 | Z24: 6
A25: DUTCHESS | B25: 1271 | C25: 841 | D25: 0 | E25: 30 | F25: 62 | G25: 20-40 | H25: 2 hours | I25: April-June September-November | J25: 300 | K25: 35 | L25: 0 | M25: 87 | N25: 721 | O25: No | P25: Yes | Q25: $300+ Mileage+$10 per election district | R25: Somewhat Difficult | S25: Yes | T25: 0 | U25: 28 | V25: 104 | W25: 472 | X25: 315 | Y25: 143 | Z25: 48
A26: ERIE | B26: 2324 | C26: >2,400 | D26: LESS THAN 10 | E26: 34 | G26: 30 | H26: 3HRS | I26: 2 | J26: 300 | K26: 25$ PER CLASS | L26: 15 | M26: DNT | N26: 2324 | O26: No | P26: No | R26: Neither Difficult nor Easy | S26: Yes | T26: 0 | U26: 13 | V26: 98 | W26: 400 | X26: 864 | Y26: 1284 | Z26: DNT
A27: ESSEX | B27: 134 | C27: 110 | D27: 0 | E27: 24 | F27: 10 | G27: 15 | H27: 3 | I27: Sep/Oct | J27: 18.75/hr | K27: 60 | L27: 50 | M27: 8 | N27: 117 | O27: Yes | P27: No | Q27: N/A | R27: Somewhat Difficult | S27: Yes | T27: 0 | U27: 0 | V27: 0 | W27: 22 | X27: 52 | Y27: 60 | Z27: 5
A28: FRANKLIN | B28: 147 | C28: 134 | D28: 0 | E28: 0 | F28: 15 | G28: 20 | H28: 3 hours | I28: February, May, July, August, October | J28: 225 | K28: 25 | L28: 25 | M28: 6 | N28: 122 | O28: Yes | P28: Yes | Q28: 250 | R28: Very Difficult | S28: Yes | T28: 7 | U28: 5 | V28: 4 | W28: 21 | X28: 46 | Y28: 39 | Z28: 29
A29: FULTON | B29: 140 | C29: 140 | D29: 0 | E29: 0 | F29: 10 | G29: 15 | H29: 2 HRS | I29: AUG/SEPT | J29: 256 | K29: 32 | L29: 25 | M29: 20 | N29: 102 | O29: No | P29: No | R29: Very Difficult | S29: No | T29: 0 | U29: 0 | V29: 4 | W29: 16 | X29: 44 | Y29: 77 | Z29: 20
A30: GENESEE | B30: 177 | C30: 177 | D30: 0 | E30: 65 | F30: 9 | G30: 25 | H30: 3 | I30: May | J30: 320 | K30: 60 | L30: 40 | M30: 25 | N30: 141 | O30: No | P30: Yes | Q30: 360 | R30: Somewhat Difficult | S30: No | T30: 0 | U30: 7 | V30: 28 | W30: 39 | X30: 55 | Y30: 39 | Z30: 7
A31: GREENE | B31: 207 | C31: 207 | D31: 0 | E31: 0 | F31: 16 | G31: 20 | H31: 3 hours | I31: September | J31: 275 | K31: 30 | L31: 15 | M31: 6 | N31: 175 | O31: No | P31: No | Q31: n/a | R31: Somewhat Difficult | S31: No | T31: 0 | U31: 2 | V31: 5 | W31: 26 | X31: 61 | Y31: 81 | Z31: 26
A32: HAMILTON | B32: 53 | C32: 49 | D32: 0 | E32: 0 | F32: 4 | G32: 12 people | H32: 3 | I32: SEPT OR OCT | J32: 15.5 | K32: 15.5 | L32: 30 | M32: 1 | N32: 49 | O32: Yes | P32: No | Q32: N/A | R32: Very Difficult | S32: Yes | T32: 0 | U32: 0 | V32: 0 | W32: 3 | X32: 30 | Y32: 16 | Z32: 0
A33: HERKIMER | B33: 171 | C33: 171 | D33: 0 | E33: 0 | F33: 7 | G33: 50 | H33: 2 hr | I33: May June Oct | J33: 15.5 | K33: 40 | L33: 0 | M33: 8 | N33: 155 | O33: Yes | P33: No | Q33: n/a | R33: Neither Difficult nor Easy | S33: Yes | T33: 0 | U33: 1 | V33: 3 | W33: 15 | X33: 50 | Y33: 102 | Z33: 4
A34: JEFFERSON | B34: 281 | C34: 281 | D34: 46 | E34: 0 | F34: 14 | G34: 25 | H34: 3 | I34: March, April, May, September | J34: 15.5 | K34: 52.5 | L34: 25 | M34: 62 | N34: 170 | O34: Yes | P34: No | Q34: 0 | R34: Very Difficult | S34: Yes | T34: 0 | U34: 5 | V34: 11 | W34: 50 | X34: 96 | Y34: 104 | Z34: 11
A35: LEWIS | B35: 121 | C35: 121 | D35: 0 | E35: 0 | F35: 17 | G35: 10 | H35: 2 hrs | I35: Jul - Aug | J35: DNT | K35: 40 | L35: 45 | M35: 25 | N35: 88 | O35: No | P35: Yes | Q35: 400 | R35: Neither Difficult nor Easy | S35: Yes | T35: 0 | U35: 1 | V35: 30 | W35: 30 | X35: 41 | Y35: 42 | Z35: 4
A36: LIVINGSTON | B36: 177 | C36: 169 | D36: 0 | E36: 0 | F36: 9 | G36: 30 | H36: 2.5 hours | I36: varies | J36: varies | K36: 50 per training | L36: N/A | M36: 0 | N36: 114 | O36: No | P36: Yes | Q36: 350 | R36: Somewhat Easy | S36: No | T36: 0 | U36: 0 | V36: 2 | W36: 26 | X36: 72 | Y36: 68 | Z36: 0
A37: MADISON | B37: 229 | C37: 229 | D37: 0 | E37: 0 | F37: 11 | G37: 18-25 | H37: 3.5 hours | I37: May, July, Aug, Sept | J37: 240 | K37: 45 | L37: 25 | M37: 21 | N37: 207 | O37: Yes | P37: No | Q37: N/A | R37: Somewhat Easy | S37: Yes | T37: 0 | U37: 0 | V37: 4 | W37: 35 | X37: 83 | Y37: 84 | Z37: 15
A38: MONROE | B38: 2392 | C38: 2392 | D38: 225 | E38: 195 | F38: 162 | G38: 35 | H38: 2.5 | I38: May;Sept;Oct | J38: 16 | K38: 25 | L38: $2 additional | M38: DNT | N38: 2139 | O38: No | P38: Yes | Q38: $18/hr plus $22 per site assignment | R38: Very Difficult | S38: Yes | T38: 4 | U38: 22 | V38: 92 | W38: 340 | X38: 736 | Y38: 650 | Z38: 384
A39: MONTGOMERY | B39: 135 | C39: 135 | D39: 0 | E39: 0 | F39: 3 | G39: 30 | H39: 2.5 | I39: July | J39: 15.00 / Hour | K39: $30.00 In Person $25.00 Online | L39: N/A | M39: 5 | N39: 136 | O39: Yes | P39: Yes | Q39: $18.00 / Hour | R39: Neither Difficult nor Easy | S39: No | T39: 0 | U39: 1 | V39: 4 | W39: 30 | X39: 44 | Y39: 73 | Z39: 5
A40: NASSAU | B40: 4085 | C40: 2200 | D40: 0 | E40: 0 | F40: 164 | G40: 25-30 | H40: 2-3 hours | I40: Sept-Oct | J40: 240 | K40: 40 | L40: 8 | M40: DNT | N40: 4085 | O40: Yes | P40: Yes | Q40: 250 | R40: Somewhat Difficult | S40: No | T40: 15 | U40: 220 | V40: 406 | W40: 995 | X40: 1310 | Y40: 1139 | Z40: 593
A41: NIAGARA | B41: 531 | C41: 531 | D41: 0 | E41: 0 | F41: 27 | G41: 30 | H41: 2.5 hours | I41: August | J41: 300 | K41: 25 and 50 | L41: 30 | M41: 42 | N41: 457 | O41: No | P41: No | Q41: N/A | R41: Somewhat Difficult | S41: No | T41: 0 | U41: 1 | V41: 13 | W41: 85 | X41: 162 | Y41: 196 | Z41: 24
A42: ONEIDA | B42: 601 | C42: 601 | D42: 0 | E42: 0 | F42: 36 | G42: 15-20 | H42: 2.5-3hr | I42: June, Sept. Oct | J42: 250 | K42: 50 | L42: N/A | M42: 0 | N42: 606 | O42: Yes | P42: Yes | Q42: 275 | R42: Very Difficult | S42: Yes | T42: 0 | U42: 4 | V42: 10 | W42: 109 | X42: 195 | Y42: 288 | Z42: 47
A43: ONONDAGA | B43: 857 | C43: 940 | D43: 2 | E43: 8 | F43: 118 | G43: 20 Certification, 10 Poll Site Manger Class | H43: 3.5 hrs | I43: April/May and August/ September | J43: $15.50 hr | K43: $15.5 hr | L43: PSM EV- $45 ED - $75 | M43: 1474 | N43: 823 | O43: No | P43: No | R43: Somewhat Difficult | S43: Yes | T43: 0 | U43: 3 | V43: 25 | W43: 119 | X43: 329 | Y43: 376 | Z43: 22
A44: ONTARIO | B44: 409 | C44: 409 | D44: 0 | E44: 0 | F44: 24 | G44: 40 | H44: 180 mins | I44: Mar, May, Sep, Oct | J44: $260/full day | K44: 50 | L44: n/a | M44: 97 | N44: 358 | O44: Yes | P44: No | Q44: N/A | R44: Somewhat Difficult | S44: Yes | T44: 0 | U44: 1 | V44: 6 | W44: 44 | X44: 131 | Y44: 185 | Z44: 35
A45: ORANGE | B45: 1003 | C45: 1003 | D45: 0 | E45: 0 | F45: 41 Annual 25 Machine | G45: avg. 31 | H45: 2 hrs Annual 1 hr Machine | I45: July, Aug, Sept, Oct | J45: 325 | K45: 25 | L45: 25 | M45: 189 | N45: 815 | O45: Yes | P45: Yes | Q45: 19.5 | R45: Somewhat Difficult | S45: Yes | T45: 0 | U45: 23 | V45: 44 | W45: 204 | X45: 284 | Y45: 287 | Z45: 175
A46: ORLEANS | B46: 117 | C46: 117 | D46: 0 | E46: NA | F46: 11 | G46: 12 AVERAGE | H46: 3 HOURS | I46: Apr, Sept, Oct | J46: 260 FULL DAY | K46: 65 FLAT RATE | L46: NA | M46: 3 | N46: 74 | O46: Yes | P46: Yes | Q46: 290 FLAT | R46: Somewhat Difficult | S46: Yes | T46: 1 | U46: 0 | V46: 8 | W46: 22 | X46: 46 | Y46: 42 | Z46: 4
A47: OSWEGO | B47: 415 | C47: 415 | D47: 0 | E47: 0 | F47: 34 | G47: 16 (MAX) | H47: 3 HOURS | I47: AUGUST/SEPTEMBER | J47: $200 PE/$250 GE (PERMANENT RAISE MOVING FORWARD | K47: $30 INSP. $25 MACHINE | L47: 10 | M47: DNT | N47: 395 | O47: No | P47: No | Q47: N/A | R47: Somewhat Difficult | S47: Yes | T47: 0 | U47: 6 | V47: 16 | W47: 84 | X47: 149 | Y47: 160 | Z47: 19
A48: OTSEGO | B48: 176 | C48: 176 | D48: 0 | E48: 0 | F48: 13 | G48: 25 | H48: 3 | I48: 12 | J48: min wage | K48: 15.50 per hr | L48: 25 | M48: 16 | N48: 155 | O48: Yes | P48: No | Q48: N/A | R48: Somewhat Difficult | S48: Yes | T48: 0 | U48: 1 | V48: 7 | W48: 22 | X48: 58 | Y48: 88 | Z48: 13
A49: PUTNAM | B49: 396 - includes untrained alternate inspectors | C49: 342 | D49: 0 | E49: 0 | F49: 24 | G49: 1 - 162 | H49: 2 hours | I49: September - November | J49: $300 - $350 | K49: 25 | L49: 0 | M49: 67 | N49: 324 | O49: No | P49: Yes | Q49: 350 | R49: Very Difficult | S49: No | T49: 0 | U49: 6 | V49: 19 | W49: 82 | X49: 114 | Y49: 106 | Z49: 58
A50: RENSSELAER | B50: 419 | C50: 419 | D50: 0 | E50: DNT | F50: 12 | G50: 50 | H50: 2.5-3 Hours | I50: May/September/October | J50: 250 | K50: 40 | L50: 20 | M50: DNT | N50: 458 | O50: Yes | P50: No | Q50: N/A | R50: Neither Difficult nor Easy | S50: No | T50: 0 | U50: 5 | V50: 23 | W50: 68 | X50: 154 | Y50: 169 | Z50: DNT
A51: ROCKLAND | B51: 917 | C51: 917 | D51: 0 | E51: 2 | F51: 53 | G51: 18 | H51: 3 HOURS | I51: 3,4,5,6 & 9,10/2025 | J51: 300 | K51: 25 | L51: 25 | M51: 677 | N51: 609 | O51: No | P51: Yes | Q51: 325 | R51: Very Easy | S51: Yes | T51: 1 | U51: 5 | V51: 19 | W51: 55 | X51: 81 | Y51: 125 | Z51: 144
A52: SARATOGA | B52: 879 | C52: 879 | D52: 0 | E52: 0 | F52: 54 | G52: 25-30 | H52: 2 Hrs | I52: March-May; August, September | J52: 260 | K52: 25 | L52: 25 | M52: DNT | N52: 690 | O52: Yes | P52: Yes | Q52: 40 | R52: Somewhat Difficult | S52: No | T52: 0 | U52: 3 | V52: 16 | W52: 126 | X52: 235 | Y52: 310 | Z52: 102
A53: SCHENECTADY | B53: 402 | C53: 637 | D53: DNT | E53: 21 | F53: 26 | G53: 30 | H53: 2.75 HRS | I53: Aug-Sept | J53: 255 | K53: 40 | L53: 20 | M53: DNT | N53: 370 | O53: Yes | P53: No | R53: Neither Difficult nor Easy | S53: Yes | T53: 0 | U53: 2 | V53: 18 | W53: 84 | X53: 153 | Y53: 143 | Z53: 50
A54: SCHOHARIE | B54: 113 | C54: 123 | D54: 0 | E54: 5 | F54: 8 | G54: 15-20 | H54: 3 HOURS | I54: SEPTEMBER | J54: 285 | K54: 50 | L54: 40 | M54: DNT | N54: 113 | O54: No | P54: No | Q54: N/A | R54: Somewhat Difficult | S54: Yes | T54: 0 | U54: 3 | V54: 6 | W54: 22 | X54: 53 | Y54: 48 | Z54: 4
A55: SCHUYLER | B55: 83 | C55: 83 | D55: 0 | E55: 0 | F55: 6 | G55: 27 | H55: 3 hours | I55: April | J55: 15.50/hr | K55: 15.50/hr | L55: 50 | M55: 3 | N55: 71 | O55: Yes | P55: No | Q55: n/a | R55: Somewhat Easy | S55: Yes | T55: 0 | U55: 1 | V55: 5 | W55: 8 | X55: 31 | Y55: 38 | Z55: 8
A56: SENECA | B56: 108 | C56: 131 | D56: 0 | E56: 0 | F56: 7 | G56: 25 | H56: 2.5 | I56: May | J56: 250 | K56: 50 | L56: 35 | M56: 8 | N56: 108 | O56: Yes | P56: No | Q56: n/a | R56: Somewhat Difficult | S56: Yes | T56: 0 | U56: 0 | V56: 4 | W56: 18 | X56: 51 | Y56: 57 | Z56: 4
A57: ST. LAWRENCE | B57: 431 | C57: 351 | D57: 0 | E57: 100 | F57: 11 | G57: 15 | H57: 2.5 Hrs | I57: September | J57: $17/hr | K57: $17/hr | L57: $.75/hr | M57: DNT | N57: 251 | O57: No | P57: Yes | Q57: .75/hr more | R57: Neither Difficult nor Easy | S57: No | T57: 0 | U57: 2 | V57: 11 | W57: 63 | X57: 91 | Y57: 84 | Z57: 0
A58: STEUBEN | B58: 229 | C58: 229 | D58: 0 | E58: 0 | F58: 14 | G58: 20 - 30 | H58: 4 hours | I58: July & September | J58: 15.50/hour | K58: 40 | L58: 10 | M58: 23 | N58: 205 | O58: Yes | P58: Yes | Q58: 20.00 extra | R58: Somewhat Difficult | S58: Yes | T58: 0 | U58: 0 | V58: 3 | W58: 39 | X58: 94 | Y58: 74 | Z58: 9
A59: SUFFOLK | B59: 3618 | C59: 4295 | D59: 102 | E59: 3185 | F59: 265 | G59: 21 | H59: 3 hours | I59: May - October | J59: 20 | K59: 60 | L59: 0 | M59: 326 | N59: 3708 | O59: No | P59: Yes | Q59: 23 | R59: Somewhat Difficult | S59: Yes | T59: 0 | U59: 46 | V59: 143 | W59: 649 | X59: 1254 | Y59: 1640 | Z59: 203
A60: SULLIVAN | B60: 350 | C60: 350 | D60: 0 | E60: 0 | F60: 7 | G60: 50 | H60: 3HRS | I60: AUGUST, SEPTEMBER, OCTOBER | J60: $300 PER ELECTION | K60: 40 | L60: 25 | M60: 41 | N60: 167 | O60: Yes | P60: No | Q60: N/A | R60: Very Difficult | S60: No | T60: 0 | U60: 21 | V60: 27 | W60: 105 | X60: 111 | Y60: 111 | Z60: 39
A61: TIOGA | B61: 171 | C61: 171 | D61: 0 | E61: 0 | F61: 11 | G61: 20 | H61: 3.5 hrs | I61: April, Aug., Sept. | J61: 15.50/hr | K61: 15.50/hr | L61: Addl. $30 to $40, depends on no. districts served at site | M61: 31 | N61: 147 | O61: Yes | P61: No | Q61: N/A | R61: Neither Difficult nor Easy | S61: Yes | T61: 2 | U61: 1 | V61: 14 | W61: 31 | X61: 58 | Y61: 49 | Z61: 18
A62: TOMPKINS | B62: 198 | C62: 214 | D62: 3 | E62: 3 | F62: 38 | G62: 12 | H62: 3 to 3.5 hours | I62: April and Sept | J62: 18.45 | K62: 50 | L62: 0 | M62: 20 | N62: 198 | O62: Yes | P62: No | R62: Somewhat Difficult | S62: Yes | T62: 4 | U62: 4 | V62: 11 | W62: 36 | X62: 68 | Y62: 74 | Z62: 27
A63: ULSTER | B63: 628 | C63: 628 | D63: 0 | E63: 66 | F63: 51 | G63: 8 TO 28 | H63: 2.5 HRS | I63: AUG TO OCT | J63: 18.5 | K63: 60 | L63: 20 | M63: 227 | N63: 562 | O63: Yes | P63: Yes | Q63: $25 FPR CLASS, $25 PER POLL SITE AND $50 PER VOTING SYSTEM | R63: Somewhat Difficult | S63: No | T63: 7 | U63: 35 | V63: 34 | W63: 113 | X63: 187 | Y63: 191 | Z63: 108
A64: WARREN | B64: 145 | C64: 145 | D64: 0 | E64: INCLUDED IN #34 | F64: 12 | G64: 20 | H64: 3 HOURS | I64: JUNE/JULY | J64: 16.50 PER HOUR | K64: 50 | L64: 10 | M64: 8 | N64: 100 | O64: Yes | P64: Yes | Q64: 25 | R64: Somewhat Difficult | S64: Yes | T64: 0 | U64: 0 | V64: 2 | W64: 17 | X64: 55 | Y64: 55 | Z64: 7
A65: WASHINGTON | B65: 166 | C65: 166 | D65: 0 | E65: 0 | F65: 14 | G65: 15 | H65: 3 Hours | I65: July-September | J65: 15.22/Hour | K65: 15.22/Hour | L65: 0 | M65: 26 | N65: 153 | O65: Yes | P65: No | Q65: 0 | R65: Somewhat Difficult | S65: Yes | T65: 0 | U65: 0 | V65: 0 | W65: 21 | X65: 50 | Y65: 95 | Z65: 6
A66: WAYNE | B66: 224 | C66: 238 | D66: 0 | E66: 0 | F66: 12 | G66: 40 | H66: 3.5 hours | I66: May, Aug, Sept, Oct | J66: 320 | K66: 50 | L66: 180 | M66: 19 | N66: 222 | O66: No | P66: No | Q66: N/A | R66: Somewhat Difficult | S66: Yes | T66: 0 | U66: 0 | V66: 5 | W66: 41 | X66: 84 | Y66: 94 | Z66: 20
A67: WESTCHESTER | B67: 4422 | C67: 5304 | D67: 5 | E67: 0 | F67: 391 | G67: 12 to 30 | H67: 2.5 to 3 hours | I67: April - October | J67: $200 Early Voting, $350 Election Day | K67: 25 | L67: 25 | M67: About 500 | N67: 3991 | O67: No | P67: No | R67: Somewhat Difficult | S67: Yes | T67: 5 | U67: 152 | V67: 341 | W67: 959 | X67: 1190 | Y67: 1127 | Z67: 709
A68: WYOMING | B68: 180 | C68: 180 | D68: 0 | E68: 0 | F68: 5 | G68: 20-40 | H68: 3 hours | I68: September | J68: $15.50/hour | K68: $15.50/hour | L68: $3.50/hour | M68: DNT | N68: 59 | O68: No | P68: Yes | Q68: $19.00/hour | R68: Neither Difficult nor Easy | T68: 0 | U68: 1 | V68: 2 | W68: 9 | X68: 26 | Y68: 33 | Z68: 6
A69: YATES | B69: 103 | C69: 103 | D69: 0 | E69: 0 | F69: 7 | G69: 25,23,13,26,6,3,6 | H69: 2.5 Hours | I69: April, May, Sept | J69: $17.25/hour | K69: $17.25/Hr | L69: $3.72/Hr | M69: 0 | N69: 88 | O69: Yes | P69: Yes | Q69: 19.33 | R69: Somewhat Difficult | S69: No | T69: 0 | U69: 0 | V69: 2 | W69: 13 | X69: 48 | Y69: 40 | Z69: 11
A70: TOTALS | B70: =SUM(B13:B69) -> 33518 | C70: =SUM(C13:C69) -> 30942 | D70: =SUM(D13:D69) -> 390 | E70: =SUM(E13:E69) -> 3746 | F70: =SUM(F13:F69) -> 2102 | G70: =SUM(G13:G69) -> 931 | M70: =SUM(M13:M69) -> 4211 | N70: =SUM(N13:N69) -> 29996 | Q70: =SUM(Q13:Q69) -> 3311.83 | T70: =SUM(T13:T69) -> 69 | U70: =SUM(U13:U69) -> 694 | V70: =SUM(V13:V69) -> 1780 | W70: =SUM(W13:W69) -> 6369 | X70: =SUM(X13:X69) -> 10603 | Y70: =SUM(Y13:Y69) -> 11441 | Z70: =SUM(Z13:Z69) -> 3242
A71: BRONX | B71: 5421 | C71: 5421 | D71: 87 | E71: 261 | F71: 670 | G71: 30 | H71: 4 hours | I71: AUG-OCT | J71: 250 | K71: 100 | L71: 3 | M71: N/A | N71: 4326 | O71: No | P71: Yes | Q71: $350.00/day | R71: Difficult | S71: Yes | T71: 37 | U71: 353 | V71: 855 | W71: 1802 | X71: 1603 | Y71: 771 | Z71: 1287
A72: KINGS | B72: 11088 | C72: 11088 | D72: 276 | E72: 74 | F72: 1314 | G72: 30 | H72: 4 hours | I72: AUG-OCT | J72: 250 | K72: 100 | L72: 3 | M72: N/A | N72: 9148 | O72: No | P72: Yes | Q72: $350.00/day | R72: Difficult | S72: Yes | T72: 45 | U72: 1080 | V72: 2055 | W72: 3620 | X72: 2628 | Y72: 1661 | Z72: 2463
A73: NEW YORK | B73: 6490 | C73: 6490 | D73: 141 | E73: 229 | F73: 1115 | G73: 30 | H73: 4 hours | I73: AUG-OCT | J73: 250 | K73: 100 | L73: 3 | M73: N/A | N73: 5422 | O73: No | P73: Yes | Q73: $350.00/day | R73: Difficult | S73: Yes | T73: 11 | U73: 349 | V73: 891 | W73: 1917 | X73: 1957 | Y73: 1365 | Z73: 840
A74: QUEENS | B74: 8984 | C74: 8984 | D74: 277 | E74: 239 | F74: 1251 | G74: 30 | H74: 4 hours | I74: AUG-OCT | J74: 250 | K74: 100 | L74: 3 | M74: N/A | N74: 7353 | O74: No | P74: Yes | Q74: $350.00/day | R74: Difficult | S74: Yes | T74: 6 | U74: 801 | V74: 1314 | W74: 2905 | X74: 2313 | Y74: 1645 | Z74: 1486
A75: RICHMOND | B75: 2361 | C75: 2361 | D75: 37 | E75: 1 | F75: 381 | G75: 30 | H75: 4 hours | I75: AUG-OCT | J75: 250 | K75: 100 | L75: 3 | M75: N/A | N75: 1951 | O75: No | P75: Yes | Q75: $350.00/day | R75: Difficult | S75: Yes | T75: 6 | U75: 176 | V75: 291 | W75: 683 | X75: 686 | Y75: 519 | Z75: 498
A76: NYC TOTAL | B76: =SUM(B71:B75) -> 34344 | C76: =SUM(C71:C75) -> 34344 | D76: =SUM(D71:D75) -> 818 | E76: =SUM(E71:E75) -> 804 | F76: =SUM(F71:F75) -> 4731 | G76: =SUM(G71:G75) -> 150 | M76: =SUM(M71:M75) -> 0 | N76: =SUM(N71:N75) -> 28200 | Q76: =SUM(Q71:Q75) -> 0 | T76: =SUM(T71:T75) -> 105 | U76: =SUM(U71:U75) -> 2759 | V76: =SUM(V71:V75) -> 5406 | W76: =SUM(W71:W75) -> 10927 | X76: =SUM(X71:X75) -> 9187 | Y76: =SUM(Y71:Y75) -> 5961 | Z76: =SUM(Z71:Z75) -> 6574
A77: GRAND TOTAL | B77: =SUM(B70+B76) -> 67862 | C77: =SUM(C70+C76) -> 65286 | D77: =SUM(D70+D76) -> 1208 | E77: =SUM(E70+E76) -> 4550 | F77: =SUM(F70+F76) -> 6833 | G77: =SUM(G70+G76) -> 1081 | M77: =SUM(M70+M76) -> 4211 | N77: =SUM(N70+N76) -> 58196 | Q77: =SUM(Q70+Q76) -> 3311.83 | T77: =SUM(T70+T76) -> 174 | U77: =SUM(U70+U76) -> 3453 | V77: =SUM(V70+V76) -> 7186 | W77: =SUM(W70+W76) -> 17296 | X77: =SUM(X70+X76) -> 19790 | Y77: =SUM(Y70+Y76) -> 17402 | Z77: =SUM(Z70+Z76) -> 9816

Sheet Report 1e
A1: 2025 Annual Statistical Information Survey
A3: June Primary Designating Petition Summary
A4: Please do not leave any cell blank. If cells are blank the State Board will need to reach out to obtain an answer.
A5: Key
A6: Value is zero | B6: 0
A7: Does not apply | B7: N/A
A8: Does not track | B8: DNT
B10: DESIGNATING PETITIONS | M10: OPPORTUNITY TO BALLOT PETITIONS
B11: Question #52 | C11: Question #53 | D11: Question #54 | E11: Question #55 | F11: Question #56 | G11: Question #57 | H11: Question #58 | I11: Question #59 | J11: Question #60 | K11: Question #61 | L11: Question #62 | M11: Question #63 | N11: Question #64 | O11: Question #65 | P11: Question #66 | Q11: Question #67 | R11: Question #68 | S11: Question #69 | T11: Question #70
A12: County | B12: Number Petitions Received | C12: Number Invalidated in Prima Facie Review | D12: Number Objected to | E12: Number of Specs Filed | F12: Number Invalidated by Board | G12: Number of Court Cases | H12: Does your board hold petition hearings? | I12: Number Cases Upholding Board Position | J12: Number Cases Reversing Board Position | K12: Do you use SBOE prima facie review post-it notes program for your review? | L12: If No, please describe what you use. | M12: Number Petitions Received | N12: Number Invalidated in Prima Facie Review | O12: Number Objected to | P12: Number of Specs Filed | Q12: Number Invalidated by Board | R12: Number of Court Cases | S12: Number Cases Upholding Board Position | T12: Number Cases Reversing Board Position
A13: ALBANY | B13: 88 | C13: 0 | D13: 7 | E13: 8 | F13: 5 | G13: 1 | H13: Yes | I13: 1 | J13: 0 | K13: Yes | M13: 0 | N13: 0 | O13: 0 | P13: 0 | Q13: 0 | R13: 0 | S13: 0 | T13: 0
A14: ALLEGANY | B14: 112 | C14: 2 | D14: 2 | E14: 2 | F14: 2 | G14: 0 | H14: Yes | I14: 0 | J14: 0 | K14: No | L14: inhouse prima facie review form | M14: 1 | N14: 0 | O14: 0 | P14: 0 | Q14: 0 | R14: 0 | S14: 0 | T14: 0
A15: BROOME | B15: 179 | C15: 1 | D15: 0 | E15: 0 | F15: N/A | G15: 0 | H15: Yes | I15: N/A | J15: N/A | K15: Yes | M15: 1 | N15: 0 | O15: 1 | P15: 24 | Q15: 1 | R15: 0 | S15: N/A | T15: N/A
A16: CATTARAUGUS | B16: 77 | C16: 1 | D16: 1 | E16: 1 | F16: 1 | G16: 0 | H16: Yes | I16: 0 | J16: 0 | K16: Yes | L16: n/a | M16: 0 | N16: 0 | O16: 0 | P16: 0 | Q16: 0 | R16: 0 | S16: 0 | T16: 0
A17: CAYUGA | B17: 104 | C17: 4 | D17: 4 | E17: 1 | F17: 1 | G17: 0 | H17: Yes | I17: 1 | J17: 0 | K17: No | L17: Prima facie election law review | M17: 0 | N17: 0 | O17: 0 | P17: 0 | Q17: 0 | R17: 0 | S17: 0 | T17: 0
A18: CHAUTAUQUA | B18: 158 | C18: 0 | D18: 3 | E18: 1 | F18: 0 | G18: 0 | H18: Yes | I18: 0 | J18: 0 | K18: Yes | L18: N/A | M18: 0 | N18: 0 | O18: 0 | P18: 0 | Q18: 0 | R18: 0 | S18: 0 | T18: 0
A19: CHEMUNG | B19: 72 | C19: 2 | D19: 2 | E19: 0 | F19: 0 | G19: 0 | H19: Yes | I19: 0 | J19: 0 | K19: No | L19: County Prima Facia Review Sheets - see attached | M19: 0 | N19: 0 | O19: 0 | P19: 0 | Q19: 0 | R19: 0 | S19: 0 | T19: 0
A20: CHENANGO | B20: 113 | C20: 0 | D20: 0 | E20: 0 | F20: 0 | G20: 0 | H20: No | I20: 0 | J20: 0 | K20: Yes | L20: N/A | M20: 0 | N20: 0 | O20: 0 | P20: 0 | Q20: 0 | R20: 0 | S20: 0 | T20: 0
A21: CLINTON | B21: 34 | C21: 0 | D21: 0 | E21: 0 | F21: 0 | G21: 0 | H21: Yes | I21: N/A | J21: N/A | K21: Yes | L21: N/A | M21: 1 | N21: 0 | O21: 0 | P21: 0 | Q21: 0 | R21: 0 | S21: N/A | T21: N/A
A22: COLUMBIA | B22: 61 | C22: 0 | D22: 2 | E22: 0 | F22: 1 | G22: 0 | H22: Yes | I22: 0 | J22: NA | K22: Yes | L22: NA | M22: 0 | N22: NA | O22: NA | P22: NA | Q22: NA | R22: NA | S22: NA | T22: NA
A23: CORTLAND | B23: 16 | C23: 0 | D23: 0 | E23: N/A | F23: N/A | G23: N/A | H23: Yes | I23: N/A | J23: N/A | K23: Yes | L23: N/A | M23: 0 | N23: N/A | O23: N/A | P23: N/A | Q23: N/A | R23: N/A | S23: N/A | T23: N/A
A24: DELAWARE | B24: 85 | C24: 2 | D24: 1 | E24: 0 | F24: 2 | G24: 0 | H24: Yes | I24: 0 | J24: 0 | K24: Yes | M24: 0 | N24: N/A | O24: N/A | P24: N/A | Q24: 0 | R24: 0 | S24: 0 | T24: 0
A25: DUTCHESS | B25: 708 | C25: 3 | D25: 28 | E25: 10 | F25: 5 | G25: 4 | H25: Yes | I25: 1 | J25: 0 | K25: Yes | L25: N/A | M25: 0 | N25: 0 | O25: 0 | P25: 0 | Q25: 0 | R25: 0 | S25: 0 | T25: 0
A26: ERIE | B26: 177 | C26: 1 | D26: 31 | E26: 11 | F26: 2 | G26: 1 | H26: Yes | I26: 1 | J26: 0 | K26: No | L26: Review Petitions, separating those that do not comply | M26: 1 | N26: 0 | O26: 1 | P26: 1 | Q26: 0 | R26: 0 | S26: 0 | T26: 0
A27: ESSEX | B27: 120 | C27: 0 | D27: 2 | E27: 2 | F27: 2 | G27: 0 | H27: Yes | I27: N/A | J27: N/A | K27: Yes | L27: N/A | M27: 0 | N27: N/A | O27: N/A | P27: N/A | Q27: N/A | R27: N/A | S27: N/A | T27: N/A
A28: FRANKLIN | B28: 50 | C28: 1 | D28: 0 | E28: 0 | F28: 0 | G28: 0 | H28: Yes | I28: 0 | J28: 0 | K28: Yes | L28: N/A | M28: 0 | N28: 0 | O28: 0 | P28: 0 | Q28: 0 | R28: 0 | S28: 0 | T28: 0
A29: FULTON | B29: 76 | C29: 0 | D29: 0 | E29: 0 | F29: 0 | G29: 0 | H29: No | I29: 0 | J29: 0 | K29: Yes | M29: 0 | N29: 0 | O29: 0 | P29: 0 | Q29: 0 | R29: 0 | S29: 0 | T29: 0
A30: GENESEE | B30: 52 | C30: 2 | D30: 0 | E30: 0 | F30: 2 | G30: 0 | H30: No | I30: 0 | J30: 0 | K30: No | L30: Review sheet | M30: 0 | N30: 0 | O30: 0 | P30: 0 | Q30: 0 | R30: 0 | S30: 0 | T30: 0
A31: GREENE | B31: 16 | C31: 0 | D31: 0 | E31: 0 | F31: 0 | G31: 0 | H31: no | I31: 0 | J31: 0 | K31: yes | L31: n/a | M31: 0 | N31: n/a | O31: n/a | P31: n/a | Q31: n/a | R31: n/a | S31: n/a | T31: n/a
A32: HAMILTON | B32: 44 | C32: 0 | D32: 0 | E32: 0 | F32: 0 | G32: 0 | H32: No | I32: n/a | J32: N/A | K32: Yes | L32: N/A | M32: 0 | N32: 0 | O32: 0 | P32: 0 | Q32: 0 | R32: 0 | S32: 0 | T32: 0
A33: HERKIMER | B33: 131 | C33: 0 | D33: 5 | E33: 5 | F33: 5 | G33: 1 | H33: Yes | I33: 0 | J33: 1 | K33: Yes | L33: N/A | M33: 0 | N33: 0 | O33: 0 | P33: 0 | Q33: 0 | R33: 0 | S33: 0 | T33: 0
A34: JEFFERSON | B34: 123 | C34: 7 | D34: 7 | E34: 7 | F34: 6 | G34: 1 | H34: Yes | I34: 1 | J34: 0 | K34: Yes | L34: N/A | M34: 0 | N34: 0 | O34: 0 | P34: 0 | Q34: 0 | R34: 0 | S34: 0 | T34: 0
A35: LEWIS | B35: 119 | C35: 0 | D35: 0 | E35: 0 | F35: 0 | G35: 0 | H35: Yes | I35: 0 | J35: 0 | K35: Yes | L35: N/A | M35: 0 | N35: 0 | O35: 0 | P35: 0 | Q35: 0 | R35: 0 | S35: 0 | T35: 0
A36: LIVINGSTON | B36: 7 | C36: 0 | D36: 0 | E36: 1 | F36: 0 | G36: 0 | H36: Yes | I36: n/a | J36: n/a | K36: Yes | L36: n/a | M36: 0 | N36: 0 | O36: 0 | P36: 0 | Q36: 0 | R36: 0 | S36: 0 | T36: 0
A37: MADISON | B37: 79 | C37: 0 | D37: 0 | E37: 0 | F37: 0 | G37: 0 | H37: No | I37: 0 | J37: 0 | K37: Yes | L37: N/A | M37: 0 | N37: N/A | O37: N/A | P37: N/A | Q37: N/A | R37: N/A | S37: N/A | T37: N/A
A38: MONROE | B38: 157 | C38: 0 | D38: 26 | E38: 10 | F38: 8 | G38: 2 | H38: Yes | I38: 1 | J38: 1 | K38: No | L38: ATTACHED | M38: 0 | N38: N/A | O38: N/A | P38: N/A | Q38: N/A | R38: N/A | S38: N/A | T38: N/A
A39: MONTGOMERY | B39: 83 | C39: 0 | D39: 2 | E39: 1 | F39: 1 | G39: 0 | H39: Yes | I39: 1 | J39: 0 | K39: Yes | L39: N/A | M39: 0 | N39: N/A | O39: N/A | P39: N/A | Q39: N/A | R39: N/A | S39: N/A | T39: N/A
A40: NASSAU | B40: 153 | C40: 2 | D40: 2 | E40: 1 | F40: 3 | G40: 0 | H40: No | I40: 0 | J40: 0 | K40: Yes | L40: N/A | M40: 0 | N40: 0 | O40: 0 | P40: 0 | Q40: 0 | R40: 0 | S40: 0 | T40: 0
A41: NIAGARA | B41: 162 | C41: 1 | D41: 15 | E41: 10 | F41: 15 | G41: 7 | H41: Yes | I41: 6 | J41: 1 | K41: Yes | L41: N/A | M41: 8 | N41: 4 | O41: 2 | P41: 2 | Q41: 2 | R41: 0 | S41: 0 | T41: 0
A42: ONEIDA | B42: 198 | C42: 5 | D42: 23 | E42: 9 | F42: 4 | G42: 0 | H42: Yes | I42: N/A | J42: N/A | K42: No | L42: WE COMBINED THE ITEMS FROM THE POST ITS ONTO A ONE PAGE DOCUMENT | M42: 0 | N42: 0 | O42: 0 | P42: 0 | Q42: 0 | R42: 0 | S42: 0 | T42: 0
A43: ONONDAGA | B43: 146 | C43: 0 | D43: 10 | E43: 8 | F43: 3 | G43: 2 | H43: Yes | I43: 2 | J43: 0 | K43: Yes | M43: 1 | N43: 0 | O43: 0 | P43: 0 | Q43: 0 | R43: 0 | S43: 0 | T43: 0
A44: ONTARIO | B44: 67 | C44: 1 | D44: 1 | E44: 1 | F44: 0 | G44: 1 | H44: Yes | I44: 1 | J44: 0 | K44: No | L44: local form derived from state form | M44: 0 | N44: 0 | O44: 0 | P44: 0 | Q44: 0 | R44: 0 | S44: 0 | T44: 0
A45: ORANGE | B45: 219 | C45: 4 | D45: 130 | E45: 52 | F45: 3 | G45: 2 | H45: Yes | I45: 3 | J45: 0 | K45: Yes | L45: N/A | M45: 0 | N45: 0 | O45: 0 | P45: 0 | Q45: 0 | R45: 0 | S45: 0 | T45: 0
A46: ORLEANS | B46: 27 | C46: 0 | D46: 0 | E46: 0 | F46: 0 | G46: 0 | H46: Yes | I46: NA | J46: NA | K46: No | L46: hard copy | M46: 0 | N46: 0 | O46: 0 | P46: 0 | Q46: 0 | R46: 0 | S46: 0 | T46: 0
A47: OSWEGO | B47: 206 | C47: 0 | D47: 37 | E47: 5 | F47: 0 | G47: 0 | H47: Yes | I47: N/A | J47: N/A | K47: Yes | L47: N/A | M47: 0 | N47: N/A | O47: N/A | P47: N/A | Q47: N/A | R47: N/A | S47: N/A | T47: N/A
A48: OTSEGO | B48: 145 | C48: 2 | D48: 8 | E48: 7 | F48: 4 | G48: 0 | H48: Yes | I48: N/A | J48: N/A | K48: Yes | L48: N/A | M48: 0 | N48: N/A | O48: N/A | P48: N/A | Q48: N/A | R48: N/A | S48: N/A | T48: N/A
A49: PUTNAM | B49: 35 | C49: 0 | D49: 12 | E49: 1 | F49: 1 | G49: 0 | H49: Yes | I49: N/A | J49: N/A | K49: Yes | L49: N/A | M49: 1 | N49: 1 | O49: 0 | P49: 0 | Q49: 0 | R49: 0 | S49: N/A | T49: N/A
A50: RENSSELAER | B50: 100 | C50: 1 | D50: 25 | E50: 0 | F50: 0 | G50: 0 | H50: Yes | I50: 0 | J50: 0 | K50: Yes | M50: 0 | N50: 0 | O50: 0 | P50: 0 | Q50: 0 | R50: 0 | S50: 0 | T50: 0
A51: ROCKLAND | B51: 67 | C51: 0 | D51: 2 | E51: 2 | F51: 0 | G51: 2 | H51: Yes | I51: 1 | J51: 1 | K51: Yes | L51: N/A | M51: 0 | N51: 0 | O51: 0 | P51: 0 | Q51: 0 | R51: 0 | S51: 0 | T51: 0
A52: SARATOGA | B52: 70 | C52: 4 | D52: 10 | E52: 0 | F52: 0 | G52: 0 | H52: No | I52: 0 | J52: 0 | K52: Yes | L52: N/a | M52: 0 | N52: 0 | O52: 0 | P52: 0 | Q52: 0 | R52: 0 | S52: 0 | T52: 0
A53: SCHENECTADY | B53: 56 | C53: 1 | D53: 17 | E53: 4 | F53: 6 | G53: 1 | H53: Yes | I53: 1 | J53: 0 | K53: No | L53: review sheet | M53: 0 | N53: N/A | O53: N/A | P53: N/A | Q53: N/A | R53: N/A | S53: N/A | T53: N/A
A54: SCHOHARIE | B54: 13 | C54: 0 | D54: 0 | E54: 0 | F54: 0 | G54: 0 | H54: Yes | I54: 0 | J54: 0 | K54: No | L54: SBOE PRIMA FACIE WORKSHEET | M54: 0 | N54: 0 | O54: 0 | P54: 0 | Q54: 0 | R54: 0 | S54: 0 | T54: 0
A55: SCHUYLER | B55: 55 | C55: 1 | D55: 3 | E55: 3 | F55: 3 | G55: 0 | H55: Yes | I55: 0 | J55: 0 | K55: No | L55: Worksheet | M55: 0 | N55: n/a | O55: n/a | P55: n/a | Q55: n/a | R55: n/a | S55: n/a | T55: n/a
A56: SENECA | B56: 33 | C56: 0 | D56: 1 | E56: 0 | F56: 0 | G56: 0 | H56: Yes | I56: 0 | J56: 0 | K56: No | L56: Prima facie sheets from SBOE | M56: 0 | N56: 0 | O56: 0 | P56: 0 | Q56: 0 | R56: 0 | S56: 0 | T56: 0
A57: ST. LAWRENCE | B57: 136 | C57: 2 | D57: 2 | E57: 1 | F57: 0 | G57: 0 | H57: No | I57: 0 | J57: 0 | K57: Yes | L57: N/A | M57: 0 | N57: 0 | O57: 0 | P57: 0 | Q57: 0 | R57: 0 | S57: 0 | T57: 0
A58: STEUBEN | B58: 202 | C58: 13 | D58: 9 | E58: 2 | F58: 2 | G58: 0 | H58: Yes | I58: 0 | J58: 0 | K58: Yes | M58: 0 | N58: 0 | O58: 0 | P58: 0 | Q58: 0 | R58: 0 | S58: 0 | T58: 0
A59: SUFFOLK | B59: 907 | C59: 2 | D59: 33 | E59: 22 | F59: 0 | G59: 1 | H59: Yes | I59: 0 | J59: 0 | K59: Yes | L59: N/A | M59: 0 | N59: 0 | O59: 0 | P59: 0 | Q59: 0 | R59: 0 | S59: 0 | T59: 0
A60: SULLIVAN | B60: 109 | C60: 7 | D60: 14 | E60: 14 | F60: 7 | G60: 0 | H60: Yes | I60: n/a | J60: n/a | K60: No | L60: Form | M60: 0 | N60: 0 | O60: 0 | P60: 0 | Q60: 0 | R60: 0 | S60: n/a | T60: n/a
A61: TIOGA | B61: 37 | C61: 0 | D61: 2 | E61: 0 | F61: 0 | G61: 0 | H61: Yes | I61: N/A | J61: N/A | K61: Yes | L61: N/A | M61: 0 | N61: N/A | O61: N/A | P61: N/A | Q61: N/A | R61: N/A | S61: N/A | T61: N/A
A62: TOMPKINS | B62: 147 | C62: 0 | D62: 2 | E62: 2 | F62: 0 | G62: 0 | H62: Yes | I62: 0 | J62: 0 | K62: Yes | M62: 0 | N62: 0 | O62: 0 | P62: 0 | Q62: 0 | R62: 0 | S62: 0 | T62: 0
A63: ULSTER | B63: 93 | C63: 1 | D63: 12 | E63: 7 | F63: 1 | G63: 1 | H63: Yes | I63: 1 | J63: 0 | K63: No | L63: Petition review sheet which we have attached | M63: 0 | N63: 0 | O63: 0 | P63: 0 | Q63: 0 | R63: 0 | S63: 0 | T63: 0
A64: WARREN | B64: 273 | C64: 1 | D64: 1 | E64: 1 | F64: 1 | G64: 0 | H64: Yes | I64: 1 | J64: 0 | K64: Yes | M64: 6 | N64: 2 | O64: 0 | P64: 0 | Q64: 2 | R64: 0 | S64: 0 | T64: 0
A65: WASHINGTON | B65: 32 | C65: 0 | D65: 1 | E65: 0 | F65: 0 | G65: 0 | H65: No | I65: 0 | J65: 0 | K65: Yes | L65: N/A | M65: 0 | N65: 0 | O65: 0 | P65: 0 | Q65: 0 | R65: 0 | S65: 0 | T65: 0
A66: WAYNE | B66: 15 | C66: 0 | D66: 0 | E66: 0 | F66: 0 | G66: 0 | H66: No | I66: 0 | J66: 0 | K66: Yes | L66: N/A | M66: 0 | N66: 0 | O66: 0 | P66: 0 | Q66: 0 | R66: 0 | S66: 0 | T66: 0
A67: WESTCHESTER | B67: 610 | C67: 45 | D67: 59 | E67: 32 | F67: 72 | G67: 15 | H67: Yes | I67: 13 | J67: 2 | K67: Yes | M67: 9 | N67: 0 | O67: 3 | P67: 3 | Q67: 2 | R67: 0 | S67: 0 | T67: 0
A68: WYOMING | B68: 7 | C68: 0 | D68: 1 | F68: 0 | G68: 0 | H68: Yes | I68: 0 | J68: 0 | K68: Yes | L68: N/A | M68: 0 | N68: 0 | O68: 0 | P68: 0 | Q68: 0 | R68: 0 | S68: 0 | T68: 0
A69: YATES | B69: 39 | C69: 0 | D69: 0 | E69: 0 | F69: 0 | G69: 0 | H69: Yes | I69: 0 | J69: 0 | K69: Yes | L69: N/A | M69: 0 | N69: 0 | O69: 0 | P69: 0 | Q69: 0 | R69: 0 | S69: 0 | T69: 0
A70: TOTALS | B70: =SUM(B13:B69) -> 7400 | C70: =SUM(C13:C69) -> 119 | D70: =SUM(D13:D69) -> 555 | E70: =SUM(E13:E69) -> 244 | F70: =SUM(F13:F69) -> 168 | G70: =SUM(G13:G69) -> 42 | H70: =SUM(H13:H69) -> 0 | I70: =SUM(I13:I69) -> 36 | ... T70: =SUM(T13:T69) -> 0
A71: BRONX | B71: 346 | C71: 0 | D71: 31 | E71: 8 | F71: 247 | G71: 0 | H71: Yes | I71: 0 | J71: 0 | K71: No | L71: In-house program | M71: 0 | N71: 0 | O71: 0 | P71: 0 | Q71: 0 | R71: 0 | S71: 0 | T71: 0
A72: KINGS | B72: 433 | C72: 0 | D72: 86 | E72: 46 | F72: 20 | G72: 17 | H72: Yes | I72: 15 | J72: 2 | K72: No | L72: In-house program | M72: 0 | N72: 0 | O72: 0 | P72: 0 | Q72: 0 | R72: 0 | S72: 0 | T72: 0
A73: NEW YORK | B73: 458 | C73: 0 | D73: 245 | E73: 135 | F73: 25 | G73: 5 | H73: Yes | I73: 1 | J73: 4 | K73: No | L73: In-house program | M73: 0 | N73: 0 | O73: 0 | P73: 0 | Q73: 0 | R73: 0 | S73: 0 | T73: 0
A74: QUEENS | B74: 351 | C74: 0 | D74: 227 | E74: 54 | F74: 6 | G74: 15 | H74: Yes | I74: 15 | J74: 0 | K74: No | L74: In-house program | M74: 0 | N74: 0 | O74: 0 | P74: 0 | Q74: 0 | R74: 0 | S74: 0 | T74: 0
A75: RICHMOND | B75: 69 | C75: 0 | D75: 14 | E75: 6 | F75: 70 | G75: 3 | H75: Yes | I75: 3 | J75: 0 | K75: No | L75: In-house program | M75: 0 | N75: 0 | O75: 0 | P75: 0 | Q75: 0 | R75: 0 | S75: 0 | T75: 0
A76: NYC TOTAL | B76: =SUM(B71:B75) -> 1657 | C76: =SUM(C71:C75) -> 0 | D76: =SUM(D71:D75) -> 603 | E76: =SUM(E71:E75) -> 249 | F76: =SUM(F71:F75) -> 368 | G76: =SUM(G71:G75) -> 40 | H76: =SUM(H71:H75) -> 0 | I76: =SUM(I71:I75) -> 34 | ... T76: =SUM(T71:T75) -> 0
A77: GRAND TOTAL | B77: =SUM(B70+B76) -> 9057 | C77: =SUM(C70+C76) -> 119 | D77: =SUM(D70+D76) -> 1158 | E77: =SUM(E70+E76) -> 493 | F77: =SUM(F70+F76) -> 536 | G77: =SUM(G70+G76) -> 82 | H77: =SUM(H70+H76) -> 0 | I77: =SUM(I70+I76) -> 70 | ... T77: =SUM(T70+T76) -> 0

Sheet Report 1f
A1: 2025 Annual Statistical Information Survey
A3: Independent Nominating Petitions/Caucus Certificate Summary
A4: Please do not leave any cell blank. If cells are blank the State Board will need to reach out to obtain an answer.
A5: Key
A6: Value is zero | B6: 0
A7: Does not apply | B7: N/A
A8: Does not track | B8: DNT
B10: INDEPENDENT NOMINATING PETITIONS | M10: CAUCUS CERTIFICATES
B11: Question #71 | C11: Question #72 | D11: Question #73 | E11: Question #74 | F11: Question #75 | G11: Question #76 | H11: Question #77 | I11: Question #78 | J11: Question #79 | K11: Question #80 | L11: Question #81 | M11: Question #82 | N11: Question #83 | O11: Question #84 | P11: Question #85 | Q11: Question #86 | R11: Question #87 | S11: Question #88
A12: County | B12: Number Petitions Received | C12: Number Invalidated in Prima Facie Review | D12: Number Objected to | E12: Number of Specs Filed | F12: Number Invalidated by Board | G12: Does your board hold petition hearings? | H12: Number of Court Cases | I12: Number of Cases Upholding Board Position | J12: Number of Cases Reversing Board Position | K12: Do you use SBOE prima facie review post-it notes program for your review? | L12: If No, please describe what you use. | M12: Number of Caucus Certificates Received | N12: Number of Caucus Certificates Challenged | O12: Number of Specs Filed | P12: Number of Caucus Certificates Invalidated by Board | Q12: Number of Court Cases | R12: Number of Cases Upholding Board Position | S12: Number of Cases Reversing Board Position
A13: ALBANY | B13: 5 | C13: 1 | D13: 0 | E13: 0 | F13: 0 | G13: Yes | H13: 0 | I13: 0 | J13: 0 | K13: Yes | M13: 10 | N13: 0 | O13: 0 | P13: 0 | Q13: 0 | R13: 0 | S13: 0
A14: ALLEGANY | B14: 17 | C14: 0 | D14: 0 | E14: 0 | F14: 0 | G14: Yes | H14: 0 | I14: 0 | J14: 0 | K14: No | L14: inhouse prima facie review form | M14: 6 | N14: 0 | O14: 0 | P14: 0 | Q14: 0 | R14: 0 | S14: 0
A15: BROOME | B15: 0 | C15: N/A | D15: N/A | E15: N/A | F15: N/A | G15: Yes | H15: N/A | I15: N/A | J15: N/A | K15: Yes | L15: N/A | M15: 3 | N15: 0 | O15: N/A | P15: 0 | Q15: 0 | R15: N/A | S15: N/A
A16: CATTARAUGUS | B16: 5 | C16: 0 | D16: 1 | E16: 1 | F16: 0 | G16: Yes | H16: 0 | I16: 0 | J16: 0 | K16: Yes | L16: n/a | M16: 6 | N16: 0 | O16: 0 | P16: 0 | Q16: 0 | R16: 0 | S16: 0
A17: CAYUGA | B17: 11 | C17: 2 | D17: 0 | E17: 0 | F17: 0 | G17: Yes | H17: 0 | I17: 0 | J17: 0 | K17: No | L17: Prima facie and legal counsel | N17: 0 | O17: 0 | P17: 0 | Q17: 0 | R17: 0 | S17: 0
A18: CHAUTAUQUA | B18: 17 | C18: 1 | D18: 0 | E18: 0 | F18: 1 | G18: Yes | H18: 0 | I18: 0 | J18: 0 | K18: Yes | L18: N/A | M18: 18 | N18: 0 | O18: 0 | P18: 0 | Q18: 0 | R18: 0 | S18: 0
A19: CHEMUNG | B19: 15 | C19: 0 | D19: 4 | E19: 1 | F19: 1 | G19: Yes | H19: 0 | I19: 0 | J19: 0 | K19: No | L19: N/A | M19: 0 | N19: 0 | O19: 0 | P19: 0 | Q19: 0 | R19: 0 | S19: 0
A20: CHENANGO | B20: 31 | C20: 0 | D20: 1 | E20: 0 | F20: 0 | G20: No | H20: 0 | I20: 0 | J20: 0 | K20: Yes | L20: N/A | M20: 18 | N20: 0 | O20: 0 | P20: 0 | Q20: 0 | R20: 0 | S20: 0
A21: CLINTON | B21: 4 | C21: 0 | D21: 0 | E21: 0 | F21: 0 | G21: Yes | H21: 0 | I21: N/A | J21: N/A | K21: Yes | L21: N/A | M21: 28 | N21: 0 | O21: 0 | P21: 0 | Q21: 0 | R21: N/A | S21: N/A
A22: COLUMBIA | B22: 13 | C22: 0 | D22: 0 | E22: 0 | F22: 0 | G22: Yes | H22: 0 | I22: 0 | J22: 0 | K22: Yes | L22: NA | M22: 30 | N22: 0 | O22: 0 | P22: 0 | Q22: 0 | R22: 0 | S22: 0
A23: CORTLAND | B23: 11 | C23: 0 | D23: 0 | E23: N/A | F23: N/A | G23: Yes | H23: 0 | I23: N/A | J23: N/A | K23: Yes | L23: N/A | M23: 21 | N23: 0 | O23: N/A | P23: N/A | Q23: N/A | R23: N/A | S23: N/A
A24: DELAWARE | B24: 26 | C24: 1 | D24: 0 | E24: 0 | F24: 0 | G24: Yes | H24: 0 | I24: 0 | J24: 0 | K24: Yes | L24: N/A | M24: 0 | N24: 0 | O24: 0 | P24: 0 | Q24: 0 | R24: 0 | S24: 0
A25: DUTCHESS | B25: 16 | C25: 2 | D25: 2 | E25: 1 | F25: 0 | G25: Yes | H25: 0 | I25: 0 | J25: 0 | K25: Yes | L25: N/A | M25: 21 | N25: 3 | O25: 2 | P25: 1 | Q25: 0 | R25: 0 | S25: 0
A26: ERIE | B26: 25 | C26: 1 | D26: 15 | E26: 4 | F26: 1 | G26: Yes | H26: 1 | I26: 0 | J26: 1 | K26: No | L26: Review Petitions, separating those that do not comply | M26: 0 | N26: 0 | O26: 0 | P26: 0 | Q26: 0 | R26: 0 | S26: 0
A27: ESSEX | B27: 68 | C27: 4 | D27: 0 | E27: 0 | F27: N/A | G27: Yes | H27: N/A | I27: N/A | J27: N/A | K27: Yes | L27: N/A | M27: 3 | N27: 0 | O27: 0 | P27: N/A | Q27: N/A | R27: N/A | S27: N/A
A28: FRANKLIN | B28: 8 | C28: 0 | D28: 0 | E28: 0 | F28: 0 | G28: Yes | H28: 0 | I28: 0 | J28: 0 | K28: Yes | L28: N/A | M28: 35 | N28: 0 | O28: 0 | P28: 0 | Q28: 0 | R28: 0 | S28: 0
A29: FULTON | B29: 18 | C29: 0 | D29: 0 | E29: 0 | F29: 0 | G29: No | H29: 0 | I29: 0 | J29: 0 | K29: Yes | M29: 0 | N29: 0 | O29: 0 | P29: 0 | Q29: 0 | R29: 0 | S29: 0
A30: GENESEE | B30: 10 | C30: 0 | D30: 1 | E30: 1 | F30: 1 | G30: No | H30: 0 | I30: 0 | J30: 0 | K30: No | L30: Review sheet | M30: 2 | N30: 0 | O30: 0 | P30: 0 | Q30: 0 | R30: 0 | S30: 0
A31: GREENE | B31: 5 | C31: 0 | D31: 0 | E31: 0 | F31: 0 | G31: No | H31: 0 | I31: 0 | J31: 0 | K31: Yes | L31: n/a | M31: 23 | N31: 0 | O31: 0 | P31: 0 | Q31: 0 | R31: 0 | S31: 0
A32: HAMILTON | B32: 20 | C32: 0 | D32: 0 | E32: 0 | F32: 0 | G32: No | H32: 0 | I32: 0 | J32: 0 | K32: Yes | L32: N/A | M32: 0 | N32: 0 | O32: 0 | P32: 0 | Q32: 0 | R32: 0 | S32: 0
A33: HERKIMER | B33: 43 | C33: 0 | D33: 4 | E33: 4 | F33: 3 | G33: Yes | H33: 0 | I33: 0 | J33: 0 | K33: Yes | L33: n/a | M33: 0 | N33: 0 | O33: 0 | P33: 0 | Q33: 0 | R33: 0 | S33: 0
A34: JEFFERSON | B34: 17 | C34: 0 | D34: 1 | E34: 1 | F34: 0 | G34: Yes | H34: 0 | I34: 0 | J34: 0 | K34: Yes | L34: N/A | M34: 5 | N34: 0 | O34: 0 | P34: 0 | Q34: 0 | R34: 0 | S34: 0
A35: LEWIS | B35: 21 | C35: 1 | D35: 0 | E35: 0 | F35: 1 | G35: No | H35: 0 | I35: 0 | J35: 0 | K35: Yes | L35: N/A | M35: 0 | N35: 0 | O35: 0 | P35: 0 | Q35: 0 | R35: 0 | S35: 0
A36: LIVINGSTON | B36: 17 | C36: 0 | D36: 0 | E36: 0 | F36: 0 | G36: Yes | H36: 0 | I36: 0 | J36: 0 | K36: Yes | L36: n/a | M36: 27 | N36: 0 | O36: 0 | P36: 0 | Q36: 0 | R36: 0 | S36: 0
A37: MADISON | B37: 27 | C37: 1 | D37: 0 | E37: 1 | F37: 0 | G37: Yes | H37: 0 | I37: N/A | J37: N/A | K37: Yes | L37: N/A | M37: 6 | N37: 0 | O37: 0 | P37: 0 | Q37: 0 | R37: 0 | S37: 0
A38: MONROE | B38: 8 | C38: 2 | D38: 3 | E38: 1 | F38: 0 | G38: Yes | H38: 0 | I38: N/A | J38: N/A | K38: No | L38: Attached | M38: 0 | N38: N/A | O38: N/A | P38: N/A | Q38: N/A | R38: N/A | S38: N/A
A39: MONTGOMERY | B39: 7 | C39: 0 | D39: 0 | E39: 0 | F39: 0 | G39: Yes | H39: 0 | I39: 0 | J39: 0 | K39: Yes | L39: N/A | M39: N/A | N39: N/A | O39: N/A | P39: N/A | Q39: N/A | R39: N/A | S39: N/A
A40: NASSAU | B40: 10 | C40: 0 | D40: 7 | E40: 3 | F40: 3 | G40: No | H40: 0 | I40: 0 | J40: 0 | K40: Yes | L40: N/A | M40: 0 | N40: 0 | O40: 0 | P40: 0 | Q40: 0 | R40: 0 | S40: 0
A41: NIAGARA | B41: 2 | C41: 0 | D41: 0 | E41: 0 | F41: 0 | G41: Yes | H41: 0 | I41: 0 | J41: 0 | K41: Yes | L41: N/A | M41: 0 | N41: 0 | O41: 0 | P41: 0 | Q41: 0 | R41: 0 | S41: 0
A42: ONEIDA | B42: 16 | C42: 2 | D42: 4 | E42: 2 | F42: 2 | G42: Yes | H42: 0 | I42: N/A | J42: N/A | K42: No | L42: WE COMBINED THE ITEMS FROM THE POST ITS ONTO A ONE PAGE DOCUMENT | M42: 12 | N42: 0 | O42: 0 | P42: 0 | Q42: N/A | R42: N/A | S42: N/A
A43: ONONDAGA | B43: 28 | C43: 2 | D43: 4 | E43: 4 | F43: 1 | G43: Yes | H43: 0 | I43: 0 | J43: 0 | K43: Yes | M43: 29 | N43: 2 | O43: 2 | P43: 1 | Q43: 2 | R43: 2 | S43: 0
A44: ONTARIO | B44: 20 | C44: 2 | D44: 3 | E44: 2 | F44: 1 | G44: Yes | H44: 1 | I44: 1 | J44: 0 | K44: No | L44: local form derived from state form | M44: 14 | N44: 0 | O44: 0 | P44: 0 | Q44: 0 | R44: 0 | S44: 0
A45: ORANGE | B45: 31 | C45: 0 | D45: 22 | E45: 13 | F45: 4 | G45: Yes | H45: 1 | I45: 1 | J45: 0 | K45: Yes | L45: N/A | M45: 1 | N45: 0 | O45: 0 | P45: 0 | Q45: 0 | R45: 0 | S45: 0
A46: ORLEANS | B46: 1 | C46: 0 | D46: 0 | E46: 0 | F46: 0 | G46: Yes | H46: 0 | I46: 0 | J46: 0 | K46: No | L46: hard copy | M46: NA | N46: NA | O46: NA | P46: NA | Q46: NA | R46: NA | S46: NA
A47: OSWEGO | B47: 34 | C47: 0 | D47: 2 | E47: 1 | F47: 0 | G47: Yes | H47: N/A | I47: N/A | J47: N/A | K47: Yes | L47: N/A | M47: 2 | N47: 0 | O47: 0 | P47: 0 | Q47: 0 | R47: 0 | S47: 0
A48: OTSEGO | B48: 36 | C48: 2 | D48: 4 | E48: 3 | F48: 3 | G48: Yes | H48: 1 | I48: 0 | J48: 1 | K48: Yes | L48: N/A | M48: 0 | N48: N/A | O48: N/A | P48: N/A | Q48: N/A | R48: N/A | S48: N/A
A49: PUTNAM | B49: 13 | C49: 0 | D49: 6 | E49: 2 | F49: 2 | G49: Yes | H49: 0 | I49: N/A | J49: N/A | K49: Yes | L49: N/A | M49: 6 | N49: 0 | O49: 0 | P49: 0 | Q49: 0 | R49: N/A | S49: N/A
A50: RENSSELAER | B50: 19 | C50: 0 | D50: 15 | E50: 0 | F50: 0 | G50: Yes | H50: 0 | I50: 0 | J50: 0 | K50: Yes | M50: 6 | N50: 0 | O50: 0 | P50: 0 | Q50: 0 | R50: 0 | S50: 0
A51: ROCKLAND | B51: 8 | C51: 1 | D51: 5 | E51: 2 | F51: 3 | G51: Yes | H51: 0 | I51: 1 | J51: 0 | K51: Yes | L51: N/A | M51: 1 | N51: 0 | O51: 0 | P51: 0 | Q51: 0 | R51: 0 | S51: 0
A52: SARATOGA | B52: 12 | C52: 1 | D52: 1 | E52: 0 | F52: 0 | G52: No | H52: 0 | I52: 0 | J52: 0 | K52: Yes | L52: N/a | M52: 5 | N52: 0 | O52: 0 | P52: 0 | Q52: 0 | R52: 0 | S52: 0
A53: SCHENECTADY | B53: 0 | C53: 0 | D53: N/A | E53: N/A | F53: N/A | G53: N/A | H53: N/A | I53: N/A | J53: N/A | K53: N/A | L53: N/A | M53: N/A | N53: N/A | O53: N/A | P53: N/A | Q53: N/A | R53: N/A | S53: N/A
A54: SCHOHARIE | B54: 12 | C54: 0 | D54: 0 | E54: 0 | F54: 0 | G54: Yes | H54: 0 | I54: 0 | J54: 0 | K54: No | L54: SBOE PRIMA FACIE WORKSHEET | M54: 27 | N54: 0 | O54: 0 | P54: 0 | Q54: 0 | R54: 0 | S54: 0
A55: SCHUYLER | B55: 13 | C55: 0 | D55: 1 | E55: 1 | F55: 1 | G55: Yes | H55: 0 | I55: n/a | J55: n/a | K55: No | L55: worksheet | M55: 6 | N55: 0 | O55: n/a | P55: n/a | Q55: n/a | R55: n/a | S55: n/a
A56: SENECA | B56: 1 | C56: 0 | D56: 0 | E56: 0 | F56: 0 | G56: Yes | H56: 0 | I56: 0 | J56: 0 | K56: No | L56: Prima facie sheets from SBOE | M56: 6 | N56: 0 | O56: 0 | P56: 0 | Q56: 0 | R56: 0 | S56: 0
A57: ST. LAWRENCE | B57: 35 | C57: 0 | D57: 1 | E57: 0 | F57: 0 | G57: No | H57: 0 | I57: 0 | J57: 0 | K57: Yes | L57: N/A | M57: 25 | N57: 0 | O57: 0 | P57: 0 | Q57: 0 | R57: 0 | S57: 0
A58: STEUBEN | B58: 38 | C58: 1 | D58: 0 | E58: 0 | F58: 0 | G58: Yes | H58: 0 | I58: 0 | J58: 0 | K58: Yes | M58: 8 | N58: 0 | O58: 0 | P58: 1 | Q58: 0 | R58: 0 | S58: 0
A59: SUFFOLK | B59: 8 | C59: 0 | D59: 2 | E59: 2 | F59: 0 | G59: Yes | H59: 0 | I59: 0 | J59: 0 | K59: Yes | L59: N/A | M59: N/A | N59: N/A | O59: N/A | P59: N/A | Q59: N/A | R59: N/A | S59: N/A
A60: SULLIVAN | B60: 20 | C60: 2 | D60: 1 | E60: 0 | F60: 1 | G60: Yes | H60: 0 | I60: n/a | J60: n/a | K60: No | L60: Form | M60: 5 | N60: 0 | O60: 0 | P60: 0 | Q60: 0 | R60: n/a | S60: n/a
A61: TIOGA | B61: 3 | C61: 0 | D61: 0 | E61: 0 | F61: 0 | G61: Yes | H61: 0 | I61: N/A | J61: N/A | K61: Yes | L61: N/A | M61: 0 | N61: N/A | O61: N/A | P61: N/A | Q61: N/A | R61: N/A | S61: N/A
A62: TOMPKINS | B62: 14 | C62: 0 | D62: 3 | E62: 2 | F62: 1 | G62: Yes | H62: 0 | I62: 0 | J62: 0 | K62: Yes | M62: 3 | N62: 0 | O62: 0 | P62: 0 | Q62: 0 | R62: 0 | S62: 0
A63: ULSTER | B63: 13 | C63: 1 | D63: 3 | E63: 0 | F63: 0 | G63: Yes | H63: 0 | I63: 0 | J63: 0 | K63: No | L63: Petition review sheet which is attached | M63: 30 | N63: 0 | O63: 0 | P63: 0 | Q63: 0 | R63: 0 | S63: 0
A64: WARREN | B64: 22 | C64: 0 | D64: 0 | E64: 0 | F64: 0 | G64: Yes | H64: 0 | I64: 0 | J64: 0 | K64: Yes | M64: N/A | N64: N/A | O64: N/A | P64: N/A | Q64: N/A | R64: N/A | S64: N/A
A65: WASHINGTON | B65: 17 | C65: 0 | D65: 0 | E65: 0 | F65: 0 | G65: No | H65: 0 | I65: 0 | J65: 0 | K65: Yes | L65: n/a | M65: 19 | N65: 0 | O65: 0 | P65: 0 | Q65: 0 | R65: 0 | S65: 0
A66: WAYNE | B66: 16 | C66: 0 | D66: 1 | E66: 1 | F66: 0 | G66: Yes | H66: 0 | I66: 0 | J66: 0 | K66: Yes | L66: N/A | M66: 31 | N66: 0 | O66: 0 | P66: 0 | Q66: 0 | R66: 0 | S66: 0
A67: WESTCHESTER | B67: 14 | C67: 0 | D67: 6 | E67: 6 | F67: 5 | G67: Yes | H67: 1 | I67: 1 | J67: 0 | K67: Yes | M67: 6 | N67: 0 | O67: 0 | P67: 0 | Q67: 0 | R67: 0 | S67: 0
A68: WYOMING | B68: 4 | C68: 0 | D68: 1 | F68: 0 | H68: 0 | I68: 0 | J68: 0 | L68: N/A | M68: 19 | N68: 0 | O68: 0 | Q68: 0 | R68: 0 | S68: 0
A69: YATES | B69: 6 | C69: 0 | D69: 0 | E69: 0 | F69: 0 | G69: Yes | H69: 0 | I69: 0 | J69: 0 | K69: No | L69: Petition Review Work Sheet | M69: 0 | N69: 0 | O69: 0 | P69: 0 | Q69: 0 | R69: 0 | S69: 0
A70: TOTALS | B70: =SUM(B13:B69) -> 931 | C70: =SUM(C13:C69) -> 30 | D70: =SUM(D13:D69) -> 124 | E70: =SUM(E13:E69) -> 59 | F70: =SUM(F13:F69) -> 35 | G70: =SUM(G13:G69) -> 0 | H70: =SUM(H13:H69) -> 5 | I70: =SUM(I13:I69) -> 4 | J70: =SUM(J15:J69) -> 2 | K70: =SUM(K15:K69) -> 0 | L70: =SUM(L15:L69) -> 0 | M70: =SUM(M15:M69) -> 507 | N70: =SUM(N15:N69) -> 5 | O70: =SUM(O15:O69) -> 4 | P70: =SUM(P15:P69) -> 3 | Q70: =SUM(Q15:Q69) -> 2 | ... S70: =SUM(S15:S69) -> 0
A71: BRONX | B71: 22 | C71: 0 | D71: 0 | E71: 0 | F71: 2 | G71: Yes | H71: 1 | I71: 1 | J71: 0 | K71: No | L71: In-house program | M71: N/A | N71: N/A | O71: N/A | P71: N/A | Q71: N/A | R71: N/A | S71: N/A
A72: KINGS | B72: 98 | C72: 0 | D72: 27 | E72: 20 | F72: 3 | G72: Yes | H72: 7 | I72: 6 | J72: 1 | K72: No | L72: In-house program | M72: N/A | N72: N/A | O72: N/A | P72: N/A | Q72: N/A | R72: N/A | S72: N/A
A73: NEW YORK | B73: 134 | C73: 0 | D73: 17 | E73: 10 | F73: 3 | G73: Yes | H73: 1 | I73: 1 | J73: 0 | K73: No | L73: In-house program | M73: N/A | N73: N/A | O73: N/A | P73: N/A | Q73: N/A | R73: N/A | S73: N/A
A74: QUEENS | B74: 61 | C74: 0 | D74: 36 | E74: 19 | F74: 4 | G74: Yes | H74: 3 | I74: 3 | J74: 0 | K74: No | L74: In-house program | M74: N/A | N74: N/A | O74: N/A | P74: N/A | Q74: N/A | R74: N/A | S74: N/A
A75: RICHMOND | B75: 12 | C75: 0 | D75: 12 | E75: 5 | F75: 2 | G75: Yes | H75: 1 | I75: 1 | J75: 0 | K75: No | L75: In-house program | M75: N/A | N75: N/A | O75: N/A | P75: N/A | Q75: N/A | R75: N/A | S75: N/A
A76: NYC TOTAL | B76: =SUM(B71:B75) -> 327 | C76: =SUM(C71:C75) -> 0 | D76: =SUM(D71:D75) -> 92 | E76: =SUM(E71:E75) -> 54 | F76: =SUM(F71:F75) -> 14 | G76: =SUM(G71:G75) -> 0 | H76: =SUM(H71:H75) -> 13 | I76: =SUM(I71:I75) -> 12 | ... S76: =SUM(S71:S75) -> 0
A77: GRAND TOTAL | B77: =SUM(B70+B76) -> 1258 | C77: =SUM(C70+C76) -> 30 | D77: =SUM(D70+D76) -> 216 | E77: =SUM(E70+E76) -> 113 | F77: =SUM(F70+F76) -> 49 | G77: =SUM(G70+G76) -> 0 | H77: =SUM(H70+H76) -> 18 | I77: =SUM(I70+I76) -> 16 | ... S77: =SUM(S70+S76) -> 0

Sheet Report 2a
A1: 2025 Registration Summary
A3: Registration and Enrollment Summary
A4: ***Some totals will automatically calculate.
A5: Please do not leave any cell blank. If cells are blank the State Board will need to reach out to obtain an answer.
A6: Key
A7: Value is zero | B7: 0
A8: Does not apply | B8: N/A
A9: Does not track | B9: DNT
B12: Question #1 | C12: Question #2 | D12: Question #3 | E12: Question #4 | F12: Question #5 | G12: Question #6 | H12: Question #7 | J12: Question #8 | K12: Question #9 | L12: Question #10 | M12: Question #11 | N12: Question #12 | O12: Question #13 | P12: Question #14 | S12: Question #15 | T12: Question #16 | U12: Question #17 | V12: Question #18 | W12: Question #19 | X12: Question #20 | Y12: Question #21 | AA12: Question #22 | AB12: Question #23 | AC12: Question #24 | AD12: Question #25
B13: NEW REGISTRATION INFO | J13: New Pre-Registrations | S13: Updated Registrations | AA13: Types of Registration Changes
A14: County | B14: New Registrations Received by Agency-Based Programs | C14: New Registrations Received Through DMV Programs | D14: New Registrations Received by Mail | E14: New Registrations Received Via Personal Delivery to Board | F14: New Registrations from Advocacy Groups or Political Parties Reg Drives | G14: New Registrations from other Agencies Not Mandated by NVRA | H14: New Registrations from Polling Places and Voting Sites | I14: Number of New Registrations Processed | J14: New Pre-Registrations Received by Agency-Based Programs | K14: New Pre-Registrations Received Through DMV Programs | L14: New Pre-Registrations Received by Mail | M14: New Pre-Registrations Received Via Personal Delivery to Board | N14: New Pre-Registrations from Advocacy Groups or Political Parties Reg Drives | O14: New Pre-Registrations from other Agencies Not Mandated by NVRA | P14: New Pre-Registrations from Polling Places and Voting Sites | Q14: Number of New Pre Registrations Processed | R14: Total Number of New and Pre Registrations Processed | S14: Update of Existing Registrations Received by Agency-Based Programs | T14: Update of Existing Registrations Received Through DMV Programs | U14: Update of Existing Registrations Received by Mail | V14: Update of Existing Received Via Personal Delivery to Board | W14: Update of Existing from Advocacy Groups or Political Parties Reg Drives | X14: Update of Existing from other Agencies Not Mandated by NVRA | Y14: Update of Existing Registrations from Polling Places and Voting Sites | Z14: Number of Updated Existing Registrations Received | AA14: Number of Movers within your County | AB14: Number of Movers outside your County | AC14: Number of Enrollment Changes | AD14: Number of Name Changes | AE14: Total Questions 22-25
A18: ALBANY | B18: 367 | C18: 8113 | D18: 113 | E18: 316 | F18: 464 | G18: 2972 | H18: 0 | I18: =SUM(B18:H18) -> 12345 | J18: 25 | K18: 972 | L18: 201 | M18: 50 | N18: 0 | O18: 81 | P18: 0 | Q18: =SUM(J18:P18) -> 1329 | R18: =I18+Q18 -> 13674 | S18: 2227 | T18: 4939 | U18: 120 | V18: 150 | W18: 0 | X18: 2982 | Y18: 0 | Z18: =SUM(S18:Y18) -> 10418 | AA18: 1434 | AB18: 1088 | AC18: 3241 | AD18: 2419 | AE18: =SUM(AA18:AD18) -> 8182
A19: ALLEGANY | B19: 46 | C19: 953 | D19: 297 | E19: 4 | F19: DNT | G19: DNT | H19: DNT | I19: =SUM(B19:H19) -> 1300 | J19: 1 | K19: 232 | L19: 46 | M19: 57 | N19: DNT | O19: DNT | P19: DNT | Q19: =SUM(J19:P19) -> 336 | R19: =I19+Q19 -> 1636 | S19: 71 | T19: 1640 | U19: 582 | V19: 438 | W19: DNT | X19: DNT | Y19: DNT | Z19: =SUM(S19:Y19) -> 2731 | AA19: 1910 | AB19: 51 | AC19: 307 | AD19: 229 | AE19: =SUM(AA19:AD19) -> 2497
A20: BROOME | B20: 195 | C20: 2565 | D20: 612 | E20: 177 | F20: 934 | G20: 0 | H20: 16 | I20: =SUM(B20:H20) -> 4499 | J20: 0 | K20: 581 | L20: 0 | M20: 0 | N20: 12 | O20: 0 | P20: 0 | Q20: =SUM(J20:P20) -> 593 | R20: =I20+Q20 -> 5092 | S20: 185 | T20: 2261 | U20: 4713 | V20: 776 | W20: 324 | X20: 0 | Y20: 0 | Z20: =SUM(S20:Y20) -> 8259 | AA20: 7869 | AB20: 1054 | AC20: 2227 | AD20: 1847 | AE20: =SUM(AA20:AD20) -> 12997
A21: CATTARAUGUS | B21: 91 | C21: 1180 | D21: 66 | E21: 7 | F21: 92 | G21: 208 | H21: 21 | I21: =SUM(B21:H21) -> 1665 | J21: 0 | K21: 738 | L21: 299 | M21: 0 | N21: 54 | O21: 5 | P21: 0 | Q21: =SUM(J21:P21) -> 1096 | R21: =I21+Q21 -> 2761 | S21: 191 | T21: 3203 | U21: 10722 | V21: 276 | W21: 75 | X21: 5484 | Y21: 99 | Z21: =SUM(S21:Y21) -> 20050 | AA21: 1290 | AB21: 784 | AC21: 1073 | AD21: 1390 | AE21: =SUM(AA21:AD21) -> 4537
A22: CAYUGA | B22: 67 | C22: 1319 | D22: 10 | E22: 1302 | F22: 0 | G22: 0 | H22: 7 | I22: =SUM(B22:H22) -> 2705 | J22: 0 | K22: 35 | L22: 0 | M22: 1 | N22: 0 | O22: 0 | P22: 0 | Q22: =SUM(J22:P22) -> 36 | R22: =I22+Q22 -> 2741 | S22: 161 | T22: 3000 | U22: 9034 | V22: 195 | W22: 10 | X22: 720 | Y22: 101 | Z22: =SUM(S22:Y22) -> 13221 | AA22: 1489 | AB22: 228 | AC22: 582 | AD22: 536 | AE22: =SUM(AA22:AD22) -> 2835
A23: CHAUTAUQUA | B23: 131 | C23: 2229 | D23: 206 | E23: 13 | F23: 40 | G23: 101 | H23: 19 | I23: =SUM(B23:H23) -> 2739 | J23: 0 | K23: 78 | L23: 1 | M23: 0 | N23: 0 | O23: 0 | P23: 0 | Q23: =SUM(J23:P23) -> 79 | R23: =I23+Q23 -> 2818 | S23: 654 | T23: 4055 | U23: 22472 | V23: 79 | W23: 14 | X23: 0 | Y23: 0 | Z23: =SUM(S23:Y23) -> 27274 | AA23: 2798 | AB23: 576 | AC23: 1135 | AD23: 508 | AE23: =SUM(AA23:AD23) -> 5017
A24: CHEMUNG | B24: 127 | C24: 2119 | D24: 80 | E24: 15 | F24: 9 | G24: 101 | H24: 4 | I24: =SUM(B24:H24) -> 2455 | J24: 0 | K24: 424 | L24: 9 | M24: 0 | N24: 18 | O24: 0 | P24: 0 | Q24: =SUM(J24:P24) -> 451 | R24: =I24+Q24 -> 2906 | S24: 109 | T24: 2805 | U24: 66 | V24: 11 | W24: 9 | X24: 292 | Y24: 36 | Z24: =SUM(S24:Y24) -> 3328 | AA24: 1288 | AB24: 1034 | AC24: 758 | AD24: 195 | AE24: =SUM(AA24:AD24) -> 3275
A25: CHENANGO | B25: 35 | C25: 1114 | D25: 187 | E25: 89 | F25: 38 | G25: 97 | H25: 0 | I25: =SUM(B25:H25) -> 1560 | J25: 1 | K25: 173 | L25: 17 | M25: 9 | N25: 13 | O25: 0 | P25: 0 | Q25: =SUM(J25:P25) -> 213 | R25: =I25+Q25 -> 1773 | S25: 85 | T25: 3777 | U25: 417 | V25: 798 | W25: 1 | X25: 482 | Y25: 0 | Z25: =SUM(S25:Y25) -> 5560 | AA25: 1884 | AB25: 3 | AC25: 343 | AD25: 742 | AE25: =SUM(AA25:AD25) -> 2972
A26: CLINTON | B26: 378 | C26: 1297 | D26: 178 | E26: 160 | F26: 30 | G26: N/A | H26: 16 | I26: =SUM(B26:H26) -> 2059 | J26: 14 | K26: 486 | L26: 27 | M26: 0 | N26: DNT | O26: DNT | P26: 0 | Q26: =SUM(J26:P26) -> 527 | R26: =I26+Q26 -> 2586 | S26: 71 | T26: 514 | U26: 127 | V26: 258 | W26: DNT | X26: DNT | Y26: 4 | Z26: =SUM(S26:Y26) -> 974 | AA26: 2351 | AB26: 118 | AC26: 561 | AD26: 214 | AE26: =SUM(AA26:AD26) -> 3244
A27: COLUMBIA | B27: 35 | C27: 1560 | D27: 199 | E27: 179 | F27: 0 | G27: 235 | H27: 27 | I27: =SUM(B27:H27) -> 2235 | J27: 0 | K27: 120 | L27: 3 | M27: 223 | N27: 0 | O27: 0 | P27: 1 | Q27: =SUM(J27:P27) -> 347 | R27: =I27+Q27 -> 2582 | S27: 57 | T27: 2302 | U27: 2225 | V27: 29978 | W27: 0 | X27: 45 | Y27: 233 | Z27: =SUM(S27:Y27) -> 34840 | AA27: 1464 | AB27: 467 | AC27: 893 | AD27: 942 | AE27: =SUM(AA27:AD27) -> 3766
A28: CORTLAND | B28: 52 | C28: 906 | D28: 72 | E28: 25 | F28: 43 | G28: 0 | H28: 5 | I28: =SUM(B28:H28) -> 1103 | J28: 0 | K28: 46 | L28: 0 | M28: 0 | N28: 0 | O28: 0 | P28: 0 | Q28: =SUM(J28:P28) -> 46 | R28: =I28+Q28 -> 1149 | S28: 45 | T28: 2086 | U28: 54 | V28: 133 | W28: 111 | X28: 0 | Y28: 33 | Z28: =SUM(S28:Y28) -> 2462 | AA28: 1111 | AB28: 347 | AC28: 442 | AD28: 217 | AE28: =SUM(AA28:AD28) -> 2117
A29: DELAWARE | B29: 29 | C29: 306 | D29: 41 | E29: 1763 | F29: 1 | G29: 268 | I29: =SUM(B29:H29) -> 2408 | J29: 0 | K29: 107 | L29: 5 | M29: 38 | N29: 0 | O29: 0 | P29: 0 | Q29: =SUM(J29:P29) -> 150 | R29: =I29+Q29 -> 2558 | S29: 29 | T29: 307 | U29: 76 | V29: 1985 | W29: 1 | X29: 12 | Z29: =SUM(S29:Y29) -> 2410 | AA29: 692 | AB29: 700 | AC29: 377 | AD29: 221 | AE29: =SUM(AA29:AD29) -> 1990
A30: DUTCHESS | B30: 105 | C30: 4889 | D30: 239 | E30: 111 | F30: 633 | G30: 676 | H30: 42 | I30: =SUM(B30:H30) -> 6695 | J30: 3 | K30: 615 | L30: 39 | M30: 21 | N30: 399 | O30: 36 | P30: 3 | Q30: =SUM(J30:P30) -> 1116 | R30: =I30+Q30 -> 7811 | S30: 238 | T30: 10841 | U30: 219110 | V30: 391 | W30: 540 | X30: 1346 | Y30: 530 | Z30: =SUM(S30:Y30) -> 232996 | AA30: 6738 | AB30: 4033 | AC30: 2699 | AD30: 1961 | AE30: =SUM(AA30:AD30) -> 15431
A31: ERIE | B31: 1061 | C31: 13125 | D31: 2096 | E31: 450 | F31: 573 | G31: 3177 | H31: 1956 | I31: =SUM(B31:H31) -> 22438 | J31: 210 | K31: 4527 | L31: 275 | M31: 132 | N31: 20 | O31: 10 | P31: 6 | Q31: =SUM(J31:P31) -> 5180 | R31: =I31+Q31 -> 27618 | S31: 1790 | T31: 35045 | U31: 5445 | V31: 425 | W31: 62 | X31: 1612 | Y31: 6573 | Z31: =SUM(S31:Y31) -> 50952 | AA31: 38364 | AB31: 2361 | AC31: 13480 | AD31: 2386 | AE31: =SUM(AA31:AD31) -> 56591
A32: ESSEX | B32: 93 | C32: 731 | D32: 258 | E32: 56 | F32: N/A | G32: N/A | H32: 17 | I32: =SUM(B32:H32) -> 1155 | J32: 0 | K32: 142 | L32: 5 | M32: 1 | N32: N/A | O32: N/A | P32: N/A | Q32: =SUM(J32:P32) -> 148 | R32: =I32+Q32 -> 1303 | S32: 98 | T32: 688 | U32: 27 | V32: 29 | W32: N/A | X32: N/A | Y32: 50 | Z32: =SUM(S32:Y32) -> 892 | AA32: 708 | AB32: 648 | AC32: 322 | AD32: 63 | AE32: =SUM(AA32:AD32) -> 1741
A33: FRANKLIN | B33: 52 | C33: 953 | D33: 185 | E33: 31 | F33: 0 | G33: 0 | H33: 12 | I33: =SUM(B33:H33) -> 1233 | J33: 0 | K33: 263 | L33: 4 | M33: 0 | N33: 0 | O33: 0 | P33: 0 | Q33: =SUM(J33:P33) -> 267 | R33: =I33+Q33 -> 1500 | S33: 52 | T33: 1747 | U33: 8303 | V33: 79 | W33: 0 | X33: 0 | Y33: 123 | Z33: =SUM(S33:Y33) -> 10304 | AA33: 1469 | AB33: 433 | AC33: 429 | AD33: 243 | AE33: =SUM(AA33:AD33) -> 2574
A34: FULTON | B34: 17 | C34: 2211 | D34: 108 | E34: 57 | F34: 53 | G34: 3 | H34: 14 | I34: =SUM(B34:H34) -> 2463 | J34: 0 | K34: 147 | L34: 5 | M34: 12 | N34: 0 | O34: 0 | P34: 0 | Q34: =SUM(J34:P34) -> 164 | R34: =I34+Q34 -> 2627 | S34: 8 | T34: 1879 | U34: 77 | V34: 63 | W34: 16 | X34: 17 | Y34: 0 | Z34: =SUM(S34:Y34) -> 2060 | AA34: 1916 | AB34: 4 | AC34: 528 | AD34: 293 | AE34: =SUM(AA34:AD34) -> 2741
A35: GENESEE | B35: 48 | C35: 1479 | D35: 65 | E35: 45 | F35: 0 | G35: 0 | H35: 0 | I35: =SUM(B35:H35) -> 1637 | J35: 0 | K35: 382 | L35: 4 | M35: 86 | N35: 0 | O35: 0 | P35: 0 | Q35: =SUM(J35:P35) -> 472 | R35: =I35+Q35 -> 2109 | S35: 41 | T35: 1627 | U35: 462 | V35: 24 | W35: 0 | X35: 0 | Y35: 27 | Z35: =SUM(S35:Y35) -> 2181 | AA35: 996 | AB35: 435 | AC35: 511 | AD35: 312 | AE35: =SUM(AA35:AD35) -> 2254
A36: GREENE | B36: 30 | C36: 606 | D36: 82 | E36: 78 | F36: 14 | G36: 144 | H36: 1 | I36: =SUM(B36:H36) -> 955 | J36: 0 | K36: 76 | L36: 7 | M36: 10 | N36: 12 | O36: 0 | P36: 0 | Q36: =SUM(J36:P36) -> 105 | R36: =I36+Q36 -> 1060 | S36: 26 | T36: 1624 | U36: 56 | V36: 49 | W36: 0 | X36: 148 | Y36: 0 | Z36: =SUM(S36:Y36) -> 1903 | AA36: 1036 | AB36: 6 | AC36: 573 | AD36: 453 | AE36: =SUM(AA36:AD36) -> 2068
A37: HAMILTON | B37: 9 | C37: 96 | D37: 32 | E37: 7 | F37: 0 | G37: 0 | H37: 3 | I37: =SUM(B37:H37) -> 147 | J37: 0 | K37: 2 | L37: 2 | M37: 0 | N37: 0 | O37: 0 | P37: 0 | Q37: =SUM(J37:P37) -> 4 | R37: =I37+Q37 -> 151 | S37: 4 | T37: 108 | U37: 174 | V37: 2 | W37: 0 | X37: 0 | Y37: 0 | Z37: =SUM(S37:Y37) -> 288 | AA37: 77 | AB37: 0 | AC37: 62 | AD37: 14 | AE37: =SUM(AA37:AD37) -> 153
A38: HERKIMER | B38: 52 | C38: 862 | D38: 105 | E38: 37 | F38: 0 | G38: 0 | H38: 2 | I38: =SUM(B38:H38) -> 1058 | J38: DNT | K38: 292 | L38: 3 | M38: 52 | N38: DNT | O38: DNT | P38: DNT | Q38: =SUM(J38:P38) -> 347 | R38: =I38+Q38 -> 1405 | S38: DNT | T38: DNT | U38: DNT | V38: DNT | W38: DNT | X38: DNT | Y38: DNT | Z38: =SUM(S38:Y38) -> 0 | AA38: 1735 | AB38: 587 | AC38: 770 | AD38: 829 | AE38: =SUM(AA38:AD38) -> 3921
A39: JEFFERSON | B39: 69 | C39: 1745 | D39: 62 | E39: 457 | F39: 6 | G39: 1 | H39: 23 | I39: =SUM(B39:H39) -> 2363 | J39: 0 | K39: 458 | L39: 9 | M39: 0 | N39: 0 | O39: 0 | P39: 0 | Q39: =SUM(J39:P39) -> 467 | R39: =I39+Q39 -> 2830 | S39: 504 | T39: 18087 | U39: 971 | V39: 143 | W39: 43 | X39: 48 | Y39: 549 | Z39: =SUM(S39:Y39) -> 20345 | AA39: 10224 | AB39: 950 | AC39: 1279 | AD39: 480 | AE39: =SUM(AA39:AD39) -> 12933
A40: LEWIS | B40: 22 | C40: 181 | D40: 63 | E40: 36 | F40: 0 | G40: 0 | H40: 0 | I40: =SUM(B40:H40) -> 302 | J40: 0 | K40: 202 | L40: 4 | M40: 0 | N40: 0 | O40: 0 | P40: 0 | Q40: =SUM(J40:P40) -> 206 | R40: =I40+Q40 -> 508 | S40: 24 | T40: 488 | U40: 269 | V40: 714 | W40: 0 | X40: 0 | Y40: 0 | Z40: =SUM(S40:Y40) -> 1495 | AA40: 485 | AB40: 70 | AC40: 268 | AD40: 101 | AE40: =SUM(AA40:AD40) -> 924
A41: LIVINGSTON | B41: 1870 | C41: 263 | D41: 1201 | E41: 65 | F41: 3 | G41: 0 | H41: 0 | I41: =SUM(B41:H41) -> 3402 | J41: 400 | K41: 33 | L41: 0 | M41: 0 | N41: 0 | O41: 0 | P41: 0 | Q41: =SUM(J41:P41) -> 433 | R41: =I41+Q41 -> 3835 | S41: 16961 | T41: 2156 | U41: 14066 | V41: 78 | W41: 10 | X41: 0 | Y41: 0 | Z41: =SUM(S41:Y41) -> 33271 | AA41: 725 | AB41: 941 | AC41: 658 | AD41: 247 | AE41: =SUM(AA41:AD41) -> 2571
A42: MADISON | B42: 28 | C42: 1723 | D42: 161 | E42: 13 | F42: 23 | G42: n/a | H42: 16 | I42: =SUM(B42:H42) -> 1964 | J42: 6 | K42: 146 | L42: 1 | M42: 0 | N42: 0 | O42: n/a | P42: 0 | Q42: =SUM(J42:P42) -> 153 | R42: =I42+Q42 -> 2117 | S42: 241 | T42: 5655 | U42: 821 | V42: 110 | W42: n/a | X42: n/a | Y42: n/a | Z42: =SUM(S42:Y42) -> 6827 | AA42: 421 | AB42: 143 | AC42: 229 | AD42: 739 | AE42: =SUM(AA42:AD42) -> 1532
A43: MONROE | B43: 355 | C43: 8075 | D43: 455 | E43: 220 | F43: 465 | G43: DNT | H43: DNT | I43: =SUM(B43:H43) -> 9570 | J43: 2 | K43: 3408 | L43: 15 | M43: 24 | N43: 98 | O43: DNT | P43: DNT | Q43: =SUM(J43:P43) -> 3547 | R43: =I43+Q43 -> 13117 | S43: 955 | T43: 48231 | U43: 2005 | V43: 714 | W43: 85 | X43: DNT | Y43: DNT | Z43: =SUM(S43:Y43) -> 51990 | AA43: 29178 | AB43: 4402 | AC43: 28032 | AD43: 3721 | AE43: =SUM(AA43:AD43) -> 65333
A44: MONTGOMERY | B44: 90 | C44: 683 | D44: 299 | E44: 79 | F44: 9 | G44: 0 | H44: 10 | I44: =SUM(B44:H44) -> 1170 | J44: 0 | K44: 70 | L44: 7 | M44: 24 | N44: 4 | O44: 0 | P44: 0 | Q44: =SUM(J44:P44) -> 105 | R44: =I44+Q44 -> 1275 | S44: 125 | T44: 2534 | U44: 37797 | V44: 113 | W44: 19 | X44: 0 | Y44: 45 | Z44: =SUM(S44:Y44) -> 40633 | AA44: 1433 | AB44: 280 | AC44: 468 | AD44: 561 | AE44: =SUM(AA44:AD44) -> 2742
A45: NASSAU | B45: 14518 | C45: 11989 | D45: 1482 | E45: 879 | F45: 4727 | G45: 117 | H45: 315 | I45: =SUM(B45:H45) -> 34027 | J45: 295 | K45: 3935 | L45: 96 | M45: 47 | N45: 3677 | O45: 0 | P45: 0 | Q45: =SUM(J45:P45) -> 8050 | R45: =I45+Q45 -> 42077 | S45: 7961 | T45: 35870 | U45: 3366 | V45: 1332 | W45: 1162 | X45: 158 | Y45: 179 | Z45: =SUM(S45:Y45) -> 50028 | AA45: 31727 | AB45: 4036 | AC45: 10621 | AD45: 7680 | AE45: =SUM(AA45:AD45) -> 54064
A46: NIAGARA | B46: 207 | C46: 4796 | D46: 186 | E46: 149 | F46: 51 | G46: 0 | H46: DNT | I46: =SUM(B46:H46) -> 5389 | J46: 0 | K46: 1230 | L46: 22 | M46: 19 | N46: 33 | O46: 0 | P46: DNT | Q46: =SUM(J46:P46) -> 1304 | R46: =I46+Q46 -> 6693 | S46: 414 | T46: 11097 | U46: 4429 | V46: 278 | W46: 111 | X46: 0 | Y46: DNT | Z46: =SUM(S46:Y46) -> 16329 | AA46: 6438 | AB46: 2318 | AC46: 2782 | AD46: 1519 | AE46: =SUM(AA46:AD46) -> 13057
A47: ONEIDA | B47: 6488 | C47: 702 | D47: 4433 | E47: 155 | F47: DNT | G47: DNT | H47: DNT | I47: =SUM(B47:H47) -> 11778 | J47: 3 | K47: 713 | L47: 18 | M47: 85 | N47: N/A | O47: N/A | P47: N/A | Q47: =SUM(J47:P47) -> 819 | R47: =I47+Q47 -> 12597 | S47: 1490 | T47: 27732 | U47: 105776 | V47: 1008 | W47: DNT | X47: DNT | Y47: DNT | Z47: =SUM(S47:Y47) -> 136006 | AA47: 5214 | AB47: 1519 | AC47: 1785 | AD47: 1317 | AE47: =SUM(AA47:AD47) -> 9835
A48: ONONDAGA | B48: 81 | C48: 8572 | D48: 197 | E48: 94 | F48: 370 | G48: 839 | H48: 65 | I48: =SUM(B48:H48) -> 10218 | J48: 5 | K48: 1167 | L48: 9 | M48: 0 | N48: 53 | O48: 498 | P48: 0 | Q48: =SUM(J48:P48) -> 1732 | R48: =I48+Q48 -> 11950 | S48: 224 | T48: 25347 | U48: 716 | V48: 487 | W48: 360 | X48: 4105 | Y48: 1259 | Z48: =SUM(S48:Y48) -> 32498 | AA48: 15093 | AB48: 2099 | AC48: 3898 | AD48: 13542 | AE48: =SUM(AA48:AD48) -> 34632
A49: ONTARIO | B49: 190 | C49: 3233 | D49: 629 | E49: 10 | F49: 8 | G49: 0 | H49: 28 | I49: =SUM(B49:H49) -> 4098 | J49: 1 | K49: 686 | L49: 62 | M49: 0 | N49: 2 | O49: 0 | P49: 0 | Q49: =SUM(J49:P49) -> 751 | R49: =I49+Q49 -> 4849 | S49: 750 | T49: 2665 | U49: 23645 | V49: 77 | W49: 15 | X49: 0 | Y49: 204 | Z49: =SUM(S49:Y49) -> 27356 | AA49: 2762 | AB49: 1841 | AC49: 1347 | AD49: 1022 | AE49: =SUM(AA49:AD49) -> 6972
A50: ORANGE | B50: 595 | C50: 8655 | D50: 1280 | E50: 1194 | F50: 97 | G50: 799 | H50: 146 | I50: =SUM(B50:H50) -> 12766 | J50: 12 | K50: 732 | L50: 96 | M50: 126 | N50: 3 | O50: 2351 | P50: 4 | Q50: =SUM(J50:P50) -> 3324 | R50: =I50+Q50 -> 16090 | S50: 412 | T50: 14281 | U50: 11371 | V50: 1825 | W50: 96 | X50: 4744 | Y50: 1294 | Z50: =SUM(S50:Y50) -> 34023 | AA50: 8916 | AB50: 492 | AC50: 4372 | AD50: 2766 | AE50: =SUM(AA50:AD50) -> 16546
A51: ORLEANS | B51: 28 | C51: 965 | D51: 61 | E51: 10 | F51: 0 | G51: 72 | H51: 0 | I51: =SUM(B51:H51) -> 1136 | J51: 0 | K51: 163 | L51: 107 | M51: 0 | N51: 0 | O51: 0 | P51: 0 | Q51: =SUM(J51:P51) -> 270 | R51: =I51+Q51 -> 1406 | S51: 35 | T51: 1480 | U51: 32051 | V51: 60 | W51: 0 | X51: 87 | Y51: 2 | Z51: =SUM(S51:Y51) -> 33715 | AA51: 690 | AB51: 562 | AC51: 762 | AD51: 187 | AE51: =SUM(AA51:AD51) -> 2201
A52: OSWEGO | B52: 87 | C52: 2247 | D52: 302 | E52: 26 | F52: 0 | G52: 0 | H52: 55 | I52: =SUM(B52:H52) -> 2717 | J52: 0 | K52: 656 | L52: 0 | M52: 0 | N52: 0 | O52: 0 | P52: 0 | Q52: =SUM(J52:P52) -> 656 | R52: =I52+Q52 -> 3373 | S52: 149 | T52: 4894 | U52: 103 | V52: 18 | W52: 0 | X52: 0 | Y52: 6 | Z52: =SUM(S52:Y52) -> 5170 | AA52: 3530 | AB52: 549 | AC52: 1026 | AD52: 890 | AE52: =SUM(AA52:AD52) -> 5995
A53: OTSEGO | B53: 55 | C53: 1291 | D53: 99 | E53: 112 | F53: 43 | G53: 0 | H53: 0 | I53: =SUM(B53:H53) -> 1600 | J53: 1 | K53: 40 | L53: 10 | M53: 38 | N53: 14 | O53: 5 | P53: 0 | Q53: =SUM(J53:P53) -> 108 | R53: =I53+Q53 -> 1708 | S53: 82 | T53: 2440 | U53: 83812 | V53: 120 | W53: 22 | X53: 0 | Y53: 0 | Z53: =SUM(S53:Y53) -> 86476 | AA53: 1350 | AB53: 883 | AC53: 404 | AD53: 766 | AE53: =SUM(AA53:AD53) -> 3403
A54: PUTNAM | B54: 34 | C54: 2519 | D54: 178 | E54: 30 | F54: 194 | G54: 578 | H54: 21 | I54: =SUM(B54:H54) -> 3554 | J54: 0 | K54: 571 | L54: 19 | M54: 0 | N54: 212 | O54: 66 | P54: 0 | Q54: =SUM(J54:P54) -> 868 | R54: =I54+Q54 -> 4422 | S54: 53 | T54: 3713 | U54: 598 | V54: 152 | W54: 339 | X54: 22989 | Y54: 142 | Z54: =SUM(S54:Y54) -> 27986 | AA54: 897 | AB54: 1777 | AC54: 1396 | AD54: 926 | AE54: =SUM(AA54:AD54) -> 4996
A55: RENSSELAER | B55: 49 | C55: 663 | D55: 2672 | E55: 433 | F55: 119 | G55: 0 | H55: 68 | I55: =SUM(B55:H55) -> 4004 | J55: 1 | K55: 17 | L55: 1 | M55: 1 | N55: 0 | O55: 0 | P55: 0 | Q55: =SUM(J55:P55) -> 20 | R55: =I55+Q55 -> 4024 | S55: 38 | T55: 937 | U55: 2963 | V55: 673 | W55: 70 | X55: 0 | Y55: 0 | Z55: =SUM(S55:Y55) -> 4681 | AA55: 4474 | AB55: 2853 | AC55: 1748 | AD55: 1242 | AE55: =SUM(AA55:AD55) -> 10317
A56: ROCKLAND | B56: 81 | C56: 4277 | D56: 1836 | E56: 1574 | F56: 778 | G56: 0 | H56: 74 | I56: =SUM(B56:H56) -> 8620 | J56: 1249 | K56: 18 | L56: 1 | M56: 0 | N56: 0 | O56: 1228 | P56: 2 | Q56: =SUM(J56:P56) -> 2498 | R56: =I56+Q56 -> 11118 | S56: 3 | T56: 4826 | U56: 281 | V56: 268 | W56: 336 | X56: 0 | Y56: 279 | Z56: =SUM(S56:Y56) -> 5993 | AA56: 752 | AB56: 12 | AC56: 1937 | AD56: 4081 | AE56: =SUM(AA56:AD56) -> 6782
A57: SARATOGA | B57: 64 | C57: 754 | D57: 4471 | E57: 206 | F57: 1 | G57: 971 | H57: 32 | I57: =SUM(B57:H57) -> 6499 | J57: 12 | K57: 436 | L57: 757 | M57: 95 | N57: 0 | O57: 335 | P57: 5 | Q57: =SUM(J57:P57) -> 1640 | R57: =I57+Q57 -> 8139 | S57: 218 | T57: 14527 | U57: 24524 | V57: 350 | W57: 0 | X57: 16254 | Y57: 552 | Z57: =SUM(S57:Y57) -> 56425 | AA57: 8833 | AB57: 1007 | AC57: 1293 | AD57: 1713 | AE57: =SUM(AA57:AD57) -> 12846
A58: SCHENECTADY | B58: 242 | C58: 3124 | D58: 939 | E58: 139 | F58: 181 | G58: DNT | H58: 7 | I58: =SUM(B58:H58) -> 4632 | J58: 5 | K58: 600 | L58: 27 | M58: 76 | N58: 58 | O58: 0 | P58: 0 | Q58: =SUM(J58:P58) -> 766 | R58: =I58+Q58 -> 5398 | S58: 36 | T58: 3221 | U58: 128 | V58: 1695 | W58: DNT | X58: 0 | Y58: 7 | Z58: =SUM(S58:Y58) -> 5087 | AA58: 3517 | AB58: 0 | AC58: 2109 | AD58: DNT | AE58: =SUM(AA58:AD58) -> 5626
A59: SCHOHARIE | B59: 27 | C59: 1039 | D59: 90 | E59: 16 | F59: 0 | G59: 98 | H59: 12 | I59: =SUM(B59:H59) -> 1282 | J59: 0 | K59: 148 | L59: 5 | M59: 2 | N59: 0 | O59: 0 | P59: 0 | Q59: =SUM(J59:P59) -> 155 | R59: =I59+Q59 -> 1437 | S59: 32 | T59: 1425 | U59: 24864 | V59: 118 | W59: 5 | X59: 239 | Y59: 38 | Z59: =SUM(S59:Y59) -> 26721 | AA59: 1783 | AB59: 404 | AC59: 372 | AD59: 682 | AE59: =SUM(AA59:AD59) -> 3241
A60: SCHUYLER | B60: 18 | C60: 509 | D60: 17 | E60: 10 | F60: 3 | G60: 101 | H60: DNT | I60: =SUM(B60:H60) -> 658 | J60: 1 | K60: 83 | L60: 0 | M60: 4 | N60: 1 | O60: 0 | P60: 0 | Q60: =SUM(J60:P60) -> 89 | R60: =I60+Q60 -> 747 | S60: 22 | T60: 979 | U60: 125 | V60: 55 | W60: 1 | X60: 2679 | Y60: DNT | Z60: =SUM(S60:Y60) -> 3861 | AA60: 297 | AB60: 357 | AC60: 198 | AD60: 138 | AE60: =SUM(AA60:AD60) -> 990
A61: SENECA | B61: 28 | C61: 273 | D61: 48 | E61: 26 | F61: DNT | G61: 934 | H61: We Do Not Track - included in #6 Total | I61: =SUM(B61:H61) -> 1309 | J61: 0 | K61: 148 | L61: 0 | M61: 21 | N61: DNT | O61: 0 | P61: DNT | Q61: =SUM(J61:P61) -> 169 | R61: =I61+Q61 -> 1478 | S61: 47 | T61: 2629 | U61: 109 | V61: 30 | W61: Do Not Track - Included in #20 | X61: 6259 | Y61: Do Not Track - Included in #20 | Z61: =SUM(S61:Y61) -> 9074 | AA61: 660 | AB61: 479 | AC61: 488 | AD61: 177 | AE61: =SUM(AA61:AD61) -> 1804
A62: ST. LAWRENCE | B62: 138 | C62: 1252 | D62: 101 | E62: 462 | F62: 0 | G62: 0 | H62: 0 | I62: =SUM(B62:H62) -> 1953 | J62: 1 | K62: 386 | L62: 2 | M62: 15 | N62: 0 | O62: 0 | P62: 0 | Q62: =SUM(J62:P62) -> 404 | R62: =I62+Q62 -> 2357 | S62: 156 | T62: 3666 | U62: 566 | V62: 966 | W62: 0 | X62: 0 | Y62: 0 | Z62: =SUM(S62:Y62) -> 5354 | AA62: 2149 | AB62: 901 | AC62: 826 | AD62: 1297 | AE62: =SUM(AA62:AD62) -> 5173
A63: STEUBEN | B63: 434 | C63: 1849 | D63: 283 | E63: 8 | F63: 0 | G63: 207 | H63: 0 | I63: =SUM(B63:H63) -> 2781 | J63: 5 | K63: 773 | L63: 62 | M63: 0 | N63: 0 | O63: 0 | P63: 0 | Q63: =SUM(J63:P63) -> 840 | R63: =I63+Q63 -> 3621 | S63: 456 | T63: 5888 | U63: 526 | V63: 41 | W63: 0 | X63: 155 | Y63: 0 | Z63: =SUM(S63:Y63) -> 7066 | AA63: 539 | AB63: 998 | AC63: 871 | AD63: 139 | AE63: =SUM(AA63:AD63) -> 2547
A64: SUFFOLK | B64: 68 | C64: 3496 | D64: 1550 | E64: 55 | F64: 1197 | G64: 161 | H64: 24 | I64: =SUM(B64:H64) -> 6551 | J64: 148 | K64: 14250 | L64: 2061 | M64: 29 | N64: 63 | O64: 1310 | P64: 57 | Q64: =SUM(J64:P64) -> 17918 | R64: =I64+Q64 -> 24469 | S64: 1531 | T64: 38864 | U64: 6556 | V64: 322 | W64: 179 | X64: 839 | Y64: 725 | Z64: =SUM(S64:Y64) -> 49016 | AA64: 25151 | AB64: 9931 | AC64: 7495 | AD64: 6439 | AE64: =SUM(AA64:AD64) -> 49016
A65: SULLIVAN | B65: 2020 | C65: 3667 | D65: 22962 | E65: 227 | F65: 0 | G65: 0 | H65: 320 | I65: =SUM(B65:H65) -> 29196 | J65: 0 | K65: 1819 | L65: 738 | M65: 21684 | N65: 0 | O65: 0 | P65: 73 | Q65: =SUM(J65:P65) -> 24314 | R65: =I65+Q65 -> 53510 | S65: 1991 | T65: 668 | U65: 506 | V65: 345 | W65: N/A | X65: N/A | Y65: 73 | Z65: =SUM(S65:Y65) -> 3583 | AA65: 1403 | AB65: 9 | AC65: 767 | AD65: 599 | AE65: =SUM(AA65:AD65) -> 2778
A66: TIOGA | B66: 191 | C66: 914 | D66: 153 | E66: 11 | F66: DNT | G66: 0 | H66: 13 | I66: =SUM(B66:H66) -> 1282 | J66: 2 | K66: 308 | L66: 5 | M66: 1 | N66: DNT | O66: 0 | P66: 0 | Q66: =SUM(J66:P66) -> 316 | R66: =I66+Q66 -> 1598 | S66: 432 | T66: 1434 | U66: 881 | V66: 54 | W66: DNT | X66: 0 | Y66: 81 | Z66: =SUM(S66:Y66) -> 2882 | AA66: 691 | AB66: 694 | AC66: 572 | AD66: 648 | AE66: =SUM(AA66:AD66) -> 2605
A67: TOMPKINS | B67: 135 | C67: 2604 | D67: 553 | E67: 85 | F67: 0 | G67: 0 | H67: 0 | I67: =SUM(B67:H67) -> 3377 | J67: 0 | K67: 143 | L67: 8 | M67: 3 | N67: 0 | O67: 0 | P67: 1 | Q67: =SUM(J67:P67) -> 155 | R67: =I67+Q67 -> 3532 | S67: 153 | T67: 3874 | U67: 1657 | V67: 82 | W67: 0 | X67: 0 | Y67: 124 | Z67: =SUM(S67:Y67) -> 5890 | AA67: 3055 | AB67: 296 | AC67: 507 | AD67: 2032 | AE67: =SUM(AA67:AD67) -> 5890
A68: ULSTER | B68: 95 | C68: 4717 | D68: 922 | E68: 87 | F68: 70 | G68: 0 | H68: 0 | I68: =SUM(B68:H68) -> 5891 | J68: 95 | K68: 1064 | L68: 59 | M68: 0 | N68: 0 | O68: 0 | P68: 0 | Q68: =SUM(J68:P68) -> 1218 | R68: =I68+Q68 -> 7109 | S68: 214 | T68: 13516 | U68: 5797 | V68: 247 | W68: 18 | X68: 0 | Y68: 0 | Z68: =SUM(S68:Y68) -> 19792 | AA68: 3853 | AB68: 800 | AC68: 1773 | AD68: 3453 | AE68: =SUM(AA68:AD68) -> 9879
A69: WARREN | B69: 56 | C69: 1530 | D69: 306 | E69: 45 | F69: 0 | G69: 113 | H69: 0 | I69: =SUM(B69:H69) -> 2050 | J69: 0 | K69: 389 | L69: 5 | M69: 1 | N69: 0 | O69: 98 | P69: 0 | Q69: =SUM(J69:P69) -> 493 | R69: =I69+Q69 -> 2543 | S69: 39 | T69: 1623 | U69: 747 | V69: 86 | W69: 0 | X69: 224 | Y69: 0 | Z69: =SUM(S69:Y69) -> 2719 | AA69: 1704 | AB69: 1439 | AC69: 701 | AD69: 117 | AE69: =SUM(AA69:AD69) -> 3961
A70: WASHINGTON | B70: 60 | C70: 1379 | D70: 130 | E70: 9 | F70: 65 | G70: 224 | H70: 8 | I70: =SUM(B70:H70) -> 1875 | J70: 0 | K70: 267 | L70: 14 | M70: 0 | N70: 1 | O70: 4 | P70: 0 | Q70: =SUM(J70:P70) -> 286 | R70: =I70+Q70 -> 2161 | S70: 82 | T70: 2759 | U70: 319 | V70: 31 | W70: 3 | X70: 175 | Y70: 68 | Z70: =SUM(S70:Y70) -> 3437 | AA70: 1795 | AB70: 1237 | AC70: 605 | AD70: 238 | AE70: =SUM(AA70:AD70) -> 3875
A71: WAYNE | B71: 60 | C71: 2263 | D71: 525 | E71: 15 | F71: 14 | G71: DNT | H71: 24 | I71: =SUM(B71:H71) -> 2901 | J71: 1 | K71: 467 | L71: 99 | M71: 2 | N71: 14 | O71: DNT | P71: 1 | Q71: =SUM(J71:P71) -> 584 | R71: =I71+Q71 -> 3485 | S71: 141 | T71: 4475 | U71: 20487 | V71: 206 | W71: 7 | X71: DNT | Y71: 370 | Z71: =SUM(S71:Y71) -> 25686 | AA71: 2223 | AB71: 1300 | AC71: 885 | AD71: 456 | AE71: =SUM(AA71:AD71) -> 4864
A72: WESTCHESTER | B72: 4769 | C72: 38471 | D72: 27902 | E72: 2103 | F72: 141 | G72: 4974 | H72: 145 | I72: =SUM(B72:H72) -> 78505 | J72: 404 | K72: 2827 | L72: 723 | M72: 479 | N72: 41 | O72: 30 | P72: 0 | Q72: =SUM(J72:P72) -> 4504 | R72: =I72+Q72 -> 83009 | S72: 2527 | T72: 21784 | U72: 13159 | V72: 802 | W72: 427 | X72: 2985 | Y72: 0 | Z72: =SUM(S72:Y72) -> 41684 | AA72: 27501 | AB72: 3966 | AC72: 9571 | AD72: 3070 | AE72: =SUM(AA72:AD72) -> 44108
A73: WYOMING | B73: 24 | C73: 378 | D73: 74 | E73: 0 | F73: 0 | G73: 401 | H73: 0 | I73: =SUM(B73:H73) -> 877 | J73: 0 | K73: 161 | L73: 0 | M73: 0 | N73: 0 | O73: 4 | P73: 0 | Q73: =SUM(J73:P73) -> 165 | R73: =I73+Q73 -> 1042 | S73: 17 | T73: 62 | U73: 16 | V73: 0 | W73: 0 | X73: 205 | Y73: 0 | Z73: =SUM(S73:Y73) -> 300 | AA73: 243 | AB73: 331 | AC73: 380 | AD73: 155 | AE73: =SUM(AA73:AD73) -> 1109
A74: YATES | B74: 10 | C74: 418 | D74: 94 | E74: 3 | F74: 0 | G74: 0 | H74: 2 | I74: =SUM(B74:H74) -> 527 | J74: 0 | K74: 138 | L74: 0 | M74: 0 | N74: 0 | O74: 0 | P74: 0 | Q74: =SUM(J74:P74) -> 138 | R74: =I74+Q74 -> 665 | S74: 10 | T74: 584 | U74: 96 | V74: 54 | W74: 0 | X74: 0 | Y74: 8 | Z74: =SUM(S74:Y74) -> 752 | AA74: 244 | AB74: 316 | AC74: 161 | AD74: 122 | AE74: =SUM(AA74:AD74) -> 843
A75: TOTALS | B75: =SUM(B18:B74) -> 36306 | F75: =SUM(F18:F74) -> 11489 | G75: =SUM(G18:G74) -> 18572 | H75: =SUM(H18:H74) -> 3570 | I75: =SUM(I18:I74) -> 345678 | J75: =SUM(J18:J74) -> 2903 | K75: =SUM(K18:K74) -> 49090 | L75: =SUM(L18:L74) -> 5994 | M75: =SUM(M18:M74) -> 23468 | ... AE75: =SUM(AE18:AE74) -> 556893
A76: BRONX | B76: 82 | C76: 9569 | D76: 4968 | E76: 68 | F76: DNT | G76: 845 | H76: 1391 | I76: =SUM(B76:H76) -> 16923 | J76: 1 | K76: 665 | L76: 1403 | M76: 0 | N76: DNT | O76: 224 | P76: 1 | Q76: =SUM(J76:P76) -> 2294 | R76: =I76+Q76 -> 19217 | S76: 176 | T76: 38592 | U76: 6997 | V76: 211 | W76: DNT | X76: 1039 | Y76: 16205 | Z76: =SUM(S76:Y76) -> 63220 | AA76: 31030 | AB76: 6346 | AC76: 16180 | AD76: 5949 | AE76: =SUM(AA76:AD76) -> 59505
A77: KINGS | B77: 112 | C77: 22832 | D77: 14580 | E77: 89 | F77: DNT | G77: 1203 | H77: 7480 | I77: =SUM(B77:H77) -> 46296 | J77: 1 | K77: 992 | L77: 3065 | M77: 0 | N77: DNT | O77: 346 | P77: 10 | Q77: =SUM(J77:P77) -> 4414 | R77: =I77+Q77 -> 50710 | S77: 219 | T77: 85468 | U77: 18872 | V77: 813 | W77: DNT | X77: 1505 | Y77: 69105 | Z77: =SUM(S77:Y77) -> 175982 | AA77: 106889 | AB77: 9278 | AC77: 44709 | AD77: 13996 | AE77: =SUM(AA77:AD77) -> 174872
A78: NEW YORK | B78: 34 | C78: 21911 | D78: 6670 | E78: 45 | F78: DNT | G78: 678 | H78: 7862 | I78: =SUM(B78:H78) -> 37200 | J78: 1 | K78: 753 | L78: 1036 | M78: 0 | N78: DNT | O78: 139 | P78: 2 | Q78: =SUM(J78:P78) -> 1931 | R78: =I78+Q78 -> 39131 | S78: 118 | T78: 69906 | U78: 12007 | V78: 376 | W78: DNT | X78: 669 | Y78: 43106 | Z78: =SUM(S78:Y78) -> 126182 | AA78: 74938 | AB78: 8496 | AC78: 28324 | AD78: 8696 | AE78: =SUM(AA78:AD78) -> 120454
A79: QUEENS | B79: 43 | C79: 16169 | D79: 10165 | E79: 7 | F79: DNT | G79: 1315 | H79: 5419 | I79: =SUM(B79:H79) -> 33118 | J79: 0 | K79: 970 | L79: 2949 | M79: 0 | N79: DNT | O79: 366 | P79: 3 | Q79: =SUM(J79:P79) -> 4288 | R79: =I79+Q79 -> 37406 | S79: 84 | T79: 66985 | U79: 15882 | V79: 324 | W79: DNT | X79: 1977 | Y79: 29300 | Z79: =SUM(S79:Y79) -> 114552 | AA79: 61351 | AB79: 11261 | AC79: 30474 | AD79: 10172 | AE79: =SUM(AA79:AD79) -> 113258
A80: RICHMOND | B80: 11 | C80: 3125 | D80: 1141 | E80: 7 | F80: DNT | G80: 180 | H80: 223 | I80: =SUM(B80:H80) -> 4687 | J80: 0 | K80: 687 | L80: 744 | M80: 0 | N80: DNT | O80: 112 | P80: 0 | Q80: =SUM(J80:P80) -> 1543 | R80: =I80+Q80 -> 6230 | S80: 19 | T80: 18622 | U80: 2991 | V80: 65 | W80: DNT | X80: 375 | Y80: 3203 | Z80: =SUM(S80:Y80) -> 25275 | AA80: 12607 | AB80: 1343 | AC80: 5675 | AD80: 2076 | AE80: =SUM(AA80:AD80) -> 21701
A81: NYC TOTAL | B81: =SUM(B76:B80) -> 282 | F81: =SUM(F76:F80) -> 0 | G81: =SUM(G76:G80) -> 4221 | H81: =SUM(H76:H80) -> 22375 | I81: =SUM(I76:I80) -> 138224 | J81: =SUM(J76:J80) -> 3 | K81: =SUM(K76:K80) -> 4067 | L81: =SUM(L76:L80) -> 9197 | M81: =SUM(M76:M80) -> 0 | ... AE81: =SUM(AE76:AE80) -> 489790
A82: GRAND TOTAL | B82: =SUM(B75+B81) -> 36588 | F82: =SUM(F75+F81) -> 11489 | G82: =SUM(G75+G81) -> 22793 | H82: =SUM(H75+H81) -> 25945 | I82: =SUM(I75+I81) -> 483902 | J82: =SUM(J75+J81) -> 2906 | K82: =SUM(K75+K81) -> 53157 | L82: =SUM(L75+L81) -> 15191 | M82: =SUM(M75+M81) -> 23468 | ... AE82: =SUM(AE75+AE81) -> 1046683

Sheet Report 2b
A1: 2025 Annual Statistical Information Survey
A3: Registration and Enrollment Summary
A4: ***Some totals will automatically calculate.
A5: Please do not leave any cell blank. If cells are blank the State Board will need to reach out to obtain an answer.
A6: Key
A7: Value is zero | B7: 0
A8: Does not apply | B8: N/A
A9: Does not track | B9: DNT
B12: Question #26 | C12: Question #27 | D12: Question #28 | E12: Question #29 | F12: Question #30 | G12: Question #31 | H12: Question #32 | J12: Question #33 | K12: Question #34 | L12: Question #35 | M12: Question #36 | N12: Question #37 | O12: Question #38 | P12: Question #39 | R12: Question #40 | T12: Question #41
B13: Duplicate Registrations | J13: Invalid Registrations | R13: Other Registration Transactions
A14: County | B14: Number of Duplicate Registrations Received by Agency-Based Programs | C14: Number of Duplicate Registrations Received Through DMV Programs | D14: Number of Duplicate Registrations Received by Mail | E14: Number of Duplicate Registrations Received Via Personal Delivery to Board | F14: Number of Duplicate Registrations from Advocacy Groups or Political Parties Reg Drives | G14: Number of Duplicate Registrations from other Agencies Not Mandated by NVRA | H14: Number of Duplicate Registrations from Polling Places and Voting Sites | I14: Total Number of Duplicate Applications Received | J14: Number of Invalid Registrations Received by Agency-Based Programs | K14: Number of Invalid Registrations Received from DMV | L14: Number of Invalid Registrations Received by Mail | M14: Number of Invalid Registrations Received Via Personal Delivery to Board | N14: Number of Invalid Registrations from Advocacy Groups or Political Parties Reg Drives | O14: Number of Invalid Registrations Received from Other Agencies Not Mandated by NVRA | P14: Number of Invalid Registrations from Polling Places and Voting Sites | Q14: Number of Invalid Applications Received | R14: Number of Other Transactions | S14: Reason | T14: Number of Transactions Rejected | U14: Reason
A18: ALBANY | B18: 10 | C18: 100 | D18: 17 | E18: 24 | F18: 0 | G18: 305 | H18: 439 | I18: =SUM(B18:H18) -> 895 | J18: 0 | K18: 0 | L18: 0 | M18: 0 | N18: 0 | O18: 0 | P18: 0 | Q18: =SUM(J18:P18) -> 0 | R18: 0
A19: ALLEGANY | B19: 31 | C19: 359 | D19: 15 | E19: 7 | F19: DNT | G19: DNT | H19: DNT | I19: =SUM(B19:H19) -> 412 | J19: DNT | K19: DNT | L19: DNT | M19: DNT | N19: DNT | O19: DNT | P19: DNT | Q19: =SUM(J19:P19) -> 0 | R19: DNT | S19: DNT | T19: DNT | U19: DNT
A20: BROOME | B20: 290 | C20: 1893 | D20: 539 | E20: 46 | F20: 36 | G20: 0 | H20: 0 | I20: =SUM(B20:H20) -> 2804 | J20: 77 | K20: 2216 | L20: 10 | M20: 1 | N20: 25 | O20: 0 | P20: 0 | Q20: =SUM(J20:P20) -> 2329 | R20: 0 | S20: N/A | T20: 0 | U20: N/a
A21: CATTARAUGUS | B21: 29 | C21: 604 | D21: 636 | E21: 7 | F21: 12 | G21: 50 | H21: 12 | I21: =SUM(B21:H21) -> 1350 | J21: 22 | K21: 993 | L21: 1 | M21: 0 | N21: 5 | O21: 8 | P21: 0 | Q21: =SUM(J21:P21) -> 1029 | R21: 0 | S21: N/A | T21: 0 | U21: N/A
A22: CAYUGA | B22: 96 | C22: 383 | D22: 50 | E22: 20 | F22: 50 | G22: 0 | H22: 1 | I22: =SUM(B22:H22) -> 600 | J22: 9 | K22: 516 | L22: 9 | M22: 15 | N22: 10 | O22: 0 | P22: 0 | Q22: =SUM(J22:P22) -> 559 | R22: 0 | S22: 0 | T22: 0 | U22: 0
A23: CHAUTAUQUA | B23: 41 | C23: 1534 | D23: 34 | E23: 6 | F23: 0 | G23: 669 | H23: 0 | I23: =SUM(B23:H23) -> 2284 | J23: 25 | K23: 7 | L23: 8 | M23: 0 | N23: 0 | O23: 4 | P23: 0 | Q23: =SUM(J23:P23) -> 44 | R23: 0 | S23: NA | T23: 0 | U23: NA
A24: CHEMUNG | B24: 74 | C24: 1453 | D24: 15 | E24: 1 | F24: 6 | G24: 0 | H24: 2 | I24: =SUM(B24:H24) -> 1551 | J24: 45 | K24: 1441 | L24: 2 | M24: 0 | N24: 2 | O24: 0 | P24: 0 | Q24: =SUM(J24:P24) -> 1490 | R24: 14856 | S24: 3,902- Miscellaneous changes, 4,415 - Mailing address changes, 280- Mailing address deleted, 2,523 - Poll worker summary info. Change, 1,977 Poll worker date info change, 255 - Poll worker availability, 559- Poll worker contact info. change | T24: 1416 | U24: 347- Same day duplicate came through the DMVI portal two or more times on the same day, 14 - no address completed, 16- citizen box blank, 2 - citizen box pre-marked (Agency -name but no other contact info), 3 - transferred to different county,1,024 -no signature (DMVI), 2 - names reversed (DMVI) rejected and rescanned into correct existing voter registration, 1 - didn't want to be registered (agency).
A25: CHENANGO | B25: 0 | C25: 69 | D25: 16 | E25: 17 | F25: 0 | G25: 1 | H25: 0 | I25: =SUM(B25:H25) -> 103 | J25: 2 | K25: 489 | L25: 40 | M25: 11 | N25: 0 | O25: 0 | P25: 0 | Q25: =SUM(J25:P25) -> 542 | R25: 0 | S25: N/A | T25: 0 | U25: N/A
A26: CLINTON | B26: 190 | C26: 1451 | D26: 146 | E26: 8 | F26: DNT | G26: DNT | H26: 4 | I26: =SUM(B26:H26) -> 1799 | J26: 316 | K26: 814 | L26: 0 | M26: 0 | N26: DNT | O26: DNT | P26: 0 | Q26: =SUM(J26:P26) -> 1130 | R26: 0 | S26: N?A | T26: 0 | U26: N/A
A27: COLUMBIA | B27: 16 | C27: 719 | D27: 149 | E27: 709 | F27: DNT | G27: 150 | H27: 7 | I27: =SUM(B27:H27) -> 1750 | J27: 4 | K27: 310 | L27: 12 | M27: 1 | N27: DNT | O27: 33 | P27: 0 | Q27: =SUM(J27:P27) -> 360 | R27: 0 | S27: NA | T27: 0 | U27: NA
A28: CORTLAND | B28: 4 | C28: 504 | D28: 1 | E28: 5 | F28: 0 | G28: 0 | H28: 0 | I28: =SUM(B28:H28) -> 514 | J28: 0 | K28: 94 | L28: 0 | M28: 0 | N28: 0 | O28: 0 | P28: 0 | Q28: =SUM(J28:P28) -> 94 | R28: 1448 | S28: 78 ID Info,271 Inspector Info, 1099 NVRA | T28: 0 | U28: N/A
A29: DELAWARE | B29: 0 | C29: 353 | D29: 5 | E29: 1016 | F29: 0 | G29: 14 | H29: 0 | I29: =SUM(B29:H29) -> 1388 | J29: 1 | K29: 0 | L29: 0 | M29: 2 | N29: 0 | O29: 0 | P29: 0 | Q29: =SUM(J29:P29) -> 3 | R29: 9421 | S29: contact updates | T29: 3 | U29: invalid address
A30: DUTCHESS | B30: 98 | C30: 5628 | D30: 2723 | E30: 35 | F30: 101 | G30: 132 | H30: 67 | I30: =SUM(B30:H30) -> 8784 | J30: 104 | K30: 126 | L30: 58 | M30: 3 | N30: 17 | O30: 77 | P30: 23 | Q30: =SUM(J30:P30) -> 408 | R30: 68563 | S30: Changed BLK to NOP in system | T30: 408 | U30: Missing information on documents
A31: ERIE | B31: 36 | C31: 1914 | D31: 307 | E31: 12 | F31: 109 | G31: 1723 | H31: 92 | I31: =SUM(B31:H31) -> 4193 | J31: 5 | K31: 9953 | L31: 8 | M31: 0 | N31: 5 | O31: 0 | P31: 17 | Q31: =SUM(J31:P31) -> 9988 | R31: 0 | S31: 0 | T31: 0 | U31: 0
A32: ESSEX | B32: 42 | C32: 819 | D32: 1 | E32: 2 | F32: N/A | G32: N/A | H32: 0 | I32: =SUM(B32:H32) -> 864 | J32: 22 | K32: 366 | L32: 17 | M32: 0 | N32: N/A | O32: N/A | P32: 0 | Q32: =SUM(J32:P32) -> 405 | R32: DNT | S32: N/A | T32: 406 | U32: 6 NCOA transfers wth PO Box 11 MC Transfers already purged 1 Address changed already purged 378 Not reg in NYS 3 PO Box only provided 2 missing house # 2 Wrong State - Essex NJ 1 Citizenship not answered 1 Not citizen 1 No DOB
A33: FRANKLIN | B33: 1 | C33: 29 | D33: 325 | E33: 5 | F33: 0 | G33: 0 | H33: 56 | I33: =SUM(B33:H33) -> 416 | J33: 11 | K33: 1229 | L33: 5 | M33: 0 | N33: 0 | O33: 0 | P33: 0 | Q33: =SUM(J33:P33) -> 1245 | R33: DNT | S33: DNT | T33: DNT | U33: DNT
A34: FULTON | B34: 2 | C34: 453 | D34: 17 | E34: 3 | F34: 0 | G34: 0 | H34: 0 | I34: =SUM(B34:H34) -> 475 | J34: 230 | K34: 665 | L34: 6 | M34: 1 | N34: 0 | O34: 0 | P34: 0 | Q34: =SUM(J34:P34) -> 902 | R34: 0 | S34: N/A | T34: 0 | U34: N/A
A35: GENESEE | B35: 22 | C35: 145 | D35: 21 | E35: 9 | F35: 0 | G35: 0 | H35: 11 | I35: =SUM(B35:H35) -> 208 | J35: 78 | K35: 8 | L35: 15 | M35: 0 | N35: 0 | O35: 0 | P35: 0 | Q35: =SUM(J35:P35) -> 101 | R35: 0 | S35: N/A | T35: 0 | U35: N/A
A36: GREENE | B36: 71 | C36: 191 | D36: 11 | E36: 0 | F36: 0 | G36: 4 | H36: 0 | I36: =SUM(B36:H36) -> 277 | J36: 51 | K36: 4 | L36: 1 | M36: 0 | N36: 0 | O36: 0 | P36: 0 | Q36: =SUM(J36:P36) -> 56 | R36: 0 | S36: n/a | T36: 0 | U36: n/a
A37: HAMILTON | B37: 0 | C37: 82 | D37: 0 | E37: 0 | F37: 0 | G37: 0 | H37: 0 | I37: =SUM(B37:H37) -> 82 | J37: 0 | K37: 102 | L37: 0 | M37: 0 | N37: 0 | O37: 0 | P37: 0 | Q37: =SUM(J37:P37) -> 102 | R37: 0 | S37: 0 | T37: 0 | U37: 0
A38: HERKIMER | B38: 215 | C38: 32 | D38: 0 | E38: 0 | F38: 0 | G38: 0 | H38: 0 | I38: =SUM(B38:H38) -> 247 | J38: 0 | K38: 948 | L38: 25 | M38: 0 | N38: 0 | O38: 0 | P38: 0 | Q38: =SUM(J38:P38) -> 973 | R38: 0 | S38: 0 | T38: 0 | U38: 0
A39: JEFFERSON | B39: 31 | C39: 0 | D39: 0 | E39: 0 | F39: 0 | G39: 0 | H39: 0 | I39: =SUM(B39:H39) -> 31 | J39: 22 | K39: 683 | L39: 2 | M39: 0 | N39: 0 | O39: 0 | P39: 0 | Q39: =SUM(J39:P39) -> 707 | R39: 0 | T39: 0
A40: LEWIS | B40: 18 | C40: 316 | D40: 16 | E40: 1 | F40: 0 | G40: 0 | H40: 0 | I40: =SUM(B40:H40) -> 351 | J40: 0 | K40: 0 | L40: 0 | M40: 0 | N40: 0 | O40: 0 | P40: 0 | Q40: =SUM(J40:P40) -> 0 | R40: 0 | S40: N/A | T40: 0 | U40: N/A
A41: LIVINGSTON | B41: 213 | C41: 10 | D41: 19 | E41: 8 | F41: 0 | G41: 9 | H41: 0 | I41: =SUM(B41:H41) -> 259 | J41: 0 | K41: 2 | L41: 2 | M41: 0 | N41: 0 | O41: 0 | P41: 0 | Q41: =SUM(J41:P41) -> 4 | R41: 0 | S41: 0 | T41: 0 | U41: 0
A42: MADISON | B42: 5 | C42: 283 | D42: 5 | E42: 0 | F42: 0 | G42: 0 | H42: 0 | I42: =SUM(B42:H42) -> 293 | J42: 7 | K42: 225 | L42: 4 | M42: 3 | N42: 0 | O42: 0 | P42: 0 | Q42: =SUM(J42:P42) -> 239 | R42: n/a | S42: N/A | T42: N/A | U42: N/A
A43: MONROE | B43: 423 | C43: 8803 | D43: 236 | E43: 96 | F43: DNT | G43: 36448 | H43: DNT | I43: =SUM(B43:H43) -> 46006 | J43: 291 | K43: 5652 | L43: 16 | M43: DNT | N43: 9 | O43: DNT | P43: DNT | Q43: =SUM(J43:P43) -> 5968 | R43: DNT | S43: DNT | T43: 6043 | U43: INCOMPLETE
A44: MONTGOMERY | B44: 70 | C44: 663 | D44: 832 | E44: 24 | F44: 4 | G44: 0 | H44: 3 | I44: =SUM(B44:H44) -> 1596 | J44: 1 | K44: 1098 | L44: 19 | M44: 0 | N44: 0 | O44: 0 | P44: 3 | Q44: =SUM(J44:P44) -> 1121 | R44: 0 | S44: N/A | T44: 0 | U44: N/A
A45: NASSAU | B45: 8171 | C45: 4391 | D45: 303 | E45: 134 | F45: 141 | G45: 8 | H45: 45 | I45: =SUM(B45:H45) -> 13193 | J45: DNT | K45: 13025 | L45: DNT | M45: DNT | N45: DNT | O45: DNT | P45: DNT | Q45: =SUM(J45:P45) -> 13025 | R45: DNT | S45: DNT | T45: DNT | U45: Missing Sig, Incomplete, Damaged in Mail, Not a citizen, invalid address
A46: NIAGARA | B46: 287 | C46: 3522 | D46: 138 | E46: 26 | F46: 28 | G46: 0 | H46: DNT | I46: =SUM(B46:H46) -> 4001 | J46: 51 | K46: 1667 | L46: 7 | M46: 6 | N46: 2 | O46: 0 | P46: DNT | Q46: =SUM(J46:P46) -> 1733 | R46: N/A | S46: N/A | T46: N/A | U46: N/A
A47: ONEIDA | B47: 80 | C47: 2314 | D47: 126 | E47: 14 | F47: N/A | G47: N/A | H47: N/A | I47: =SUM(B47:H47) -> 2534 | J47: 1495 | K47: 3160 | L47: DNT | M47: 8 | N47: DNT | O47: DNT | P47: DNT | Q47: =SUM(J47:P47) -> 4663 | R47: 4 | S47: ONE OVR WAS PURGED DECEASED; THREE WERE UNDER 15YRS OLD | T47: 4 | U47: ONE OVR WAS PURGED DECEASED; THREE WERE UNDER 15YRS OLD
A48: ONONDAGA | B48: 83 | C48: 7174 | D48: 254 | E48: 196 | F48: 99 | G48: 364 | H48: 528 | I48: =SUM(B48:H48) -> 8698 | J48: 22 | K48: 5870 | L48: 20 | M48: 19 | N48: 43 | O48: 45 | P48: 6 | Q48: =SUM(J48:P48) -> 6025 | R48: 0 | T48: 0
A49: ONTARIO | B49: 38 | C49: 1150 | D49: 699 | E49: 5 | F49: 3 | G49: 0 | H49: 18 | I49: =SUM(B49:H49) -> 1913 | J49: 3 | K49: 703 | L49: 3 | M49: 0 | N49: 0 | O49: 0 | P49: 0 | Q49: =SUM(J49:P49) -> 709 | R49: 0 | S49: N/A | T49: 31 | U49: no DOB, non-existent address
A50: ORANGE | B50: 482 | C50: 5708 | D50: 1298 | E50: 156 | F50: 79 | G50: 1305 | H50: 225 | I50: =SUM(B50:H50) -> 9253 | J50: 7 | K50: 23 | L50: 6 | M50: 16 | N50: 6 | O50: 1 | P50: 3 | Q50: =SUM(J50:P50) -> 62 | R50: 0 | S50: 0 | T50: 0 | U50: 0
A51: ORLEANS | B51: 9 | C51: 539 | D51: 77 | E51: 2 | F51: 0 | G51: 14 | H51: 1 | I51: =SUM(B51:H51) -> 642 | J51: 6 | K51: 387 | L51: 2 | M51: 0 | N51: 0 | O51: 0 | P51: 0 | Q51: =SUM(J51:P51) -> 395 | R51: 0 | T51: 10 | U51: All incomplete/blank
A52: OSWEGO | B52: 20 | C52: 2544 | D52: 4 | E52: 1 | F52: 0 | G52: 0 | H52: 0 | I52: =SUM(B52:H52) -> 2569 | J52: 16 | K52: 1386 | L52: 2 | M52: 0 | N52: 0 | O52: 0 | P52: 0 | Q52: =SUM(J52:P52) -> 1404 | R52: 0 | S52: N/A | T52: 0 | U52: N/A
A53: OTSEGO | B53: 14 | C53: 465 | D53: 432 | E53: 4 | F53: 0 | G53: 0 | H53: 0 | I53: =SUM(B53:H53) -> 915 | J53: 16 | K53: 468 | L53: 6 | M53: 3 | N53: 0 | O53: 0 | P53: 0 | Q53: =SUM(J53:P53) -> 493 | R53: 15 | S53: ADDING ID | T53: 6 | U53: INVALID ADDRESS
A54: PUTNAM | B54: 18 | C54: 622 | D54: 30 | E54: 10 | F54: 25 | G54: 1250 | H54: 10 | I54: =SUM(B54:H54) -> 1965 | J54: 0 | K54: 23 | L54: 2 | M54: 0 | N54: 0 | O54: 15 | P54: 0 | Q54: =SUM(J54:P54) -> 40 | R54: 40 | S54: 0 | T54: 0 | U54: n/a
A55: RENSSELAER | B55: 11 | C55: 284 | D55: 180 | E55: 113 | F55: 0 | G55: 0 | H55: 0 | I55: =SUM(B55:H55) -> 588 | J55: 0 | K55: 1 | L55: 4 | M55: 0 | N55: 0 | O55: 1 | P55: 0 | Q55: =SUM(J55:P55) -> 6 | R55: 0 | S55: N/A | T55: 0 | U55: N/A
A56: ROCKLAND | B56: 12 | C56: 26 | D56: 16 | E56: 7 | F56: 0 | G56: DNT | H56: 0 | I56: =SUM(B56:H56) -> 61 | J56: 1 | K56: 2253 | L56: 0 | M56: 1 | N56: 7 | O56: 0 | P56: 1 | Q56: =SUM(J56:P56) -> 2263 | R56: 0 | S56: 0 | T56: 0 | U56: 0
A57: SARATOGA | B57: 42 | C57: 261 | D57: 91 | E57: 40 | F57: 0 | G57: 3083 | H57: 0 | I57: =SUM(B57:H57) -> 3517 | J57: 0 | K57: 3 | L57: 1 | M57: 0 | N57: 0 | O57: 25 | P57: 0 | Q57: =SUM(J57:P57) -> 29 | R57: DNT | S57: N/a | T57: DNT | U57: N/a
A58: SCHENECTADY | B58: 0 | C58: 230 | D58: 5 | E58: 77 | F58: DNT | G58: 0 | H58: 0 | I58: =SUM(B58:H58) -> 312 | J58: 33 | K58: 2231 | L58: 0 | M58: 0 | N58: DNT | O58: DNT | P58: 0 | Q58: =SUM(J58:P58) -> 2264 | R58: 0 | T58: 0
A59: SCHOHARIE | B59: 3 | C59: 360 | D59: 373 | E59: 2 | F59: 1 | G59: 12 | H59: 0 | I59: =SUM(B59:H59) -> 751 | J59: 0 | K59: 0 | L59: 4 | M59: 1 | N59: 0 | O59: 0 | P59: 0 | Q59: =SUM(J59:P59) -> 5 | R59: 0 | S59: N/A | T59: DNT | U59: N/A
A60: SCHUYLER | B60: 6 | C60: 178 | D60: 2 | E60: 1 | F60: 0 | G60: 230 | H60: DNT | I60: =SUM(B60:H60) -> 417 | J60: 14 | K60: 220 | L60: 1 | M60: 0 | N60: 0 | O60: 0 | P60: 1 | Q60: =SUM(J60:P60) -> 236 | R60: DNT | S60: DNT | T60: DNT | U60: DNT
A61: SENECA | B61: 2 | C61: 11 | D61: 2 | E61: 1 | F61: Do Not Track - Included in #31 | G61: 497 | H61: Do Not Track - Included in #31 | I61: =SUM(B61:H61) -> 513 | J61: 0 | K61: 395 | L61: 0 | M61: 0 | N61: DNT | O61: 1 | P61: DNT | Q61: =SUM(J61:P61) -> 396 | R61: 0 | S61: N/A | T61: 0 | U61: N/A
A62: ST. LAWRENCE | B62: 34 | C62: 654 | D62: 53 | E62: 1 | F62: 0 | G62: 0 | H62: 0 | I62: =SUM(B62:H62) -> 742 | J62: 0 | K62: 1 | L62: 1 | M62: 3 | N62: 0 | O62: 0 | P62: 0 | Q62: =SUM(J62:P62) -> 5 | R62: DNT | T62: 5 | U62: Missing address or invalid address
A63: STEUBEN | B63: 49 | C63: 31 | D63: 50 | E63: 49 | F63: 0 | G63: 0 | H63: 0 | I63: =SUM(B63:H63) -> 179 | J63: 4 | K63: 2 | L63: 2 | M63: 0 | N63: 0 | O63: 0 | P63: 0 | Q63: =SUM(J63:P63) -> 8 | R63: 0 | T63: 0
A64: SUFFOLK | B64: 1152 | C64: 41769 | D64: 4246 | E64: 62 | F64: 265 | G64: 533 | H64: 906 | I64: =SUM(B64:H64) -> 48933 | J64: 1038 | K64: 21534 | L64: 1370 | M64: 11 | N64: 148 | O64: 117 | P64: 14 | Q64: =SUM(J64:P64) -> 24232 | R64: 93814 | S64: Redistricting; Returned Mail; NYSVoter; Miscellaneous; Inactivation/Purge; NCOA | T64: 24232 | U64: Change of Address - Not Previously Registered, No Signature, etc.
A65: SULLIVAN | B65: 24 | C65: 79 | D65: 31 | E65: 23 | F65: 0 | G65: 24 | H65: 1 | I65: =SUM(B65:H65) -> 182 | J65: 119 | K65: 5 | L65: 6 | M65: 2 | N65: N/A | O65: 119 | P65: 0 | Q65: =SUM(J65:P65) -> 251 | R65: 0 | S65: 0 | T65: 0 | U65: 0
A66: TIOGA | B66: 288 | C66: 305 | D66: 9 | E66: 16 | F66: DNT | G66: 0 | H66: 0 | I66: =SUM(B66:H66) -> 618 | J66: 8 | K66: 326 | L66: 12 | M66: 0 | N66: DNT | O66: 0 | P66: 1 | Q66: =SUM(J66:P66) -> 347 | R66: 25 | S66: Address in other county, forwarded to other county | T66: 24 | U66: No citizen box checked 2 Deceased 5 Filled out but checked chose not to register 1 Only last name on Nixie sticker from other county 3 Address doesn't exist 3 Too young 3 Wrong state 1 Agency; checked yes register but left blank 2 No address listed 2 Register at business address 1 Only received half of reg form 1
A67: TOMPKINS | B67: 4 | C67: 1727 | D67: 81 | E67: 4 | F67: 0 | G67: 0 | H67: 6 | I67: =SUM(B67:H67) -> 1822 | J67: 0 | K67: 5 | L67: 4 | M67: 1 | N67: 0 | O67: 0 | P67: 0 | Q67: =SUM(J67:P67) -> 10 | R67: 0 | S67: 0 | T67: 0 | U67: 0
A68: ULSTER | B68: 91 | C68: 1420 | D68: 509 | E68: 31 | F68: 0 | G68: 0 | H68: 92 | I68: =SUM(B68:H68) -> 2143 | J68: 27 | K68: 1553 | L68: 21 | M68: 12 | N68: 0 | O68: 0 | P68: 14 | Q68: =SUM(J68:P68) -> 1627 | R68: 975 | S68: OVR transactions | T68: 1614 | U68: incomplete registration forms from Agencies, DMV, Mail, and SUNY
A69: WARREN | B69: 46 | C69: 2079 | D69: 505 | E69: 8 | F69: 0 | G69: 164 | H69: 0 | I69: =SUM(B69:H69) -> 2802 | J69: 8 | K69: 3 | L69: 0 | M69: 4 | N69: 0 | O69: 0 | P69: 0 | Q69: =SUM(J69:P69) -> 15 | R69: 0 | T69: 15 | U69: Blank, Non Citizen, Underaged, Signature Only, No Name
A70: WASHINGTON | B70: 5 | C70: 639 | D70: 17 | E70: 1 | F70: 7 | G70: 570 | H70: 0 | I70: =SUM(B70:H70) -> 1239 | J70: 13 | K70: 818 | L70: 1 | M70: 0 | N70: 0 | O70: 0 | P70: 0 | Q70: =SUM(J70:P70) -> 832 | R70: 16 | S70: 10-no address 6-only sig on bottom | T70: 16 | U70: 10-no address 6-only sig on bottom
A71: WAYNE | B71: 45 | C71: 1148 | D71: 315 | E71: 8 | F71: 5 | G71: DNT | H71: 18 | I71: =SUM(B71:H71) -> 1539 | J71: 142 | K71: 1238 | L71: 49 | M71: 0 | N71: 0 | O71: DNT | P71: 23 | Q71: =SUM(J71:P71) -> 1452 | R71: 0 | S71: N/A | T71: 0 | U71: N/A
A72: WESTCHESTER | B72: 731 | C72: 3102 | D72: 3575 | E72: 92 | F72: 12 | G72: 180 | H72: 0 | I72: =SUM(B72:H72) -> 7692 | J72: 73 | K72: 2303 | L72: 52 | M72: 84 | N72: 82 | O72: 165 | P72: 0 | Q72: =SUM(J72:P72) -> 2759 | R72: 1 | S72: REWORK | T72: 1603 | U72: MISSING DOB - 12, MISSING SIGNATURE- 2, INCOMPLETE- 20, P.O Box- 14, WHITEOUT ON APPLICATION- 48, COPY (NOT ORIGINAL FORM)- 3, NOT A CITIZEN- 50, DAMAGED IN MAIL- 2, PENCIL- 25, INCOMPLETE ADDRESS-2, BUSINESS ADDRESS-62, NAME, ADDRESS, OR DATE OF BIRTH MISSING OR UNCLEAR- 10, SIGNATURE DOESN'T MATCH- 8, POWER OF ATTORNEY SIGNED- 82
A73: WYOMING | B73: 198 | C73: 62 | D73: 16 | E73: 0 | F73: 0 | G73: 24 | H73: 0 | I73: =SUM(B73:H73) -> 300 | J73: 0 | K73: 1 | L73: 3 | M73: 0 | N73: 0 | O73: 0 | P73: 0 | Q73: =SUM(J73:P73) -> 4 | R73: 0 | S73: 0 | T73: 0 | U73: 0
A74: YATES | B74: 1 | C74: 226 | D74: 3 | E74: 2 | F74: 0 | G74: 0 | H74: 1 | I74: =SUM(B74:H74) -> 233 | J74: 7 | K74: 108 | L74: 0 | M74: 0 | N74: 0 | O74: 0 | P74: 0 | Q74: =SUM(J74:P74) -> 115 | R74: N/A | S74: N/A | T74: N/A | U74: N/A
A75: TOTALS | B75: =SUM(B18:B74) -> 13974 | C75: =SUM(C18:C74) -> 111810 | D75: =SUM(D18:D74) -> 19576 | E75: =SUM(E18:E74) -> 3147 | F75: =SUM(F18:F74) -> 983 | G75: =SUM(G18:G74) -> 47763 | H75: =SUM(H18:H74) -> 2545 | I75: =SUM(I18:I74) -> 199798 | ... U75: =SUM(U18:U74) -> 0
A76: BRONX | B76: 0 | C76: 0 | D76: 0 | E76: 0 | F76: DNT | G76: 0 | H76: 1 | I76: =SUM(B76:H76) -> 1 | J76: 468 | K76: 351 | L76: 862 | M76: 27 | N76: DNT | O76: 87 | P76: 308 | Q76: =SUM(J76:P76) -> 2103 | R76: 34639 | S76: OVR | T76: 944 | U76: MIXED
A77: KINGS | B77: 0 | C77: 483 | D77: 65 | E77: 0 | F77: DNT | G77: 2 | H77: 5 | I77: =SUM(B77:H77) -> 555 | J77: 580 | K77: 664 | L77: 1814 | M77: 27 | N77: DNT | O77: 124 | P77: 756 | Q77: =SUM(J77:P77) -> 3965 | R77: 140231 | S77: OVR | T77: 1746 | U77: MIXED
A78: NEW YORK | B78: 0 | C78: 2 | D78: 0 | E78: 0 | F78: DNT | G78: 0 | H78: 0 | I78: =SUM(B78:H78) -> 2 | J78: 742 | K78: 483 | L78: 1291 | M78: 18 | N78: DNT | O78: 79 | P78: 1967 | Q78: =SUM(J78:P78) -> 4580 | R78: 125369 | S78: OVR | T78: 1792 | U78: MIXED
A79: QUEENS | B79: 2 | C79: 1773 | D79: 103 | E79: 0 | F79: DNT | G79: 1 | H79: 375 | I79: =SUM(B79:H79) -> 2254 | J79: 35 | K79: 766 | L79: 1846 | M79: 1 | N79: DNT | O79: 209 | P79: 2900 | Q79: =SUM(J79:P79) -> 5757 | R79: 74423 | S79: OVR | T79: 2346 | U79: MIXED
A80: RICHMOND | B80: 0 | C80: 1216 | D80: 44 | E80: 0 | F80: DNT | G80: 1 | H80: 2 | I80: =SUM(B80:H80) -> 1263 | J80: 4 | K80: 38 | L80: 139 | M80: 2 | N80: DNT | O80: 37 | P80: 279 | Q80: =SUM(J80:P80) -> 499 | R80: 11573 | S80: OVR | T80: 506 | U80: MIXED
A81: NYC TOTAL | B81: =SUM(B76:B80) -> 2 | C81: =SUM(C76:C80) -> 3474 | D81: =SUM(D76:D80) -> 212 | E81: =SUM(E76:E80) -> 0 | F81: =SUM(F76:F80) -> 0 | G81: =SUM(G76:G80) -> 4 | H81: =SUM(H76:H80) -> 383 | I81: =SUM(I76:I80) -> 4075 | ... U81: =SUM(U76:U80) -> 0
A82: GRAND TOTAL | B82: =SUM(B75,B81) -> 13976 | C82: =SUM(C75,C81) -> 115284 | D82: =SUM(D75,D81) -> 19788 | E82: =SUM(E75,E81) -> 3147 | F82: =SUM(F75,F81) -> 983 | G82: =SUM(G75,G81) -> 47767 | H82: =SUM(H75,H81) -> 2928 | I82: =SUM(I75,I81) -> 203873 | ... U82: =SUM(U75,U81) -> 0

Sheet Report 2c
A1: 2025 Annual Statistical Information Survey
A3: Registration and Enrollment Summary
A4: ***Some totals will automatically calculate.
A5: Please do not leave any cell blank. If cells are blank the State Board will need to reach out to obtain an answer.
A6: Key
A7: Value is zero | B7: 0
A8: Does not apply | B8: N/A
A9: Does not track | B9: DNT
B11: Totals will calculate, based on data received in Report 2a and 2b | J11: Question #42 | K11: Question #43 | L11: Question #44
B12: REGISTRATION INFO | J12: FORMS DISTRIBUTION
A13: County | B13: Total Number Received by Agency-Based Programs | C13: Total Number Received Through DMV Programs | D13: Total Number Received by Mail | E13: Total Number Received Via Personal Delivery to Board | F13: Total Number from Advocacy Groups or Political Parties Reg Drives | G13: Total Number from other Agencies Not Mandated by NVRA | H13: Total Number from Polling Places and Voting Sites | I13: Grand Total of Registration Transactions | J13: Number of Forms Issued to Groups | K13: Number of Forms used By Outreach Programs | L13: Number of Forms Mailed out by Voters Requests | M13: Grand Total of Forms
A17: ALBANY | B17: =SUM('Report 2a'!B18,'Report 2a'!J18,'Report 2a'!S18,'Report 2b'!B18,'Report 2b'!J18) -> 2629 | C17: =SUM('Report 2a'!C18,'Report 2a'!K18,'Report 2a'!T18,'Report 2b'!C18,'Report 2b'!K18) -> 14124 | D17: =SUM('Report 2a'!D18,'Report 2a'!L18,'Report 2a'!U18,'Report 2b'!D18,'Report 2b'!L18) -> 451 | E17: =SUM('Report 2a'!E18,'Report 2a'!M18,'Report 2a'!V18,'Report 2b'!E18,'Report 2b'!M18) -> 540 | F17: =SUM('Report 2a'!F18,'Report 2a'!N18,'Report 2a'!W18,'Report 2b'!F18,'Report 2b'!N18) -> 464 | G17: =SUM('Report 2a'!G18,'Report 2a'!O18,'Report 2a'!X18,'Report 2b'!G18,'Report 2b'!O18) -> 6340 | H17: =SUM('Report 2a'!H18,'Report 2a'!P18,'Report 2a'!Y18,'Report 2b'!H18,'Report 2b'!P18) -> 439 | I17: =SUM(B17:H17) -> 24987 | J17: 1500 | K17: 125 | L17: 40 | M17: =SUM(J17:L17) -> 1665
A18: ALLEGANY | B18: =SUM('Report 2a'!B19,'Report 2a'!J19,'Report 2a'!S19,'Report 2b'!B19,'Report 2b'!J19) -> 149 | C18: =SUM('Report 2a'!C19,'Report 2a'!K19,'Report 2a'!T19,'Report 2b'!C19,'Report 2b'!K19) -> 3184 | D18: =SUM('Report 2a'!D19,'Report 2a'!L19,'Report 2a'!U19,'Report 2b'!D19,'Report 2b'!L19) -> 940 | E18: =SUM('Report 2a'!E19,'Report 2a'!M19,'Report 2a'!V19,'Report 2b'!E19,'Report 2b'!M19) -> 506 | F18: =SUM('Report 2a'!F19,'Report 2a'!N19,'Report 2a'!W19,'Report 2b'!F19,'Report 2b'!N19) -> 0 | G18: =SUM('Report 2a'!G19,'Report 2a'!O19,'Report 2a'!X19,'Report 2b'!G19,'Report 2b'!O19) -> 0 | H18: =SUM('Report 2a'!H19,'Report 2a'!P19,'Report 2a'!Y19,'Report 2b'!H19,'Report 2b'!P19) -> 0 | I18: =SUM(B18:H18) -> 4779 | J18: 2275 | K18: 500 | L18: DNT | M18: =SUM(J18:L18) -> 2775
A19: BROOME | B19: =SUM('Report 2a'!B20,'Report 2a'!J20,'Report 2a'!S20,'Report 2b'!B20,'Report 2b'!J20) -> 747 | C19: =SUM('Report 2a'!C20,'Report 2a'!K20,'Report 2a'!T20,'Report 2b'!C20,'Report 2b'!K20) -> 9516 | D19: =SUM('Report 2a'!D20,'Report 2a'!L20,'Report 2a'!U20,'Report 2b'!D20,'Report 2b'!L20) -> 5874 | E19: =SUM('Report 2a'!E20,'Report 2a'!M20,'Report 2a'!V20,'Report 2b'!E20,'Report 2b'!M20) -> 1000 | F19: =SUM('Report 2a'!F20,'Report 2a'!N20,'Report 2a'!W20,'Report 2b'!F20,'Report 2b'!N20) -> 1331 | G19: =SUM('Report 2a'!G20,'Report 2a'!O20,'Report 2a'!X20,'Report 2b'!G20,'Report 2b'!O20) -> 0 | H19: =SUM('Report 2a'!H20,'Report 2a'!P20,'Report 2a'!Y20,'Report 2b'!H20,'Report 2b'!P20) -> 16 | I19: =SUM(B19:H19) -> 18484 | J19: 2480 | K19: 3815 | L19: 390 | M19: =SUM(J19:L19) -> 6685
A20: CATTARAUGUS | B20: =SUM('Report 2a'!B21,'Report 2a'!J21,'Report 2a'!S21,'Report 2b'!B21,'Report 2b'!J21) -> 333 | C20: =SUM('Report 2a'!C21,'Report 2a'!K21,'Report 2a'!T21,'Report 2b'!C21,'Report 2b'!K21) -> 6718 | D20: =SUM('Report 2a'!D21,'Report 2a'!L21,'Report 2a'!U21,'Report 2b'!D21,'Report 2b'!L21) -> 11724 | E20: =SUM('Report 2a'!E21,'Report 2a'!M21,'Report 2a'!V21,'Report 2b'!E21,'Report 2b'!M21) -> 290 | F20: =SUM('Report 2a'!F21,'Report 2a'!N21,'Report 2a'!W21,'Report 2b'!F21,'Report 2b'!N21) -> 238 | G20: =SUM('Report 2a'!G21,'Report 2a'!O21,'Report 2a'!X21,'Report 2b'!G21,'Report 2b'!O21) -> 5755 | H20: =SUM('Report 2a'!H21,'Report 2a'!P21,'Report 2a'!Y21,'Report 2b'!H21,'Report 2b'!P21) -> 132 | I20: =SUM(B20:H20) -> 25190 | J20: 2125 | K20: 395 | L20: 703 | M20: =SUM(J20:L20) -> 3223
A21: CAYUGA | B21: =SUM('Report 2a'!B22,'Report 2a'!J22,'Report 2a'!S22,'Report 2b'!B22,'Report 2b'!J22) -> 333 | C21: =SUM('Report 2a'!C22,'Report 2a'!K22,'Report 2a'!T22,'Report 2b'!C22,'Report 2b'!K22) -> 5253 | D21: =SUM('Report 2a'!D22,'Report 2a'!L22,'Report 2a'!U22,'Report 2b'!D22,'Report 2b'!L22) -> 9103 | E21: =SUM('Report 2a'!E22,'Report 2a'!M22,'Report 2a'!V22,'Report 2b'!E22,'Report 2b'!M22) -> 1533 | F21: =SUM('Report 2a'!F22,'Report 2a'!N22,'Report 2a'!W22,'Report 2b'!F22,'Report 2b'!N22) -> 70 | G21: =SUM('Report 2a'!G22,'Report 2a'!O22,'Report 2a'!X22,'Report 2b'!G22,'Report 2b'!O22) -> 720 | H21: =SUM('Report 2a'!H22,'Report 2a'!P22,'Report 2a'!Y22,'Report 2b'!H22,'Report 2b'!P22) -> 109 | I21: =SUM(B21:H21) -> 17121 | J21: 100 | K21: 400 | L21: 350 | M21: =SUM(J21:L21) -> 850
A22: CHAUTAUQUA | B22: =SUM('Report 2a'!B23,'Report 2a'!J23,'Report 2a'!S23,'Report 2b'!B23,'Report 2b'!J23) -> 851 | C22: =SUM('Report 2a'!C23,'Report 2a'!K23,'Report 2a'!T23,'Report 2b'!C23,'Report 2b'!K23) -> 7903 | D22: =SUM('Report 2a'!D23,'Report 2a'!L23,'Report 2a'!U23,'Report 2b'!D23,'Report 2b'!L23) -> 22721 | E22: =SUM('Report 2a'!E23,'Report 2a'!M23,'Report 2a'!V23,'Report 2b'!E23,'Report 2b'!M23) -> 98 | F22: =SUM('Report 2a'!F23,'Report 2a'!N23,'Report 2a'!W23,'Report 2b'!F23,'Report 2b'!N23) -> 54 | G22: =SUM('Report 2a'!G23,'Report 2a'!O23,'Report 2a'!X23,'Report 2b'!G23,'Report 2b'!O23) -> 774 | H22: =SUM('Report 2a'!H23,'Report 2a'!P23,'Report 2a'!Y23,'Report 2b'!H23,'Report 2b'!P23) -> 19 | I22: =SUM(B22:H22) -> 32420 | J22: 345 | K22: 0 | L22: 55 | M22: =SUM(J22:L22) -> 400
A23: CHEMUNG | B23: =SUM('Report 2a'!B24,'Report 2a'!J24,'Report 2a'!S24,'Report 2b'!B24,'Report 2b'!J24) -> 355 | C23: =SUM('Report 2a'!C24,'Report 2a'!K24,'Report 2a'!T24,'Report 2b'!C24,'Report 2b'!K24) -> 8242 | D23: =SUM('Report 2a'!D24,'Report 2a'!L24,'Report 2a'!U24,'Report 2b'!D24,'Report 2b'!L24) -> 172 | E23: =SUM('Report 2a'!E24,'Report 2a'!M24,'Report 2a'!V24,'Report 2b'!E24,'Report 2b'!M24) -> 27 | F23: =SUM('Report 2a'!F24,'Report 2a'!N24,'Report 2a'!W24,'Report 2b'!F24,'Report 2b'!N24) -> 44 | G23: =SUM('Report 2a'!G24,'Report 2a'!O24,'Report 2a'!X24,'Report 2b'!G24,'Report 2b'!O24) -> 393 | H23: =SUM('Report 2a'!H24,'Report 2a'!P24,'Report 2a'!Y24,'Report 2b'!H24,'Report 2b'!P24) -> 42 | I23: =SUM(B23:H23) -> 9275 | J23: 500 | K23: 325 | L23: 20 | M23: =SUM(J23:L23) -> 845
A24: CHENANGO | B24: =SUM('Report 2a'!B25,'Report 2a'!J25,'Report 2a'!S25,'Report 2b'!B25,'Report 2b'!J25) -> 123 | C24: =SUM('Report 2a'!C25,'Report 2a'!K25,'Report 2a'!T25,'Report 2b'!C25,'Report 2b'!K25) -> 5622 | D24: =SUM('Report 2a'!D25,'Report 2a'!L25,'Report 2a'!U25,'Report 2b'!D25,'Report 2b'!L25) -> 677 | E24: =SUM('Report 2a'!E25,'Report 2a'!M25,'Report 2a'!V25,'Report 2b'!E25,'Report 2b'!M25) -> 924 | F24: =SUM('Report 2a'!F25,'Report 2a'!N25,'Report 2a'!W25,'Report 2b'!F25,'Report 2b'!N25) -> 52 | G24: =SUM('Report 2a'!G25,'Report 2a'!O25,'Report 2a'!X25,'Report 2b'!G25,'Report 2b'!O25) -> 580 | H24: =SUM('Report 2a'!H25,'Report 2a'!P25,'Report 2a'!Y25,'Report 2b'!H25,'Report 2b'!P25) -> 0 | I24: =SUM(B24:H24) -> 7978 | J24: 150 | K24: DNT | L24: 14 | M24: =SUM(J24:L24) -> 164
A25: CLINTON | B25: =SUM('Report 2a'!B26,'Report 2a'!J26,'Report 2a'!S26,'Report 2b'!B26,'Report 2b'!J26) -> 969 | C25: =SUM('Report 2a'!C26,'Report 2a'!K26,'Report 2a'!T26,'Report 2b'!C26,'Report 2b'!K26) -> 4562 | D25: =SUM('Report 2a'!D26,'Report 2a'!L26,'Report 2a'!U26,'Report 2b'!D26,'Report 2b'!L26) -> 478 | E25: =SUM('Report 2a'!E26,'Report 2a'!M26,'Report 2a'!V26,'Report 2b'!E26,'Report 2b'!M26) -> 426 | F25: =SUM('Report 2a'!F26,'Report 2a'!N26,'Report 2a'!W26,'Report 2b'!F26,'Report 2b'!N26) -> 30 | G25: =SUM('Report 2a'!G26,'Report 2a'!O26,'Report 2a'!X26,'Report 2b'!G26,'Report 2b'!O26) -> 0 | H25: =SUM('Report 2a'!H26,'Report 2a'!P26,'Report 2a'!Y26,'Report 2b'!H26,'Report 2b'!P26) -> 24 | I25: =SUM(B25:H25) -> 6489 | J25: 250 | K25: DNT | L25: 143 | M25: =SUM(J25:L25) -> 393
A26: COLUMBIA | B26: =SUM('Report 2a'!B27,'Report 2a'!J27,'Report 2a'!S27,'Report 2b'!B27,'Report 2b'!J27) -> 112 | C26: =SUM('Report 2a'!C27,'Report 2a'!K27,'Report 2a'!T27,'Report 2b'!C27,'Report 2b'!K27) -> 5011 | D26: =SUM('Report 2a'!D27,'Report 2a'!L27,'Report 2a'!U27,'Report 2b'!D27,'Report 2b'!L27) -> 2588 | E26: =SUM('Report 2a'!E27,'Report 2a'!M27,'Report 2a'!V27,'Report 2b'!E27,'Report 2b'!M27) -> 31090 | F26: =SUM('Report 2a'!F27,'Report 2a'!N27,'Report 2a'!W27,'Report 2b'!F27,'Report 2b'!N27) -> 0 | G26: =SUM('Report 2a'!G27,'Report 2a'!O27,'Report 2a'!X27,'Report 2b'!G27,'Report 2b'!O27) -> 463 | H26: =SUM('Report 2a'!H27,'Report 2a'!P27,'Report 2a'!Y27,'Report 2b'!H27,'Report 2b'!P27) -> 268 | I26: =SUM(B26:H26) -> 39532 | J26: 1187 | K26: 650 | L26: 2292 | M26: =SUM(J26:L26) -> 4129
A27: CORTLAND | B27: =SUM('Report 2a'!B28,'Report 2a'!J28,'Report 2a'!S28,'Report 2b'!B28,'Report 2b'!J28) -> 101 | C27: =SUM('Report 2a'!C28,'Report 2a'!K28,'Report 2a'!T28,'Report 2b'!C28,'Report 2b'!K28) -> 3636 | D27: =SUM('Report 2a'!D28,'Report 2a'!L28,'Report 2a'!U28,'Report 2b'!D28,'Report 2b'!L28) -> 127 | E27: =SUM('Report 2a'!E28,'Report 2a'!M28,'Report 2a'!V28,'Report 2b'!E28,'Report 2b'!M28) -> 163 | F27: =SUM('Report 2a'!F28,'Report 2a'!N28,'Report 2a'!W28,'Report 2b'!F28,'Report 2b'!N28) -> 154 | G27: =SUM('Report 2a'!G28,'Report 2a'!O28,'Report 2a'!X28,'Report 2b'!G28,'Report 2b'!O28) -> 0 | H27: =SUM('Report 2a'!H28,'Report 2a'!P28,'Report 2a'!Y28,'Report 2b'!H28,'Report 2b'!P28) -> 38 | I27: =SUM(B27:H27) -> 4219 | J27: 1050 | K27: 400 | L27: 65 | M27: =SUM(J27:L27) -> 1515
A28: DELAWARE | B28: =SUM('Report 2a'!B29,'Report 2a'!J29,'Report 2a'!S29,'Report 2b'!B29,'Report 2b'!J29) -> 59 | C28: =SUM('Report 2a'!C29,'Report 2a'!K29,'Report 2a'!T29,'Report 2b'!C29,'Report 2b'!K29) -> 1073 | D28: =SUM('Report 2a'!D29,'Report 2a'!L29,'Report 2a'!U29,'Report 2b'!D29,'Report 2b'!L29) -> 127 | E28: =SUM('Report 2a'!E29,'Report 2a'!M29,'Report 2a'!V29,'Report 2b'!E29,'Report 2b'!M29) -> 4804 | F28: =SUM('Report 2a'!F29,'Report 2a'!N29,'Report 2a'!W29,'Report 2b'!F29,'Report 2b'!N29) -> 2 | G28: =SUM('Report 2a'!G29,'Report 2a'!O29,'Report 2a'!X29,'Report 2b'!G29,'Report 2b'!O29) -> 294 | H28: =SUM('Report 2a'!H29,'Report 2a'!P29,'Report 2a'!Y29,'Report 2b'!H29,'Report 2b'!P29) -> 0 | I28: =SUM(B28:H28) -> 6359 | J28: 100 | K28: 250 | L28: 150 | M28: =SUM(J28:L28) -> 500
A29: DUTCHESS | B29: =SUM('Report 2a'!B30,'Report 2a'!J30,'Report 2a'!S30,'Report 2b'!B30,'Report 2b'!J30) -> 548 | C29: =SUM('Report 2a'!C30,'Report 2a'!K30,'Report 2a'!T30,'Report 2b'!C30,'Report 2b'!K30) -> 22099 | D29: =SUM('Report 2a'!D30,'Report 2a'!L30,'Report 2a'!U30,'Report 2b'!D30,'Report 2b'!L30) -> 222169 | E29: =SUM('Report 2a'!E30,'Report 2a'!M30,'Report 2a'!V30,'Report 2b'!E30,'Report 2b'!M30) -> 561 | F29: =SUM('Report 2a'!F30,'Report 2a'!N30,'Report 2a'!W30,'Report 2b'!F30,'Report 2b'!N30) -> 1690 | G29: =SUM('Report 2a'!G30,'Report 2a'!O30,'Report 2a'!X30,'Report 2b'!G30,'Report 2b'!O30) -> 2267 | H29: =SUM('Report 2a'!H30,'Report 2a'!P30,'Report 2a'!Y30,'Report 2b'!H30,'Report 2b'!P30) -> 665 | I29: =SUM(B29:H29) -> 249999 | J29: 2500 | K29: 2300 | L29: DNT | M29: =SUM(J29:L29) -> 4800
A30: ERIE | B30: =SUM('Report 2a'!B31,'Report 2a'!J31,'Report 2a'!S31,'Report 2b'!B31,'Report 2b'!J31) -> 3102 | C30: =SUM('Report 2a'!C31,'Report 2a'!K31,'Report 2a'!T31,'Report 2b'!C31,'Report 2b'!K31) -> 64564 | D30: =SUM('Report 2a'!D31,'Report 2a'!L31,'Report 2a'!U31,'Report 2b'!D31,'Report 2b'!L31) -> 8131 | E30: =SUM('Report 2a'!E31,'Report 2a'!M31,'Report 2a'!V31,'Report 2b'!E31,'Report 2b'!M31) -> 1019 | F30: =SUM('Report 2a'!F31,'Report 2a'!N31,'Report 2a'!W31,'Report 2b'!F31,'Report 2b'!N31) -> 769 | G30: =SUM('Report 2a'!G31,'Report 2a'!O31,'Report 2a'!X31,'Report 2b'!G31,'Report 2b'!O31) -> 6522 | H30: =SUM('Report 2a'!H31,'Report 2a'!P31,'Report 2a'!Y31,'Report 2b'!H31,'Report 2b'!P31) -> 8644 | I30: =SUM(B30:H30) -> 92751 | J30: 15025 | K30: 4720 | L30: 2165 | M30: =SUM(J30:L30) -> 21910
A31: ESSEX | B31: =SUM('Report 2a'!B32,'Report 2a'!J32,'Report 2a'!S32,'Report 2b'!B32,'Report 2b'!J32) -> 255 | C31: =SUM('Report 2a'!C32,'Report 2a'!K32,'Report 2a'!T32,'Report 2b'!C32,'Report 2b'!K32) -> 2746 | D31: =SUM('Report 2a'!D32,'Report 2a'!L32,'Report 2a'!U32,'Report 2b'!D32,'Report 2b'!L32) -> 308 | E31: =SUM('Report 2a'!E32,'Report 2a'!M32,'Report 2a'!V32,'Report 2b'!E32,'Report 2b'!M32) -> 88 | F31: =SUM('Report 2a'!F32,'Report 2a'!N32,'Report 2a'!W32,'Report 2b'!F32,'Report 2b'!N32) -> 0 | G31: =SUM('Report 2a'!G32,'Report 2a'!O32,'Report 2a'!X32,'Report 2b'!G32,'Report 2b'!O32) -> 0 | H31: =SUM('Report 2a'!H32,'Report 2a'!P32,'Report 2a'!Y32,'Report 2b'!H32,'Report 2b'!P32) -> 67 | I31: =SUM(B31:H31) -> 3464 | J31: 190 | K31: 990 | L31: 62 | M31: =SUM(J31:L31) -> 1242
A32: FRANKLIN | B32: =SUM('Report 2a'!B33,'Report 2a'!J33,'Report 2a'!S33,'Report 2b'!B33,'Report 2b'!J33) -> 116 | C32: =SUM('Report 2a'!C33,'Report 2a'!K33,'Report 2a'!T33,'Report 2b'!C33,'Report 2b'!K33) -> 4221 | D32: =SUM('Report 2a'!D33,'Report 2a'!L33,'Report 2a'!U33,'Report 2b'!D33,'Report 2b'!L33) -> 8822 | E32: =SUM('Report 2a'!E33,'Report 2a'!M33,'Report 2a'!V33,'Report 2b'!E33,'Report 2b'!M33) -> 115 | F32: =SUM('Report 2a'!F33,'Report 2a'!N33,'Report 2a'!W33,'Report 2b'!F33,'Report 2b'!N33) -> 0 | G32: =SUM('Report 2a'!G33,'Report 2a'!O33,'Report 2a'!X33,'Report 2b'!G33,'Report 2b'!O33) -> 0 | H32: =SUM('Report 2a'!H33,'Report 2a'!P33,'Report 2a'!Y33,'Report 2b'!H33,'Report 2b'!P33) -> 191 | I32: =SUM(B32:H32) -> 13465 | J32: 200 | K32: 1000 | L32: 532 | M32: =SUM(J32:L32) -> 1732
A33: FULTON | B33: =SUM('Report 2a'!B34,'Report 2a'!J34,'Report 2a'!S34,'Report 2b'!B34,'Report 2b'!J34) -> 257 | C33: =SUM('Report 2a'!C34,'Report 2a'!K34,'Report 2a'!T34,'Report 2b'!C34,'Report 2b'!K34) -> 5355 | D33: =SUM('Report 2a'!D34,'Report 2a'!L34,'Report 2a'!U34,'Report 2b'!D34,'Report 2b'!L34) -> 213 | E33: =SUM('Report 2a'!E34,'Report 2a'!M34,'Report 2a'!V34,'Report 2b'!E34,'Report 2b'!M34) -> 136 | F33: =SUM('Report 2a'!F34,'Report 2a'!N34,'Report 2a'!W34,'Report 2b'!F34,'Report 2b'!N34) -> 69 | G33: =SUM('Report 2a'!G34,'Report 2a'!O34,'Report 2a'!X34,'Report 2b'!G34,'Report 2b'!O34) -> 20 | H33: =SUM('Report 2a'!H34,'Report 2a'!P34,'Report 2a'!Y34,'Report 2b'!H34,'Report 2b'!P34) -> 14 | I33: =SUM(B33:H33) -> 6064 | J33: 200 | K33: 0 | L33: 50 | M33: =SUM(J33:L33) -> 250
A34: GENESEE | B34: =SUM('Report 2a'!B35,'Report 2a'!J35,'Report 2a'!S35,'Report 2b'!B35,'Report 2b'!J35) -> 189 | C34: =SUM('Report 2a'!C35,'Report 2a'!K35,'Report 2a'!T35,'Report 2b'!C35,'Report 2b'!K35) -> 3641 | D34: =SUM('Report 2a'!D35,'Report 2a'!L35,'Report 2a'!U35,'Report 2b'!D35,'Report 2b'!L35) -> 567 | E34: =SUM('Report 2a'!E35,'Report 2a'!M35,'Report 2a'!V35,'Report 2b'!E35,'Report 2b'!M35) -> 164 | F34: =SUM('Report 2a'!F35,'Report 2a'!N35,'Report 2a'!W35,'Report 2b'!F35,'Report 2b'!N35) -> 0 | G34: =SUM('Report 2a'!G35,'Report 2a'!O35,'Report 2a'!X35,'Report 2b'!G35,'Report 2b'!O35) -> 0 | H34: =SUM('Report 2a'!H35,'Report 2a'!P35,'Report 2a'!Y35,'Report 2b'!H35,'Report 2b'!P35) -> 38 | I34: =SUM(B34:H34) -> 4599 | J34: 100 | K34: 1000 | L34: 51 | M34: =SUM(J34:L34) -> 1151
A35: GREENE | B35: =SUM('Report 2a'!B36,'Report 2a'!J36,'Report 2a'!S36,'Report 2b'!B36,'Report 2b'!J36) -> 178 | C35: =SUM('Report 2a'!C36,'Report 2a'!K36,'Report 2a'!T36,'Report 2b'!C36,'Report 2b'!K36) -> 2501 | D35: =SUM('Report 2a'!D36,'Report 2a'!L36,'Report 2a'!U36,'Report 2b'!D36,'Report 2b'!L36) -> 157 | E35: =SUM('Report 2a'!E36,'Report 2a'!M36,'Report 2a'!V36,'Report 2b'!E36,'Report 2b'!M36) -> 137 | F35: =SUM('Report 2a'!F36,'Report 2a'!N36,'Report 2a'!W36,'Report 2b'!F36,'Report 2b'!N36) -> 26 | G35: =SUM('Report 2a'!G36,'Report 2a'!O36,'Report 2a'!X36,'Report 2b'!G36,'Report 2b'!O36) -> 296 | H35: =SUM('Report 2a'!H36,'Report 2a'!P36,'Report 2a'!Y36,'Report 2b'!H36,'Report 2b'!P36) -> 1 | I35: =SUM(B35:H35) -> 3296 | J35: 125 | K35: 50 | L35: 61 | M35: =SUM(J35:L35) -> 236
A36: HAMILTON | B36: =SUM('Report 2a'!B37,'Report 2a'!J37,'Report 2a'!S37,'Report 2b'!B37,'Report 2b'!J37) -> 13 | C36: =SUM('Report 2a'!C37,'Report 2a'!K37,'Report 2a'!T37,'Report 2b'!C37,'Report 2b'!K37) -> 390 | D36: =SUM('Report 2a'!D37,'Report 2a'!L37,'Report 2a'!U37,'Report 2b'!D37,'Report 2b'!L37) -> 208 | E36: =SUM('Report 2a'!E37,'Report 2a'!M37,'Report 2a'!V37,'Report 2b'!E37,'Report 2b'!M37) -> 9 | F36: =SUM('Report 2a'!F37,'Report 2a'!N37,'Report 2a'!W37,'Report 2b'!F37,'Report 2b'!N37) -> 0 | G36: =SUM('Report 2a'!G37,'Report 2a'!O37,'Report 2a'!X37,'Report 2b'!G37,'Report 2b'!O37) -> 0 | H36: =SUM('Report 2a'!H37,'Report 2a'!P37,'Report 2a'!Y37,'Report 2b'!H37,'Report 2b'!P37) -> 3 | I36: =SUM(B36:H36) -> 623 | J36: 100 | K36: 175 | L36: 27 | M36: =SUM(J36:L36) -> 302
A37: HERKIMER | B37: =SUM('Report 2a'!B38,'Report 2a'!J38,'Report 2a'!S38,'Report 2b'!B38,'Report 2b'!J38) -> 267 | C37: =SUM('Report 2a'!C38,'Report 2a'!K38,'Report 2a'!T38,'Report 2b'!C38,'Report 2b'!K38) -> 2134 | D37: =SUM('Report 2a'!D38,'Report 2a'!L38,'Report 2a'!U38,'Report 2b'!D38,'Report 2b'!L38) -> 133 | E37: =SUM('Report 2a'!E38,'Report 2a'!M38,'Report 2a'!V38,'Report 2b'!E38,'Report 2b'!M38) -> 89 | F37: =SUM('Report 2a'!F38,'Report 2a'!N38,'Report 2a'!W38,'Report 2b'!F38,'Report 2b'!N38) -> 0 | G37: =SUM('Report 2a'!G38,'Report 2a'!O38,'Report 2a'!X38,'Report 2b'!G38,'Report 2b'!O38) -> 0 | H37: =SUM('Report 2a'!H38,'Report 2a'!P38,'Report 2a'!Y38,'Report 2b'!H38,'Report 2b'!P38) -> 2 | I37: =SUM(B37:H37) -> 2625 | J37: 800 | K37: 500 | L37: 300 | M37: =SUM(J37:L37) -> 1600
A38: JEFFERSON | B38: =SUM('Report 2a'!B39,'Report 2a'!J39,'Report 2a'!S39,'Report 2b'!B39,'Report 2b'!J39) -> 626 | C38: =SUM('Report 2a'!C39,'Report 2a'!K39,'Report 2a'!T39,'Report 2b'!C39,'Report 2b'!K39) -> 20973 | D38: =SUM('Report 2a'!D39,'Report 2a'!L39,'Report 2a'!U39,'Report 2b'!D39,'Report 2b'!L39) -> 1044 | E38: =SUM('Report 2a'!E39,'Report 2a'!M39,'Report 2a'!V39,'Report 2b'!E39,'Report 2b'!M39) -> 600 | F38: =SUM('Report 2a'!F39,'Report 2a'!N39,'Report 2a'!W39,'Report 2b'!F39,'Report 2b'!N39) -> 49 | G38: =SUM('Report 2a'!G39,'Report 2a'!O39,'Report 2a'!X39,'Report 2b'!G39,'Report 2b'!O39) -> 49 | H38: =SUM('Report 2a'!H39,'Report 2a'!P39,'Report 2a'!Y39,'Report 2b'!H39,'Report 2b'!P39) -> 572 | I38: =SUM(B38:H38) -> 23913 | J38: 1430 | K38: 970 | L38: 272 | M38: =SUM(J38:L38) -> 2672
A39: LEWIS | B39: =SUM('Report 2a'!B40,'Report 2a'!J40,'Report 2a'!S40,'Report 2b'!B40,'Report 2b'!J40) -> 64 | C39: =SUM('Report 2a'!C40,'Report 2a'!K40,'Report 2a'!T40,'Report 2b'!C40,'Report 2b'!K40) -> 1187 | D39: =SUM('Report 2a'!D40,'Report 2a'!L40,'Report 2a'!U40,'Report 2b'!D40,'Report 2b'!L40) -> 352 | E39: =SUM('Report 2a'!E40,'Report 2a'!M40,'Report 2a'!V40,'Report 2b'!E40,'Report 2b'!M40) -> 751 | F39: =SUM('Report 2a'!F40,'Report 2a'!N40,'Report 2a'!W40,'Report 2b'!F40,'Report 2b'!N40) -> 0 | G39: =SUM('Report 2a'!G40,'Report 2a'!O40,'Report 2a'!X40,'Report 2b'!G40,'Report 2b'!O40) -> 0 | H39: =SUM('Report 2a'!H40,'Report 2a'!P40,'Report 2a'!Y40,'Report 2b'!H40,'Report 2b'!P40) -> 0 | I39: =SUM(B39:H39) -> 2354 | J39: 0 | K39: 0 | L39: 0 | M39: =SUM(J39:L39) -> 0
A40: LIVINGSTON | B40: =SUM('Report 2a'!B41,'Report 2a'!J41,'Report 2a'!S41,'Report 2b'!B41,'Report 2b'!J41) -> 19444 | C40: =SUM('Report 2a'!C41,'Report 2a'!K41,'Report 2a'!T41,'Report 2b'!C41,'Report 2b'!K41) -> 2464 | D40: =SUM('Report 2a'!D41,'Report 2a'!L41,'Report 2a'!U41,'Report 2b'!D41,'Report 2b'!L41) -> 15288 | E40: =SUM('Report 2a'!E41,'Report 2a'!M41,'Report 2a'!V41,'Report 2b'!E41,'Report 2b'!M41) -> 151 | F40: =SUM('Report 2a'!F41,'Report 2a'!N41,'Report 2a'!W41,'Report 2b'!F41,'Report 2b'!N41) -> 13 | G40: =SUM('Report 2a'!G41,'Report 2a'!O41,'Report 2a'!X41,'Report 2b'!G41,'Report 2b'!O41) -> 9 | H40: =SUM('Report 2a'!H41,'Report 2a'!P41,'Report 2a'!Y41,'Report 2b'!H41,'Report 2b'!P41) -> 0 | I40: =SUM(B40:H40) -> 37369 | J40: dnt | K40: dnt | L40: dnt | M40: =SUM(J40:L40) -> 0
A41: MADISON | B41: =SUM('Report 2a'!B42,'Report 2a'!J42,'Report 2a'!S42,'Report 2b'!B42,'Report 2b'!J42) -> 287 | C41: =SUM('Report 2a'!C42,'Report 2a'!K42,'Report 2a'!T42,'Report 2b'!C42,'Report 2b'!K42) -> 8032 | D41: =SUM('Report 2a'!D42,'Report 2a'!L42,'Report 2a'!U42,'Report 2b'!D42,'Report 2b'!L42) -> 992 | E41: =SUM('Report 2a'!E42,'Report 2a'!M42,'Report 2a'!V42,'Report 2b'!E42,'Report 2b'!M42) -> 126 | F41: =SUM('Report 2a'!F42,'Report 2a'!N42,'Report 2a'!W42,'Report 2b'!F42,'Report 2b'!N42) -> 23 | G41: =SUM('Report 2a'!G42,'Report 2a'!O42,'Report 2a'!X42,'Report 2b'!G42,'Report 2b'!O42) -> 0 | H41: =SUM('Report 2a'!H42,'Report 2a'!P42,'Report 2a'!Y42,'Report 2b'!H42,'Report 2b'!P42) -> 16 | I41: =SUM(B41:H41) -> 9476 | J41: 20 | K41: 713 | L41: 108 | M41: =SUM(J41:L41) -> 841
A42: MONROE | B42: =SUM('Report 2a'!B43,'Report 2a'!J43,'Report 2a'!S43,'Report 2b'!B43,'Report 2b'!J43) -> 2026 | C42: =SUM('Report 2a'!C43,'Report 2a'!K43,'Report 2a'!T43,'Report 2b'!C43,'Report 2b'!K43) -> 74169 | D42: =SUM('Report 2a'!D43,'Report 2a'!L43,'Report 2a'!U43,'Report 2b'!D43,'Report 2b'!L43) -> 2727 | E42: =SUM('Report 2a'!E43,'Report 2a'!M43,'Report 2a'!V43,'Report 2b'!E43,'Report 2b'!M43) -> 1054 | F42: =SUM('Report 2a'!F43,'Report 2a'!N43,'Report 2a'!W43,'Report 2b'!F43,'Report 2b'!N43) -> 657 | G42: =SUM('Report 2a'!G43,'Report 2a'!O43,'Report 2a'!X43,'Report 2b'!G43,'Report 2b'!O43) -> 36448 | H42: =SUM('Report 2a'!H43,'Report 2a'!P43,'Report 2a'!Y43,'Report 2b'!H43,'Report 2b'!P43) -> 0 | I42: =SUM(B42:H42) -> 117081 | J42: DNT | K42: DNT | L42: DNT | M42: =SUM(J42:L42) -> 0
A43: MONTGOMERY | B43: =SUM('Report 2a'!B44,'Report 2a'!J44,'Report 2a'!S44,'Report 2b'!B44,'Report 2b'!J44) -> 286 | C43: =SUM('Report 2a'!C44,'Report 2a'!K44,'Report 2a'!T44,'Report 2b'!C44,'Report 2b'!K44) -> 5048 | D43: =SUM('Report 2a'!D44,'Report 2a'!L44,'Report 2a'!U44,'Report 2b'!D44,'Report 2b'!L44) -> 38954 | E43: =SUM('Report 2a'!E44,'Report 2a'!M44,'Report 2a'!V44,'Report 2b'!E44,'Report 2b'!M44) -> 240 | F43: =SUM('Report 2a'!F44,'Report 2a'!N44,'Report 2a'!W44,'Report 2b'!F44,'Report 2b'!N44) -> 36 | G43: =SUM('Report 2a'!G44,'Report 2a'!O44,'Report 2a'!X44,'Report 2b'!G44,'Report 2b'!O44) -> 0 | H43: =SUM('Report 2a'!H44,'Report 2a'!P44,'Report 2a'!Y44,'Report 2b'!H44,'Report 2b'!P44) -> 61 | I43: =SUM(B43:H43) -> 44625 | J43: 80 | K43: 85 | L43: 10 | M43: =SUM(J43:L43) -> 175
A44: NASSAU | B44: =SUM('Report 2a'!B45,'Report 2a'!J45,'Report 2a'!S45,'Report 2b'!B45,'Report 2b'!J45) -> 30945 | C44: =SUM('Report 2a'!C45,'Report 2a'!K45,'Report 2a'!T45,'Report 2b'!C45,'Report 2b'!K45) -> 69210 | D44: =SUM('Report 2a'!D45,'Report 2a'!L45,'Report 2a'!U45,'Report 2b'!D45,'Report 2b'!L45) -> 5247 | E44: =SUM('Report 2a'!E45,'Report 2a'!M45,'Report 2a'!V45,'Report 2b'!E45,'Report 2b'!M45) -> 2392 | F44: =SUM('Report 2a'!F45,'Report 2a'!N45,'Report 2a'!W45,'Report 2b'!F45,'Report 2b'!N45) -> 9707 | G44: =SUM('Report 2a'!G45,'Report 2a'!O45,'Report 2a'!X45,'Report 2b'!G45,'Report 2b'!O45) -> 283 | H44: =SUM('Report 2a'!H45,'Report 2a'!P45,'Report 2a'!Y45,'Report 2b'!H45,'Report 2b'!P45) -> 539 | I44: =SUM(B44:H44) -> 118323 | J44: DNT | K44: 15870 | L44: DNT | M44: =SUM(J44:L44) -> 15870
A45: NIAGARA | B45: =SUM('Report 2a'!B46,'Report 2a'!J46,'Report 2a'!S46,'Report 2b'!B46,'Report 2b'!J46) -> 959 | C45: =SUM('Report 2a'!C46,'Report 2a'!K46,'Report 2a'!T46,'Report 2b'!C46,'Report 2b'!K46) -> 22312 | D45: =SUM('Report 2a'!D46,'Report 2a'!L46,'Report 2a'!U46,'Report 2b'!D46,'Report 2b'!L46) -> 4782 | E45: =SUM('Report 2a'!E46,'Report 2a'!M46,'Report 2a'!V46,'Report 2b'!E46,'Report 2b'!M46) -> 478 | F45: =SUM('Report 2a'!F46,'Report 2a'!N46,'Report 2a'!W46,'Report 2b'!F46,'Report 2b'!N46) -> 225 | G45: =SUM('Report 2a'!G46,'Report 2a'!O46,'Report 2a'!X46,'Report 2b'!G46,'Report 2b'!O46) -> 0 | H45: =SUM('Report 2a'!H46,'Report 2a'!P46,'Report 2a'!Y46,'Report 2b'!H46,'Report 2b'!P46) -> 0 | I45: =SUM(B45:H45) -> 28756 | J45: 800 | K45: 4950 | L45: 10 | M45: =SUM(J45:L45) -> 5760
A46: ONEIDA | B46: =SUM('Report 2a'!B47,'Report 2a'!J47,'Report 2a'!S47,'Report 2b'!B47,'Report 2b'!J47) -> 9556 | C46: =SUM('Report 2a'!C47,'Report 2a'!K47,'Report 2a'!T47,'Report 2b'!C47,'Report 2b'!K47) -> 34621 | D46: =SUM('Report 2a'!D47,'Report 2a'!L47,'Report 2a'!U47,'Report 2b'!D47,'Report 2b'!L47) -> 110353 | E46: =SUM('Report 2a'!E47,'Report 2a'!M47,'Report 2a'!V47,'Report 2b'!E47,'Report 2b'!M47) -> 1270 | F46: =SUM('Report 2a'!F47,'Report 2a'!N47,'Report 2a'!W47,'Report 2b'!F47,'Report 2b'!N47) -> 0 | G46: =SUM('Report 2a'!G47,'Report 2a'!O47,'Report 2a'!X47,'Report 2b'!G47,'Report 2b'!O47) -> 0 | H46: =SUM('Report 2a'!H47,'Report 2a'!P47,'Report 2a'!Y47,'Report 2b'!H47,'Report 2b'!P47) -> 0 | I46: =SUM(B46:H46) -> 155800 | J46: DNT | K46: DNT | L46: 54 | M46: =SUM(J46:L46) -> 54
A47: ONONDAGA | B47: =SUM('Report 2a'!B48,'Report 2a'!J48,'Report 2a'!S48,'Report 2b'!B48,'Report 2b'!J48) -> 415 | C47: =SUM('Report 2a'!C48,'Report 2a'!K48,'Report 2a'!T48,'Report 2b'!C48,'Report 2b'!K48) -> 48130 | D47: =SUM('Report 2a'!D48,'Report 2a'!L48,'Report 2a'!U48,'Report 2b'!D48,'Report 2b'!L48) -> 1196 | E47: =SUM('Report 2a'!E48,'Report 2a'!M48,'Report 2a'!V48,'Report 2b'!E48,'Report 2b'!M48) -> 796 | F47: =SUM('Report 2a'!F48,'Report 2a'!N48,'Report 2a'!W48,'Report 2b'!F48,'Report 2b'!N48) -> 925 | G47: =SUM('Report 2a'!G48,'Report 2a'!O48,'Report 2a'!X48,'Report 2b'!G48,'Report 2b'!O48) -> 5851 | H47: =SUM('Report 2a'!H48,'Report 2a'!P48,'Report 2a'!Y48,'Report 2b'!H48,'Report 2b'!P48) -> 1858 | I47: =SUM(B47:H47) -> 59171 | J47: 1495 | K47: 3160 | L47: DNT | M47: =SUM(J47:L47) -> 4655
A48: ONTARIO | B48: =SUM('Report 2a'!B49,'Report 2a'!J49,'Report 2a'!S49,'Report 2b'!B49,'Report 2b'!J49) -> 982 | C48: =SUM('Report 2a'!C49,'Report 2a'!K49,'Report 2a'!T49,'Report 2b'!C49,'Report 2b'!K49) -> 8437 | D48: =SUM('Report 2a'!D49,'Report 2a'!L49,'Report 2a'!U49,'Report 2b'!D49,'Report 2b'!L49) -> 25038 | E48: =SUM('Report 2a'!E49,'Report 2a'!M49,'Report 2a'!V49,'Report 2b'!E49,'Report 2b'!M49) -> 92 | F48: =SUM('Report 2a'!F49,'Report 2a'!N49,'Report 2a'!W49,'Report 2b'!F49,'Report 2b'!N49) -> 28 | G48: =SUM('Report 2a'!G49,'Report 2a'!O49,'Report 2a'!X49,'Report 2b'!G49,'Report 2b'!O49) -> 0 | H48: =SUM('Report 2a'!H49,'Report 2a'!P49,'Report 2a'!Y49,'Report 2b'!H49,'Report 2b'!P49) -> 250 | I48: =SUM(B48:H48) -> 34827 | J48: 802 | K48: 0 | L48: DNT | M48: =SUM(J48:L48) -> 802
A49: ORANGE | B49: =SUM('Report 2a'!B50,'Report 2a'!J50,'Report 2a'!S50,'Report 2b'!B50,'Report 2b'!J50) -> 1508 | C49: =SUM('Report 2a'!C50,'Report 2a'!K50,'Report 2a'!T50,'Report 2b'!C50,'Report 2b'!K50) -> 29399 | D49: =SUM('Report 2a'!D50,'Report 2a'!L50,'Report 2a'!U50,'Report 2b'!D50,'Report 2b'!L50) -> 14051 | E49: =SUM('Report 2a'!E50,'Report 2a'!M50,'Report 2a'!V50,'Report 2b'!E50,'Report 2b'!M50) -> 3317 | F49: =SUM('Report 2a'!F50,'Report 2a'!N50,'Report 2a'!W50,'Report 2b'!F50,'Report 2b'!N50) -> 281 | G49: =SUM('Report 2a'!G50,'Report 2a'!O50,'Report 2a'!X50,'Report 2b'!G50,'Report 2b'!O50) -> 9200 | H49: =SUM('Report 2a'!H50,'Report 2a'!P50,'Report 2a'!Y50,'Report 2b'!H50,'Report 2b'!P50) -> 1672 | I49: =SUM(B49:H49) -> 59428 | J49: 1875 | K49: 4975 | L49: 158 | M49: =SUM(J49:L49) -> 7008
A50: ORLEANS | B50: =SUM('Report 2a'!B51,'Report 2a'!J51,'Report 2a'!S51,'Report 2b'!B51,'Report 2b'!J51) -> 78 | C50: =SUM('Report 2a'!C51,'Report 2a'!K51,'Report 2a'!T51,'Report 2b'!C51,'Report 2b'!K51) -> 3534 | D50: =SUM('Report 2a'!D51,'Report 2a'!L51,'Report 2a'!U51,'Report 2b'!D51,'Report 2b'!L51) -> 32298 | E50: =SUM('Report 2a'!E51,'Report 2a'!M51,'Report 2a'!V51,'Report 2b'!E51,'Report 2b'!M51) -> 72 | F50: =SUM('Report 2a'!F51,'Report 2a'!N51,'Report 2a'!W51,'Report 2b'!F51,'Report 2b'!N51) -> 0 | G50: =SUM('Report 2a'!G51,'Report 2a'!O51,'Report 2a'!X51,'Report 2b'!G51,'Report 2b'!O51) -> 173 | H50: =SUM('Report 2a'!H51,'Report 2a'!P51,'Report 2a'!Y51,'Report 2b'!H51,'Report 2b'!P51) -> 3 | I50: =SUM(B50:H50) -> 36158 | J50: 0 | K50: 320 | L50: 52 | M50: =SUM(J50:L50) -> 372
A51: OSWEGO | B51: =SUM('Report 2a'!B52,'Report 2a'!J52,'Report 2a'!S52,'Report 2b'!B52,'Report 2b'!J52) -> 272 | C51: =SUM('Report 2a'!C52,'Report 2a'!K52,'Report 2a'!T52,'Report 2b'!C52,'Report 2b'!K52) -> 11727 | D51: =SUM('Report 2a'!D52,'Report 2a'!L52,'Report 2a'!U52,'Report 2b'!D52,'Report 2b'!L52) -> 411 | E51: =SUM('Report 2a'!E52,'Report 2a'!M52,'Report 2a'!V52,'Report 2b'!E52,'Report 2b'!M52) -> 45 | F51: =SUM('Report 2a'!F52,'Report 2a'!N52,'Report 2a'!W52,'Report 2b'!F52,'Report 2b'!N52) -> 0 | G51: =SUM('Report 2a'!G52,'Report 2a'!O52,'Report 2a'!X52,'Report 2b'!G52,'Report 2b'!O52) -> 0 | H51: =SUM('Report 2a'!H52,'Report 2a'!P52,'Report 2a'!Y52,'Report 2b'!H52,'Report 2b'!P52) -> 61 | I51: =SUM(B51:H51) -> 12516 | J51: 100 | K51: 50 | L51: DNT | M51: =SUM(J51:L51) -> 150
A52: OTSEGO | B52: =SUM('Report 2a'!B53,'Report 2a'!J53,'Report 2a'!S53,'Report 2b'!B53,'Report 2b'!J53) -> 168 | C52: =SUM('Report 2a'!C53,'Report 2a'!K53,'Report 2a'!T53,'Report 2b'!C53,'Report 2b'!K53) -> 4704 | D52: =SUM('Report 2a'!D53,'Report 2a'!L53,'Report 2a'!U53,'Report 2b'!D53,'Report 2b'!L53) -> 84359 | E52: =SUM('Report 2a'!E53,'Report 2a'!M53,'Report 2a'!V53,'Report 2b'!E53,'Report 2b'!M53) -> 277 | F52: =SUM('Report 2a'!F53,'Report 2a'!N53,'Report 2a'!W53,'Report 2b'!F53,'Report 2b'!N53) -> 79 | G52: =SUM('Report 2a'!G53,'Report 2a'!O53,'Report 2a'!X53,'Report 2b'!G53,'Report 2b'!O53) -> 5 | H52: =SUM('Report 2a'!H53,'Report 2a'!P53,'Report 2a'!Y53,'Report 2b'!H53,'Report 2b'!P53) -> 0 | I52: =SUM(B52:H52) -> 89592 | J52: 430 | K52: 900 | L52: 15 | M52: =SUM(J52:L52) -> 1345
A53: PUTNAM | B53: =SUM('Report 2a'!B54,'Report 2a'!J54,'Report 2a'!S54,'Report 2b'!B54,'Report 2b'!J54) -> 105 | C53: =SUM('Report 2a'!C54,'Report 2a'!K54,'Report 2a'!T54,'Report 2b'!C54,'Report 2b'!K54) -> 7448 | D53: =SUM('Report 2a'!D54,'Report 2a'!L54,'Report 2a'!U54,'Report 2b'!D54,'Report 2b'!L54) -> 827 | E53: =SUM('Report 2a'!E54,'Report 2a'!M54,'Report 2a'!V54,'Report 2b'!E54,'Report 2b'!M54) -> 192 | F53: =SUM('Report 2a'!F54,'Report 2a'!N54,'Report 2a'!W54,'Report 2b'!F54,'Report 2b'!N54) -> 770 | G53: =SUM('Report 2a'!G54,'Report 2a'!O54,'Report 2a'!X54,'Report 2b'!G54,'Report 2b'!O54) -> 24898 | H53: =SUM('Report 2a'!H54,'Report 2a'!P54,'Report 2a'!Y54,'Report 2b'!H54,'Report 2b'!P54) -> 173 | I53: =SUM(B53:H53) -> 34413 | J53: 100 | K53: 940 | L53: 66 | M53: =SUM(J53:L53) -> 1106
A54: RENSSELAER | B54: =SUM('Report 2a'!B55,'Report 2a'!J55,'Report 2a'!S55,'Report 2b'!B55,'Report 2b'!J55) -> 99 | C54: =SUM('Report 2a'!C55,'Report 2a'!K55,'Report 2a'!T55,'Report 2b'!C55,'Report 2b'!K55) -> 1902 | D54: =SUM('Report 2a'!D55,'Report 2a'!L55,'Report 2a'!U55,'Report 2b'!D55,'Report 2b'!L55) -> 5820 | E54: =SUM('Report 2a'!E55,'Report 2a'!M55,'Report 2a'!V55,'Report 2b'!E55,'Report 2b'!M55) -> 1220 | F54: =SUM('Report 2a'!F55,'Report 2a'!N55,'Report 2a'!W55,'Report 2b'!F55,'Report 2b'!N55) -> 189 | G54: =SUM('Report 2a'!G55,'Report 2a'!O55,'Report 2a'!X55,'Report 2b'!G55,'Report 2b'!O55) -> 1 | H54: =SUM('Report 2a'!H55,'Report 2a'!P55,'Report 2a'!Y55,'Report 2b'!H55,'Report 2b'!P55) -> 68 | I54: =SUM(B54:H54) -> 9299 | J54: DNT | K54: DNT | L54: DNT | M54: =SUM(J54:L54) -> 0
A55: ROCKLAND | B55: =SUM('Report 2a'!B56,'Report 2a'!J56,'Report 2a'!S56,'Report 2b'!B56,'Report 2b'!J56) -> 1346 | C55: =SUM('Report 2a'!C56,'Report 2a'!K56,'Report 2a'!T56,'Report 2b'!C56,'Report 2b'!K56) -> 11400 | D55: =SUM('Report 2a'!D56,'Report 2a'!L56,'Report 2a'!U56,'Report 2b'!D56,'Report 2b'!L56) -> 2134 | E55: =SUM('Report 2a'!E56,'Report 2a'!M56,'Report 2a'!V56,'Report 2b'!E56,'Report 2b'!M56) -> 1850 | F55: =SUM('Report 2a'!F56,'Report 2a'!N56,'Report 2a'!W56,'Report 2b'!F56,'Report 2b'!N56) -> 1121 | G55: =SUM('Report 2a'!G56,'Report 2a'!O56,'Report 2a'!X56,'Report 2b'!G56,'Report 2b'!O56) -> 1228 | H55: =SUM('Report 2a'!H56,'Report 2a'!P56,'Report 2a'!Y56,'Report 2b'!H56,'Report 2b'!P56) -> 356 | I55: =SUM(B55:H55) -> 19435 | J55: 6525 | K55: 0 | L55: DNT | M55: =SUM(J55:L55) -> 6525
A56: SARATOGA | B56: =SUM('Report 2a'!B57,'Report 2a'!J57,'Report 2a'!S57,'Report 2b'!B57,'Report 2b'!J57) -> 336 | C56: =SUM('Report 2a'!C57,'Report 2a'!K57,'Report 2a'!T57,'Report 2b'!C57,'Report 2b'!K57) -> 15981 | D56: =SUM('Report 2a'!D57,'Report 2a'!L57,'Report 2a'!U57,'Report 2b'!D57,'Report 2b'!L57) -> 29844 | E56: =SUM('Report 2a'!E57,'Report 2a'!M57,'Report 2a'!V57,'Report 2b'!E57,'Report 2b'!M57) -> 691 | F56: =SUM('Report 2a'!F57,'Report 2a'!N57,'Report 2a'!W57,'Report 2b'!F57,'Report 2b'!N57) -> 1 | G56: =SUM('Report 2a'!G57,'Report 2a'!O57,'Report 2a'!X57,'Report 2b'!G57,'Report 2b'!O57) -> 20668 | H56: =SUM('Report 2a'!H57,'Report 2a'!P57,'Report 2a'!Y57,'Report 2b'!H57,'Report 2b'!P57) -> 589 | I56: =SUM(B56:H56) -> 68110 | J56: 0 | K56: 0 | L56: 10500 | M56: =SUM(J56:L56) -> 10500
A57: SCHENECTADY | B57: =SUM('Report 2a'!B58,'Report 2a'!J58,'Report 2a'!S58,'Report 2b'!B58,'Report 2b'!J58) -> 316 | C57: =SUM('Report 2a'!C58,'Report 2a'!K58,'Report 2a'!T58,'Report 2b'!C58,'Report 2b'!K58) -> 9406 | D57: =SUM('Report 2a'!D58,'Report 2a'!L58,'Report 2a'!U58,'Report 2b'!D58,'Report 2b'!L58) -> 1099 | E57: =SUM('Report 2a'!E58,'Report 2a'!M58,'Report 2a'!V58,'Report 2b'!E58,'Report 2b'!M58) -> 1987 | F57: =SUM('Report 2a'!F58,'Report 2a'!N58,'Report 2a'!W58,'Report 2b'!F58,'Report 2b'!N58) -> 239 | G57: =SUM('Report 2a'!G58,'Report 2a'!O58,'Report 2a'!X58,'Report 2b'!G58,'Report 2b'!O58) -> 0 | H57: =SUM('Report 2a'!H58,'Report 2a'!P58,'Report 2a'!Y58,'Report 2b'!H58,'Report 2b'!P58) -> 14 | I57: =SUM(B57:H57) -> 13061 | J57: 1700 | K57: 1905 | L57: 260 | M57: =SUM(J57:L57) -> 3865
A58: SCHOHARIE | B58: =SUM('Report 2a'!B59,'Report 2a'!J59,'Report 2a'!S59,'Report 2b'!B59,'Report 2b'!J59) -> 62 | C58: =SUM('Report 2a'!C59,'Report 2a'!K59,'Report 2a'!T59,'Report 2b'!C59,'Report 2b'!K59) -> 2972 | D58: =SUM('Report 2a'!D59,'Report 2a'!L59,'Report 2a'!U59,'Report 2b'!D59,'Report 2b'!L59) -> 25336 | E58: =SUM('Report 2a'!E59,'Report 2a'!M59,'Report 2a'!V59,'Report 2b'!E59,'Report 2b'!M59) -> 139 | F58: =SUM('Report 2a'!F59,'Report 2a'!N59,'Report 2a'!W59,'Report 2b'!F59,'Report 2b'!N59) -> 6 | G58: =SUM('Report 2a'!G59,'Report 2a'!O59,'Report 2a'!X59,'Report 2b'!G59,'Report 2b'!O59) -> 349 | H58: =SUM('Report 2a'!H59,'Report 2a'!P59,'Report 2a'!Y59,'Report 2b'!H59,'Report 2b'!P59) -> 50 | I58: =SUM(B58:H58) -> 28914 | J58: 150 | K58: 100 | L58: 110 | M58: =SUM(J58:L58) -> 360
A59: SCHUYLER | B59: =SUM('Report 2a'!B60,'Report 2a'!J60,'Report 2a'!S60,'Report 2b'!B60,'Report 2b'!J60) -> 61 | C59: =SUM('Report 2a'!C60,'Report 2a'!K60,'Report 2a'!T60,'Report 2b'!C60,'Report 2b'!K60) -> 1969 | D59: =SUM('Report 2a'!D60,'Report 2a'!L60,'Report 2a'!U60,'Report 2b'!D60,'Report 2b'!L60) -> 145 | E59: =SUM('Report 2a'!E60,'Report 2a'!M60,'Report 2a'!V60,'Report 2b'!E60,'Report 2b'!M60) -> 70 | F59: =SUM('Report 2a'!F60,'Report 2a'!N60,'Report 2a'!W60,'Report 2b'!F60,'Report 2b'!N60) -> 5 | G59: =SUM('Report 2a'!G60,'Report 2a'!O60,'Report 2a'!X60,'Report 2b'!G60,'Report 2b'!O60) -> 3010 | H59: =SUM('Report 2a'!H60,'Report 2a'!P60,'Report 2a'!Y60,'Report 2b'!H60,'Report 2b'!P60) -> 1 | I59: =SUM(B59:H59) -> 5261 | J59: 60 | K59: 310 | L59: DNT | M59: =SUM(J59:L59) -> 370
A60: SENECA | B60: =SUM('Report 2a'!B61,'Report 2a'!J61,'Report 2a'!S61,'Report 2b'!B61,'Report 2b'!J61) -> 77 | C60: =SUM('Report 2a'!C61,'Report 2a'!K61,'Report 2a'!T61,'Report 2b'!C61,'Report 2b'!K61) -> 3456 | D60: =SUM('Report 2a'!D61,'Report 2a'!L61,'Report 2a'!U61,'Report 2b'!D61,'Report 2b'!L61) -> 159 | E60: =SUM('Report 2a'!E61,'Report 2a'!M61,'Report 2a'!V61,'Report 2b'!E61,'Report 2b'!M61) -> 78 | F60: =SUM('Report 2a'!F61,'Report 2a'!N61,'Report 2a'!W61,'Report 2b'!F61,'Report 2b'!N61) -> 0 | G60: =SUM('Report 2a'!G61,'Report 2a'!O61,'Report 2a'!X61,'Report 2b'!G61,'Report 2b'!O61) -> 7691 | H60: =SUM('Report 2a'!H61,'Report 2a'!P61,'Report 2a'!Y61,'Report 2b'!H61,'Report 2b'!P61) -> 0 | I60: =SUM(B60:H60) -> 11461 | J60: 300 | K60: 425 | L60: DNT | M60: =SUM(J60:L60) -> 725
A61: ST. LAWRENCE | B61: =SUM('Report 2a'!B62,'Report 2a'!J62,'Report 2a'!S62,'Report 2b'!B62,'Report 2b'!J62) -> 329 | C61: =SUM('Report 2a'!C62,'Report 2a'!K62,'Report 2a'!T62,'Report 2b'!C62,'Report 2b'!K62) -> 5959 | D61: =SUM('Report 2a'!D62,'Report 2a'!L62,'Report 2a'!U62,'Report 2b'!D62,'Report 2b'!L62) -> 723 | E61: =SUM('Report 2a'!E62,'Report 2a'!M62,'Report 2a'!V62,'Report 2b'!E62,'Report 2b'!M62) -> 1447 | F61: =SUM('Report 2a'!F62,'Report 2a'!N62,'Report 2a'!W62,'Report 2b'!F62,'Report 2b'!N62) -> 0 | G61: =SUM('Report 2a'!G62,'Report 2a'!O62,'Report 2a'!X62,'Report 2b'!G62,'Report 2b'!O62) -> 0 | H61: =SUM('Report 2a'!H62,'Report 2a'!P62,'Report 2a'!Y62,'Report 2b'!H62,'Report 2b'!P62) -> 0 | I61: =SUM(B61:H61) -> 8458 | J61: 285 | K61: 3190 | L61: 110 | M61: =SUM(J61:L61) -> 3585
A62: STEUBEN | B62: =SUM('Report 2a'!B63,'Report 2a'!J63,'Report 2a'!S63,'Report 2b'!B63,'Report 2b'!J63) -> 948 | C62: =SUM('Report 2a'!C63,'Report 2a'!K63,'Report 2a'!T63,'Report 2b'!C63,'Report 2b'!K63) -> 8543 | D62: =SUM('Report 2a'!D63,'Report 2a'!L63,'Report 2a'!U63,'Report 2b'!D63,'Report 2b'!L63) -> 923 | E62: =SUM('Report 2a'!E63,'Report 2a'!M63,'Report 2a'!V63,'Report 2b'!E63,'Report 2b'!M63) -> 98 | F62: =SUM('Report 2a'!F63,'Report 2a'!N63,'Report 2a'!W63,'Report 2b'!F63,'Report 2b'!N63) -> 0 | G62: =SUM('Report 2a'!G63,'Report 2a'!O63,'Report 2a'!X63,'Report 2b'!G63,'Report 2b'!O63) -> 362 | H62: =SUM('Report 2a'!H63,'Report 2a'!P63,'Report 2a'!Y63,'Report 2b'!H63,'Report 2b'!P63) -> 0 | I62: =SUM(B62:H62) -> 10874 | J62: 305 | K62: 1085 | L62: 64 | M62: =SUM(J62:L62) -> 1454
A63: SUFFOLK | B63: =SUM('Report 2a'!B64,'Report 2a'!J64,'Report 2a'!S64,'Report 2b'!B64,'Report 2b'!J64) -> 3937 | C63: =SUM('Report 2a'!C64,'Report 2a'!K64,'Report 2a'!T64,'Report 2b'!C64,'Report 2b'!K64) -> 119913 | D63: =SUM('Report 2a'!D64,'Report 2a'!L64,'Report 2a'!U64,'Report 2b'!D64,'Report 2b'!L64) -> 15783 | E63: =SUM('Report 2a'!E64,'Report 2a'!M64,'Report 2a'!V64,'Report 2b'!E64,'Report 2b'!M64) -> 479 | F63: =SUM('Report 2a'!F64,'Report 2a'!N64,'Report 2a'!W64,'Report 2b'!F64,'Report 2b'!N64) -> 1852 | G63: =SUM('Report 2a'!G64,'Report 2a'!O64,'Report 2a'!X64,'Report 2b'!G64,'Report 2b'!O64) -> 2960 | H63: =SUM('Report 2a'!H64,'Report 2a'!P64,'Report 2a'!Y64,'Report 2b'!H64,'Report 2b'!P64) -> 1726 | I63: =SUM(B63:H63) -> 146650 | J63: DNT | K63: DNT | L63: DNT | M63: =SUM(J63:L63) -> 0
A64: SULLIVAN | B64: =SUM('Report 2a'!B65,'Report 2a'!J65,'Report 2a'!S65,'Report 2b'!B65,'Report 2b'!J65) -> 4154 | C64: =SUM('Report 2a'!C65,'Report 2a'!K65,'Report 2a'!T65,'Report 2b'!C65,'Report 2b'!K65) -> 6238 | D64: =SUM('Report 2a'!D65,'Report 2a'!L65,'Report 2a'!U65,'Report 2b'!D65,'Report 2b'!L65) -> 24243 | E64: =SUM('Report 2a'!E65,'Report 2a'!M65,'Report 2a'!V65,'Report 2b'!E65,'Report 2b'!M65) -> 22281 | F64: =SUM('Report 2a'!F65,'Report 2a'!N65,'Report 2a'!W65,'Report 2b'!F65,'Report 2b'!N65) -> 0 | G64: =SUM('Report 2a'!G65,'Report 2a'!O65,'Report 2a'!X65,'Report 2b'!G65,'Report 2b'!O65) -> 143 | H64: =SUM('Report 2a'!H65,'Report 2a'!P65,'Report 2a'!Y65,'Report 2b'!H65,'Report 2b'!P65) -> 467 | I64: =SUM(B64:H64) -> 57526 | J64: N/A | K64: N/A | L64: N/A | M64: =SUM(J64:L64) -> 0
A65: TIOGA | B65: =SUM('Report 2a'!B66,'Report 2a'!J66,'Report 2a'!S66,'Report 2b'!B66,'Report 2b'!J66) -> 921 | C65: =SUM('Report 2a'!C66,'Report 2a'!K66,'Report 2a'!T66,'Report 2b'!C66,'Report 2b'!K66) -> 3287 | D65: =SUM('Report 2a'!D66,'Report 2a'!L66,'Report 2a'!U66,'Report 2b'!D66,'Report 2b'!L66) -> 1060 | E65: =SUM('Report 2a'!E66,'Report 2a'!M66,'Report 2a'!V66,'Report 2b'!E66,'Report 2b'!M66) -> 82 | F65: =SUM('Report 2a'!F66,'Report 2a'!N66,'Report 2a'!W66,'Report 2b'!F66,'Report 2b'!N66) -> 0 | G65: =SUM('Report 2a'!G66,'Report 2a'!O66,'Report 2a'!X66,'Report 2b'!G66,'Report 2b'!O66) -> 0 | H65: =SUM('Report 2a'!H66,'Report 2a'!P66,'Report 2a'!Y66,'Report 2b'!H66,'Report 2b'!P66) -> 95 | I65: =SUM(B65:H65) -> 5445 | J65: 130 | K65: 1850 | L65: 77 | M65: =SUM(J65:L65) -> 2057
A66: TOMPKINS | B66: =SUM('Report 2a'!B67,'Report 2a'!J67,'Report 2a'!S67,'Report 2b'!B67,'Report 2b'!J67) -> 292 | C66: =SUM('Report 2a'!C67,'Report 2a'!K67,'Report 2a'!T67,'Report 2b'!C67,'Report 2b'!K67) -> 8353 | D66: =SUM('Report 2a'!D67,'Report 2a'!L67,'Report 2a'!U67,'Report 2b'!D67,'Report 2b'!L67) -> 2303 | E66: =SUM('Report 2a'!E67,'Report 2a'!M67,'Report 2a'!V67,'Report 2b'!E67,'Report 2b'!M67) -> 175 | F66: =SUM('Report 2a'!F67,'Report 2a'!N67,'Report 2a'!W67,'Report 2b'!F67,'Report 2b'!N67) -> 0 | G66: =SUM('Report 2a'!G67,'Report 2a'!O67,'Report 2a'!X67,'Report 2b'!G67,'Report 2b'!O67) -> 0 | H66: =SUM('Report 2a'!H67,'Report 2a'!P67,'Report 2a'!Y67,'Report 2b'!H67,'Report 2b'!P67) -> 131 | I66: =SUM(B66:H66) -> 11254 | J66: 1757 | K66: 0 | L66: 50 | M66: =SUM(J66:L66) -> 1807
A67: ULSTER | B67: =SUM('Report 2a'!B68,'Report 2a'!J68,'Report 2a'!S68,'Report 2b'!B68,'Report 2b'!J68) -> 522 | C67: =SUM('Report 2a'!C68,'Report 2a'!K68,'Report 2a'!T68,'Report 2b'!C68,'Report 2b'!K68) -> 22270 | D67: =SUM('Report 2a'!D68,'Report 2a'!L68,'Report 2a'!U68,'Report 2b'!D68,'Report 2b'!L68) -> 7308 | E67: =SUM('Report 2a'!E68,'Report 2a'!M68,'Report 2a'!V68,'Report 2b'!E68,'Report 2b'!M68) -> 377 | F67: =SUM('Report 2a'!F68,'Report 2a'!N68,'Report 2a'!W68,'Report 2b'!F68,'Report 2b'!N68) -> 88 | G67: =SUM('Report 2a'!G68,'Report 2a'!O68,'Report 2a'!X68,'Report 2b'!G68,'Report 2b'!O68) -> 0 | H67: =SUM('Report 2a'!H68,'Report 2a'!P68,'Report 2a'!Y68,'Report 2b'!H68,'Report 2b'!P68) -> 106 | I67: =SUM(B67:H67) -> 30671 | J67: 928 | K67: 2925 | L67: 74 | M67: =SUM(J67:L67) -> 3927
A68: WARREN | B68: =SUM('Report 2a'!B69,'Report 2a'!J69,'Report 2a'!S69,'Report 2b'!B69,'Report 2b'!J69) -> 149 | C68: =SUM('Report 2a'!C69,'Report 2a'!K69,'Report 2a'!T69,'Report 2b'!C69,'Report 2b'!K69) -> 5624 | D68: =SUM('Report 2a'!D69,'Report 2a'!L69,'Report 2a'!U69,'Report 2b'!D69,'Report 2b'!L69) -> 1563 | E68: =SUM('Report 2a'!E69,'Report 2a'!M69,'Report 2a'!V69,'Report 2b'!E69,'Report 2b'!M69) -> 144 | F68: =SUM('Report 2a'!F69,'Report 2a'!N69,'Report 2a'!W69,'Report 2b'!F69,'Report 2b'!N69) -> 0 | G68: =SUM('Report 2a'!G69,'Report 2a'!O69,'Report 2a'!X69,'Report 2b'!G69,'Report 2b'!O69) -> 599 | H68: =SUM('Report 2a'!H69,'Report 2a'!P69,'Report 2a'!Y69,'Report 2b'!H69,'Report 2b'!P69) -> 0 | I68: =SUM(B68:H68) -> 8079 | J68: 272 | K68: 855 | L68: 12 | M68: =SUM(J68:L68) -> 1139
A69: WASHINGTON | B69: =SUM('Report 2a'!B70,'Report 2a'!J70,'Report 2a'!S70,'Report 2b'!B70,'Report 2b'!J70) -> 160 | C69: =SUM('Report 2a'!C70,'Report 2a'!K70,'Report 2a'!T70,'Report 2b'!C70,'Report 2b'!K70) -> 5862 | D69: =SUM('Report 2a'!D70,'Report 2a'!L70,'Report 2a'!U70,'Report 2b'!D70,'Report 2b'!L70) -> 481 | E69: =SUM('Report 2a'!E70,'Report 2a'!M70,'Report 2a'!V70,'Report 2b'!E70,'Report 2b'!M70) -> 41 | F69: =SUM('Report 2a'!F70,'Report 2a'!N70,'Report 2a'!W70,'Report 2b'!F70,'Report 2b'!N70) -> 76 | G69: =SUM('Report 2a'!G70,'Report 2a'!O70,'Report 2a'!X70,'Report 2b'!G70,'Report 2b'!O70) -> 973 | H69: =SUM('Report 2a'!H70,'Report 2a'!P70,'Report 2a'!Y70,'Report 2b'!H70,'Report 2b'!P70) -> 76 | I69: =SUM(B69:H69) -> 7669 | J69: 465 | K69: 960 | L69: 93 | M69: =SUM(J69:L69) -> 1518
A70: WAYNE | B70: =SUM('Report 2a'!B71,'Report 2a'!J71,'Report 2a'!S71,'Report 2b'!B71,'Report 2b'!J71) -> 389 | C70: =SUM('Report 2a'!C71,'Report 2a'!K71,'Report 2a'!T71,'Report 2b'!C71,'Report 2b'!K71) -> 9591 | D70: =SUM('Report 2a'!D71,'Report 2a'!L71,'Report 2a'!U71,'Report 2b'!D71,'Report 2b'!L71) -> 21475 | E70: =SUM('Report 2a'!E71,'Report 2a'!M71,'Report 2a'!V71,'Report 2b'!E71,'Report 2b'!M71) -> 231 | F70: =SUM('Report 2a'!F71,'Report 2a'!N71,'Report 2a'!W71,'Report 2b'!F71,'Report 2b'!N71) -> 40 | G70: =SUM('Report 2a'!G71,'Report 2a'!O71,'Report 2a'!X71,'Report 2b'!G71,'Report 2b'!O71) -> 0 | H70: =SUM('Report 2a'!H71,'Report 2a'!P71,'Report 2a'!Y71,'Report 2b'!H71,'Report 2b'!P71) -> 436 | I70: =SUM(B70:H70) -> 32162 | J70: 390 | K70: 100 | L70: 1628 | M70: =SUM(J70:L70) -> 2118
A71: WESTCHESTER | B71: =SUM('Report 2a'!B72,'Report 2a'!J72,'Report 2a'!S72,'Report 2b'!B72,'Report 2b'!J72) -> 8504 | C71: =SUM('Report 2a'!C72,'Report 2a'!K72,'Report 2a'!T72,'Report 2b'!C72,'Report 2b'!K72) -> 68487 | D71: =SUM('Report 2a'!D72,'Report 2a'!L72,'Report 2a'!U72,'Report 2b'!D72,'Report 2b'!L72) -> 45411 | E71: =SUM('Report 2a'!E72,'Report 2a'!M72,'Report 2a'!V72,'Report 2b'!E72,'Report 2b'!M72) -> 3560 | F71: =SUM('Report 2a'!F72,'Report 2a'!N72,'Report 2a'!W72,'Report 2b'!F72,'Report 2b'!N72) -> 703 | G71: =SUM('Report 2a'!G72,'Report 2a'!O72,'Report 2a'!X72,'Report 2b'!G72,'Report 2b'!O72) -> 8334 | H71: =SUM('Report 2a'!H72,'Report 2a'!P72,'Report 2a'!Y72,'Report 2b'!H72,'Report 2b'!P72) -> 145 | I71: =SUM(B71:H71) -> 135144 | J71: 9200 | K71: 375 | L71: DNT | M71: =SUM(J71:L71) -> 9575
A72: WYOMING | B72: =SUM('Report 2a'!B73,'Report 2a'!J73,'Report 2a'!S73,'Report 2b'!B73,'Report 2b'!J73) -> 239 | C72: =SUM('Report 2a'!C73,'Report 2a'!K73,'Report 2a'!T73,'Report 2b'!C73,'Report 2b'!K73) -> 664 | D72: =SUM('Report 2a'!D73,'Report 2a'!L73,'Report 2a'!U73,'Report 2b'!D73,'Report 2b'!L73) -> 109 | E72: =SUM('Report 2a'!E73,'Report 2a'!M73,'Report 2a'!V73,'Report 2b'!E73,'Report 2b'!M73) -> 0 | F72: =SUM('Report 2a'!F73,'Report 2a'!N73,'Report 2a'!W73,'Report 2b'!F73,'Report 2b'!N73) -> 0 | G72: =SUM('Report 2a'!G73,'Report 2a'!O73,'Report 2a'!X73,'Report 2b'!G73,'Report 2b'!O73) -> 634 | H72: =SUM('Report 2a'!H73,'Report 2a'!P73,'Report 2a'!Y73,'Report 2b'!H73,'Report 2b'!P73) -> 0 | I72: =SUM(B72:H72) -> 1646 | J72: DNT | K72: DNT | L72: DNT | M72: =SUM(J72:L72) -> 0
A73: YATES | B73: =SUM('Report 2a'!B74,'Report 2a'!J74,'Report 2a'!S74,'Report 2b'!B74,'Report 2b'!J74) -> 28 | C73: =SUM('Report 2a'!C74,'Report 2a'!K74,'Report 2a'!T74,'Report 2b'!C74,'Report 2b'!K74) -> 1474 | D73: =SUM('Report 2a'!D74,'Report 2a'!L74,'Report 2a'!U74,'Report 2b'!D74,'Report 2b'!L74) -> 193 | E73: =SUM('Report 2a'!E74,'Report 2a'!M74,'Report 2a'!V74,'Report 2b'!E74,'Report 2b'!M74) -> 59 | F73: =SUM('Report 2a'!F74,'Report 2a'!N74,'Report 2a'!W74,'Report 2b'!F74,'Report 2b'!N74) -> 0 | G73: =SUM('Report 2a'!G74,'Report 2a'!O74,'Report 2a'!X74,'Report 2b'!G74,'Report 2b'!O74) -> 0 | H73: =SUM('Report 2a'!H74,'Report 2a'!P74,'Report 2a'!Y74,'Report 2b'!H74,'Report 2b'!P74) -> 11 | I73: =SUM(B73:H73) -> 1765 | J73: 165 | K73: 0 | L73: 186 | M73: =SUM(J73:L73) -> 351
A74: TOTALS | B74: =SUM(B17:B73) -> 102276 | C74: =SUM(C17:C73) -> 847241 | D74: =SUM(D17:D73) -> 819721 | E74: =SUM(E17:E73) -> 90581 | F74: =SUM(F17:F73) -> 22106 | G74: =SUM(G17:G73) -> 148292 | H74: =SUM(H17:H73) -> 20188 | I74: =SUM(I17:I73) -> 2050405 | ... M74: =SUM(M17:M73) -> 147053
A75: BRONX | B75: =SUM('Report 2a'!B76,'Report 2a'!J76,'Report 2a'!S76,'Report 2b'!B76,'Report 2b'!J76) -> 727 | C75: =SUM('Report 2a'!C76,'Report 2a'!K76,'Report 2a'!T76,'Report 2b'!C76,'Report 2b'!K76) -> 49177 | D75: =SUM('Report 2a'!D76,'Report 2a'!L76,'Report 2a'!U76,'Report 2b'!D76,'Report 2b'!L76) -> 14230 | E75: =SUM('Report 2a'!E76,'Report 2a'!M76,'Report 2a'!V76,'Report 2b'!E76,'Report 2b'!M76) -> 306 | F75: =SUM('Report 2a'!F76,'Report 2a'!N76,'Report 2a'!W76,'Report 2b'!F76,'Report 2b'!N76) -> 0 | G75: =SUM('Report 2a'!G76,'Report 2a'!O76,'Report 2a'!X76,'Report 2b'!G76,'Report 2b'!O76) -> 2195 | H75: =SUM('Report 2a'!H76,'Report 2a'!P76,'Report 2a'!Y76,'Report 2b'!H76,'Report 2b'!P76) -> 17906 | I75: =SUM(B75:H75) -> 84541 | J75: DNT | K75: DNT | L75: DNT | M75: =SUM(J75:L75) -> 0
A76: KINGS | B76: =SUM('Report 2a'!B77,'Report 2a'!J77,'Report 2a'!S77,'Report 2b'!B77,'Report 2b'!J77) -> 912 | C76: =SUM('Report 2a'!C77,'Report 2a'!K77,'Report 2a'!T77,'Report 2b'!C77,'Report 2b'!K77) -> 110439 | D76: =SUM('Report 2a'!D77,'Report 2a'!L77,'Report 2a'!U77,'Report 2b'!D77,'Report 2b'!L77) -> 38396 | E76: =SUM('Report 2a'!E77,'Report 2a'!M77,'Report 2a'!V77,'Report 2b'!E77,'Report 2b'!M77) -> 929 | F76: =SUM('Report 2a'!F77,'Report 2a'!N77,'Report 2a'!W77,'Report 2b'!F77,'Report 2b'!N77) -> 0 | G76: =SUM('Report 2a'!G77,'Report 2a'!O77,'Report 2a'!X77,'Report 2b'!G77,'Report 2b'!O77) -> 3180 | H76: =SUM('Report 2a'!H77,'Report 2a'!P77,'Report 2a'!Y77,'Report 2b'!H77,'Report 2b'!P77) -> 77356 | I76: =SUM(B76:H76) -> 231212 | J76: DNT | K76: DNT | L76: DNT | M76: =SUM(J76:L76) -> 0
A77: NEW YORK | B77: =SUM('Report 2a'!B78,'Report 2a'!J78,'Report 2a'!S78,'Report 2b'!B78,'Report 2b'!J78) -> 895 | C77: =SUM('Report 2a'!C78,'Report 2a'!K78,'Report 2a'!T78,'Report 2b'!C78,'Report 2b'!K78) -> 93055 | D77: =SUM('Report 2a'!D78,'Report 2a'!L78,'Report 2a'!U78,'Report 2b'!D78,'Report 2b'!L78) -> 21004 | E77: =SUM('Report 2a'!E78,'Report 2a'!M78,'Report 2a'!V78,'Report 2b'!E78,'Report 2b'!M78) -> 439 | F77: =SUM('Report 2a'!F78,'Report 2a'!N78,'Report 2a'!W78,'Report 2b'!F78,'Report 2b'!N78) -> 0 | G77: =SUM('Report 2a'!G78,'Report 2a'!O78,'Report 2a'!X78,'Report 2b'!G78,'Report 2b'!O78) -> 1565 | H77: =SUM('Report 2a'!H78,'Report 2a'!P78,'Report 2a'!Y78,'Report 2b'!H78,'Report 2b'!P78) -> 52937 | I77: =SUM(B77:H77) -> 169895 | J77: DNT | K77: DNT | L77: DNT | M77: =SUM(J77:L77) -> 0
A78: QUEENS | B78: =SUM('Report 2a'!B79,'Report 2a'!J79,'Report 2a'!S79,'Report 2b'!B79,'Report 2b'!J79) -> 164 | C78: =SUM('Report 2a'!C79,'Report 2a'!K79,'Report 2a'!T79,'Report 2b'!C79,'Report 2b'!K79) -> 86663 | D78: =SUM('Report 2a'!D79,'Report 2a'!L79,'Report 2a'!U79,'Report 2b'!D79,'Report 2b'!L79) -> 30945 | E78: =SUM('Report 2a'!E79,'Report 2a'!M79,'Report 2a'!V79,'Report 2b'!E79,'Report 2b'!M79) -> 332 | F78: =SUM('Report 2a'!F79,'Report 2a'!N79,'Report 2a'!W79,'Report 2b'!F79,'Report 2b'!N79) -> 0 | G78: =SUM('Report 2a'!G79,'Report 2a'!O79,'Report 2a'!X79,'Report 2b'!G79,'Report 2b'!O79) -> 3868 | H78: =SUM('Report 2a'!H79,'Report 2a'!P79,'Report 2a'!Y79,'Report 2b'!H79,'Report 2b'!P79) -> 37997 | I78: =SUM(B78:H78) -> 159969 | J78: DNT | K78: DNT | L78: DNT | M78: =SUM(J78:L78) -> 0
A79: RICHMOND | B79: =SUM('Report 2a'!B80,'Report 2a'!J80,'Report 2a'!S80,'Report 2b'!B80,'Report 2b'!J80) -> 34 | C79: =SUM('Report 2a'!C80,'Report 2a'!K80,'Report 2a'!T80,'Report 2b'!C80,'Report 2b'!K80) -> 23688 | D79: =SUM('Report 2a'!D80,'Report 2a'!L80,'Report 2a'!U80,'Report 2b'!D80,'Report 2b'!L80) -> 5059 | E79: =SUM('Report 2a'!E80,'Report 2a'!M80,'Report 2a'!V80,'Report 2b'!E80,'Report 2b'!M80) -> 74 | F79: =SUM('Report 2a'!F80,'Report 2a'!N80,'Report 2a'!W80,'Report 2b'!F80,'Report 2b'!N80) -> 0 | G79: =SUM('Report 2a'!G80,'Report 2a'!O80,'Report 2a'!X80,'Report 2b'!G80,'Report 2b'!O80) -> 705 | H79: =SUM('Report 2a'!H80,'Report 2a'!P80,'Report 2a'!Y80,'Report 2b'!H80,'Report 2b'!P80) -> 3707 | I79: =SUM(B79:H79) -> 33267 | J79: DNT | K79: DNT | L79: DNT | M79: =SUM(J79:L79) -> 0
A80: NYC TOTAL | B80: =SUM(B75:B79) -> 2732 | C80: =SUM(C75:C79) -> 363022 | D80: =SUM(D75:D79) -> 109634 | E80: =SUM(E75:E79) -> 2080 | F80: =SUM(F75:F79) -> 0 | H80: =SUM(H75:H79) -> 189903 | I80: =SUM(I75:I79) -> 678884 | J80: =SUM(J75:J79) -> 0 | K80: =SUM(K75:K79) -> 0 | L80: =SUM(L75:L79) -> 0 | M80: =SUM(M75:M79) -> 0
A81: GRAND TOTAL | B81: =SUM(B74+B80) -> 105008 | C81: =SUM(C74+C80) -> 1210263 | D81: =SUM(D74+D80) -> 929355 | E81: =SUM(E74+E80) -> 92661 | F81: =SUM(F74+F80) -> 22106 | H81: =SUM(H74+H80) -> 210091 | I81: =SUM(I74+I80) -> 2729289 | J81: =SUM(J74+J80) -> 61066 | K81: =SUM(K74+K80) -> 64608 | L81: =SUM(L74+L80) -> 21379 | M81: =SUM(M74+M80) -> 147053

Sheet Report 2d
A1: 2025 Annual Statistical Information Survey
A3: CONFIRMATION NOTICES
A4: Please do not leave any cell blank. If cells are blank the State Board will need to reach out to obtain an answer.
A5: Key
A6: Value is zero | B6: 0
A7: Does not apply | B7: N/A
A8: Does not track | B8: DNT
B10: Question #45 | C10: Question #46 | D10: Question #47 | E10: Question #48 | F10: Question #49 | G10: Question #50 | I10: Question #51 | J10: Question #52 | K10: Question #53
A11: COUNTY | B11: Confirmation Notices | I11: Reasons to Send
B12: Number of Confirmation Notices Sent Out | C12: Confirmation Notices received back with no address change | D12: Confirmation Notices received back confirming registration should be cancelled due to being outside of NYS | E12: Confirmation Notices received back marked as undeliverable | F12: Confirmation Notices received back confirming registration and updated address within NYS | G12: Confirmation Notices for which you have received no response or info | H12: Total of Confirmation Notices Sent Out (Internal Check) | I12: Confirmation Notice Sent due to mail returned as undeliverable | J12: Confirmation Notice sent due to voter moving from jurisdiction they were registered | K12: Confirmation Notices from prior year received back after prior year general election
A13: ALBANY | B13: 3805 | C13: 11 | D13: 13 | E13: 1500 | F13: 10 | H13: =SUM(C13:G13) -> 1534 | I13: 0 | J13: 0 | K13: 0
A14: ALLEGANY | B14: 457 | C14: 14 | D14: 25 | E14: 108 | F14: 2 | G14: 308 | H14: =SUM(C14:G14) -> 457 | I14: 17 | J14: 0 | K14: DNT
A15: BROOME | B15: 2813 | C15: 21 | D15: 81 | E15: 213 | F15: 19 | G15: 2479 | H15: =SUM(C15:G15) -> 2813 | I15: 791 | J15: 2022 | K15: 0
A16: CATTARAUGUS | B16: 1044 | C16: 205 | D16: 9 | E16: 333 | F16: 4 | G16: 493 | H16: =SUM(C16:G16) -> 1044 | I16: 539 | J16: 505 | K16: 0
A17: CAYUGA | B17: 1566 | C17: 35 | D17: 135 | E17: 25 | F17: 135 | G17: 25 | H17: =SUM(C17:G17) -> 355 | I17: 40 | J17: 35 | K17: 0
A18: CHAUTAUQUA | B18: 2168 | C18: 2 | D18: 31 | E18: DNT | F18: 30 | G18: 2058 | H18: =SUM(C18:G18) -> 2121 | I18: DNT | J18: DNT | K18: DNT
A19: CHEMUNG | B19: 1255 | C19: 26 | D19: 18 | E19: 313 | F19: 65 | G19: 833 | H19: =SUM(C19:G19) -> 1255 | I19: 1336 | J19: 276 | K19: 0
A20: CHENANGO | B20: 632 | C20: 0 | D20: 0 | E20: 632 | F20: 0 | G20: 0 | H20: =SUM(C20:G20) -> 632 | I20: 632 | J20: 0 | K20: 0
A21: CLINTON | B21: 845 | C21: 141 | D21: 17 | E21: 571 | F21: 116 | G21: 0 | H21: =SUM(C21:G21) -> 845 | I21: 84 | J21: 761 | K21: DNT
A22: COLUMBIA | B22: 1421 | C22: DNT | D22: DNT | E22: DNT | F22: DNT | G22: DNT | H22: =SUM(C22:G22) -> 0 | I22: 522 | J22: 876 | K22: DNT
A23: CORTLAND | B23: 1463 | C23: 7 | D23: 14 | E23: 213 | F23: 11 | G23: 1218 | H23: =SUM(C23:G23) -> 1463 | I23: 614 | J23: 849 | K23: 0
A24: DELAWARE | B24: 507 | C24: 0 | D24: 0 | E24: 0 | F24: 128 | G24: 379 | H24: =SUM(C24:G24) -> 507 | I24: 152 | J24: 0 | K24: 0
A25: DUTCHESS | B25: 9333 | C25: 2627 | D25: 37 | E25: 3000 | F25: 82 | G25: 3587 | H25: =SUM(C25:G25) -> 9333 | I25: 4387 | J25: 3699 | K25: DNT
A26: ERIE | B26: 31325 | C26: 4762 | D26: 4711 | E26: 13480 | F26: 4648 | G26: 3724 | H26: =SUM(C26:G26) -> 31325 | I26: DNT | J26: DNT | K26: DNT
A27: ESSEX | B27: 514 | C27: 10 | D27: 25 | E27: 360 | F27: 4 | G27: 115 | H27: =SUM(C27:G27) -> 514 | I27: 327 | J27: 183 | K27: 2
A28: FRANKLIN | B28: 858 | C28: DNT | D28: DNT | E28: 266 | F28: DNT | G28: 592 | H28: =SUM(C28:G28) -> 858 | I28: DNT | J28: DNT | K28: DNT
A29: FULTON | B29: 725 | C29: 97 | D29: 31 | E29: 342 | F29: 66 | G29: 189 | H29: =SUM(C29:G29) -> 725 | I29: 387 | J29: 4 | K29: 0
A30: GENESEE | B30: 469 | C30: 8 | D30: 10 | E30: 61 | F30: 30 | G30: 360 | H30: =SUM(C30:G30) -> 469 | I30: 148 | J30: DNT | K30: DNT
A31: GREENE | B31: 900 | C31: 5 | D31: 8 | E31: 102 | F31: 14 | G31: 771 | H31: =SUM(C31:G31) -> 900 | I31: 799 | J31: 123 | K31: 22
A32: HAMILTON | B32: 125 | C32: 0 | D32: 97 | E32: 15 | F32: 1 | G32: 0 | H32: =SUM(C32:G32) -> 113 | I32: 0 | J32: 4 | K32: 0
A33: HERKIMER | B33: 556 | C33: 5 | D33: 2 | E33: 4 | F33: 12 | G33: DNT | H33: =SUM(C33:G33) -> 23 | I33: 330 | J33: 226 | K33: DNT
A34: JEFFERSON | B34: 2303 | C34: 0 | D34: 46 | E34: 763 | F34: 84 | G34: 1410 | H34: =SUM(C34:G34) -> 2303 | I34: 1540 | J34: 763 | K34: 0
A35: LEWIS | B35: 441 | C35: 0 | D35: 0 | E35: 5 | F35: 0 | G35: 436 | H35: =SUM(C35:G35) -> 441 | I35: 441 | J35: 0 | K35: 0
A36: LIVINGSTON | B36: 1165 | C36: dnt | D36: dnt | E36: dnt | F36: dnt | G36: dnt | H36: =SUM(C36:G36) -> 0 | I36: dnt | J36: dnt | K36: dnt
A37: MADISON | B37: 623 | C37: DNT | D37: DNT | E37: DNT | F37: DNT | G37: DNT | H37: =SUM(C37:G37) -> 0 | I37: DNT | J37: DNT | K37: 2
A38: MONROE | B38: 13026 | C38: 2 | D38: 762 | E38: 2951 | F38: DNT | G38: 9006 | H38: =SUM(C38:G38) -> 12721 | I38: 2951 | J38: 762 | K38: DNT
A39: MONTGOMERY | B39: 1280 | C39: 10 | D39: 9 | E39: 317 | F39: 3 | G39: 941 | H39: =SUM(C39:G39) -> 1280 | I39: DNT | J39: DNT | K39: DNT
A40: NASSAU | B40: 22840 | C40: DNT | D40: DNT | E40: DNT | F40: DNT | G40: DNT | H40: =SUM(C40:G40) -> 0 | I40: DNT | J40: DNT | K40: DNT
A41: NIAGARA | B41: 4577 | C41: 6 | D41: 95 | E41: 1565 | F41: 90 | G41: 2821 | H41: =SUM(C41:G41) -> 4577 | I41: 93 | J41: 728 | K41: 0
A42: ONEIDA | B42: 4551 | C42: 32 | D42: 72 | E42: 621 | F42: 12 | G42: 3814 | H42: =SUM(C42:G42) -> 4551 | I42: 201 | J42: 0 | K42: N/A
A43: ONONDAGA | B43: 16945 | C43: DNT | D43: DNT | E43: 2018 | F43: DNT | G43: DNT | H43: =SUM(C43:G43) -> 2018 | I43: 1279 | J43: DNT | K43: 219
A44: ONTARIO | B44: 1068 | C44: DNT | D44: 1 | E44: 25 | F44: 0 | G44: 1042 | H44: =SUM(C44:G44) -> 1068 | I44: 237 | J44: 820 | K44: DNT
A45: ORANGE | B45: 8415 | C45: 1 | D45: 23 | E45: 17 | F45: 7 | G45: 8367 | H45: =SUM(C45:G45) -> 8415 | I45: 4492 | J45: 3892 | K45: 23
A46: ORLEANS | B46: 313 | C46: 0 | D46: 7 | E46: 6 | F46: 0 | G46: 300 | H46: =SUM(C46:G46) -> 313 | I46: 46 | J46: 0 | K46: 0
A47: OSWEGO | B47: 3367 | C47: 4 | D47: 7 | E47: 1306 | F47: 24 | G47: 2026 | H47: =SUM(C47:G47) -> 3367 | I47: DNT | J47: DNT | K47: DNT
A48: OTSEGO | B48: 3169 | C48: 0 | D48: 253 | E48: 383 | F48: 245 | G48: 2288 | H48: =SUM(C48:G48) -> 3169 | I48: 24 | J48: 28 | K48: DNT
A49: PUTNAM | B49: 1738 | C49: 70 | D49: 61 | E49: 327 | F49: 11 | G49: 1269 | H49: =SUM(C49:G49) -> 1738 | I49: 218 | J49: dnt | K49: dnt
A50: RENSSELAER | B50: 2120 | C50: DNT | D50: DNT | E50: DNT | F50: DNT | G50: DNT | H50: =SUM(C50:G50) -> 0 | I50: DNT | J50: DNT | K50: DNT
A51: ROCKLAND | B51: 4235 | C51: 0 | D51: 1552 | E51: DNT | F51: 1 | G51: 2682 | H51: =SUM(C51:G51) -> 4235 | I51: DNT | J51: 94 | K51: 0
A52: SARATOGA | B52: 15183 | C52: DNT | D52: 6204 | E52: DNT | F52: 8979 | G52: DNT | H52: =SUM(C52:G52) -> 15183 | I52: 4221 | J52: 6753 | K52: DNT
A53: SCHENECTADY | B53: 2447 | C53: DNT | D53: DNT | E53: DNT | F53: DNT | G53: DNT | H53: =SUM(C53:G53) -> 0 | I53: DNT | J53: DNT | K53: DNT
A54: SCHOHARIE | B54: 361 | C54: DNT | D54: 12 | E54: 16 | F54: DNT | G54: 333 | H54: =SUM(C54:G54) -> 361 | I54: 93 | J54: 69 | K54: DNT
A55: SCHUYLER | B55: 423 | C55: 0 | D55: 5 | E55: 58 | F55: 2 | G55: 0 | H55: =SUM(C55:G55) -> 65 | I55: 6 | J55: 0 | K55: 4
A56: SENECA | B56: 522 | C56: 46 | D56: 38 | E56: 133 | F56: 26 | G56: 279 | H56: =SUM(C56:G56) -> 522 | I56: 87 | J56: 611 | K56: 0
A57: ST. LAWRENCE | B57: DNT | C57: DNT | D57: 20 | E57: DNT | F57: DNT | G57: DNT | H57: =SUM(C57:G57) -> 20 | I57: DNT | J57: DNT | K57: DNT
A58: STEUBEN | B58: 2446 | C58: 25 | D58: 75 | E58: 371 | F58: 13 | G58: 1962 | H58: =SUM(C58:G58) -> 2446 | I58: 917 | J58: 1529 | K58: DNT new reg system
A59: SUFFOLK | B59: 32280 | C59: 47 | D59: 392 | E59: 753 | F59: 5891 | G59: 11268 | H59: =SUM(C59:G59) -> 18351 | I59: 3189 | J59: 26607 | K59: 170
A60: SULLIVAN | B60: 1126 | C60: 48 | D60: 0 | E60: 500 | F60: 250 | G60: 328 | H60: =SUM(C60:G60) -> 1126 | I60: 500 | J60: 0 | K60: 0
A61: TIOGA | B61: 863 | C61: DNT | D61: DNT | E61: DNT | F61: DNT | G61: DNT | H61: =SUM(C61:G61) -> 0 | I61: 335 | J61: 227 | K61: DNT
A62: TOMPKINS | B62: 4771 | C62: DNT | D62: 2 | E62: DNT | F62: 0 | G62: DNT | H62: =SUM(C62:G62) -> 2 | I62: 125 | J62: DNT | K62: DNT
A63: ULSTER | B63: 2193 | C63: 5 | D63: 251 | E63: 0 | F63: 8 | G63: 1929 | H63: =SUM(C63:G63) -> 2193 | I63: 2 | J63: 364 | K63: 0
A64: WARREN | B64: 957 | C64: 2 | D64: 26 | E64: 375 | F64: 2 | G64: 552 | H64: =SUM(C64:G64) -> 957 | I64: 669 | J64: 288 | K64: DNT
A65: WASHINGTON | B65: 955 | C65: 4 | D65: 20 | E65: 602 | F65: 8 | G65: 321 | H65: =SUM(C65:G65) -> 955 | I65: 683 | J65: 270 | K65: 2
A66: WAYNE | B66: 2343 | C66: DNT in Mail Dup | D66: DNT in Mail Cancels | E66: DNT SPELLING :-) confirmation sent due to inactive status (cannot otherwise confirm) | F66: DNT in Mail-Inactive FWD or by now-Purged if NYS DUP | G66: DNT | H66: =SUM(C66:G66) -> 0 | I66: DNT individually | J66: DNT individually | K66: 2
A67: WESTCHESTER | B67: 7308 | C67: 66 | D67: 477 | E67: 1510 | F67: 0 | G67: 5255 | H67: =SUM(C67:G67) -> 7308 | I67: 3065 | J67: 4243 | K67: 4
A68: WYOMING | B68: 2049 | C68: 0 | D68: 1975 | E68: 0 | F68: 74 | G68: 0 | H68: =SUM(C68:G68) -> 2049 | I68: 0 | J68: 0 | K68: 0
A69: YATES | B69: 329 | C69: 0 | D69: 0 | E69: 57 | F69: 5 | G69: 267 | H69: =SUM(C69:G69) -> 329 | I69: 329 | J69: 0 | K69: 0
A70: TOTALS | B70: =SUM(B13:B69) -> 231513 | C70: =SUM(C13:C69) -> 8344 | D70: =SUM(D13:D69) -> 17649 | E70: =SUM(E13:E69) -> 36217 | F70: =SUM(F13:F69) -> 21112 | G70: =SUM(G13:G69) -> 76027 | H70: =SUM(H13:H69) -> 159349 | I70: =SUM(I13:I69) -> 36848 | ... K70: =SUM(K13:K69) -> 450
A71: BRONX | B71: 4459 | C71: 310 | D71: 438 | E71: DNT | F71: DNT | G71: 3711 | H71: =SUM(C71:G71) -> 4459 | I71: 110 | J71: 4349 | K71: DNT
A72: KINGS | B72: 11182 | C72: 631 | D72: 1541 | E72: DNT | F72: DNT | G72: 9010 | H72: =SUM(C72:G72) -> 11182 | I72: 186 | J72: 10996 | K72: DNT
A73: NEW YORK | B73: 11617 | C73: 837 | D73: 1982 | E73: DNT | F73: DNT | G73: 8798 | H73: =SUM(C73:G73) -> 11617 | I73: 550 | J73: 11067 | K73: DNT
A74: QUEENS | B74: 9314 | C74: 292 | D74: 1023 | E74: DNT | F74: DNT | G74: 7999 | H74: =SUM(C74:G74) -> 9314 | I74: 4 | J74: 9310 | K74: DNT
A75: RICHMOND | B75: 2887 | C75: 82 | D75: 407 | E75: DNT | F75: DNT | G75: 2398 | H75: =SUM(C75:G75) -> 2887 | I75: 470 | J75: 2417 | K75: DNT
A76: NYC TOTAL | B76: =SUM(B71:B75) -> 39459 | C76: =SUM(C71:C75) -> 2152 | D76: =SUM(D71:D75) -> 5391 | E76: =SUM(E71:E75) -> 0 | F76: =SUM(F71:F75) -> 0 | G76: =SUM(G71:G75) -> 31916 | H76: =SUM(H71:H75) -> 39459 | I76: =SUM(I71:I75) -> 1320 | ... K76: =SUM(K71:K75) -> 0
A77: GRAND TOTAL | B77: =SUM(B70+B76) -> 270972 | C77: =SUM(C70+C76) -> 10496 | D77: =SUM(D70+D76) -> 23040 | E77: =SUM(E70+E76) -> 36217 | F77: =SUM(F70+F76) -> 21112 | G77: =SUM(G70+G76) -> 107943 | H77: =SUM(H70+H76) -> 198808 | I77: =SUM(I70+I76) -> 38168 | ... K77: =SUM(K70+K76) -> 450

Sheet Report 3
A1: 2025 Cancellation Summary
A3: ***Some totals will automatically calculate.
A4: Please do not leave any cell blank. If cells are blank the State Board will need to reach out to obtain an answer.
A5: Key
A6: Value is zero | B6: 0
A7: Does not apply | B7: N/A
A8: Does not track | B8: DNT
B10: Question #1 | C10: Question #1a | D10: Question #1b | E10: Question #1c | F10: Question #1d | G10: Question #1e | H10: Question #1f | I10: Question #1g | J10: Question #1h | L10: Question #2 | M10: Question #3 | N10: Question #4
A11: COUNTY | B11: TOTAL CANCELLED | C11: Deceased | D11: Personal/Voter Request and/or Voter Returned Confirmation Notice to Cancel | E11: Incarcerated Felony Conviction | F11: Judged Mentally Incompetent | G11: MOVED OUT OF COUNTY (total of Questions 2 & 3) | H11: Inactive Voter Purged after 2 Federal General Elections | I11: Duplicate Registration Record | J11: Other (Numerical Number ONLY) | K11: Reasons for Other | L11: Cancellation Notices
L12: Number of Cancellations Sent to other States | M12: Number of Cancellations sent to other Counties | N12: Number of Registrations Records Merged with Another Record
A13: ALBANY | B13: =SUM(C13:J13) -> 9664 | C13: 2451 | D13: 22 | E13: 73 | F13: 7 | G13: =SUM(L13:M13) -> 6553 | H13: 0 | I13: 439 | J13: 119 | L13: 5465 | M13: 1088 | N13: 439
A14: ALLEGANY | B14: =SUM(C14:J14) -> 2375 | C14: 374 | D14: 27 | E14: 16 | F14: 0 | G14: =SUM(L14:M14) -> 17 | H14: 533 | I14: 478 | J14: 930 | L14: 10 | M14: 7 | N14: DNT
A15: BROOME | B15: =SUM(C15:J15) -> 17316 | C15: 1828 | D15: 18 | E15: 86 | F15: 0 | G15: =SUM(L15:M15) -> 249 | H15: 14980 | I15: 155 | J15: 0 | L15: 249 | M15: 0 | N15: 151
A16: CATTARAUGUS | B16: =SUM(C16:J16) -> 3168 | C16: 770 | D16: 2 | E16: 23 | F16: 1 | G16: =SUM(L16:M16) -> 169 | H16: 2097 | I16: 46 | J16: 60 | L16: 169 | M16: N/ | N16: 3753
